 Dungeon Crawl Stone Soup version 0.28.0-45-g0d030f2227 (webtiles) character file.

Game seed: 2531690612591465888

1879999 protoss039 the Conqueror (level 27, -13/218 HPs)
             Began as a Gargoyle Earth Elementalist on May 10, 2022.
             Was the Champion of Vehumet.
             Collided with Homnitu (17 damage)
             ... caused by Hobrid the pandemonium lord
             ... on level 27 of a ziggurat on May 12, 2022.
             The game lasted 13:25:26 (172639 turns).

protoss039 the Conqueror (GrEE)                   Turns: 172639, Time: 13:25:27

Health: -13/218    AC: 79    Str:  8    XL:     27
Magic:  73/73      EV:  4    Int: 63    God:    Vehumet [******]
Gold:   20674      SH: 35    Dex:  5    Spells: 2/80 levels left

rFire   + + +      SeeInvis +   o - +5 short sword of Qushroab {vamp, rF- rN+ Int+9 SInv}
rCold   + + +      Faith    .   m - +8 tower shield {rC+ rF+}
rNeg    + + +      Spirit   .   k - +8 orange crystal plate armour {Archmagi, Int+3 Clar}
rPois   ∞          Reflect  +   h - +3 hat of Pondering {ponderous, Will+ MP+10 Int+5}
rElec   +          Harm     .   i - +2 cloak {rCorr}
rCorr   +          Rampage  .   j - +0 pair of gloves of Immorality {Int+4 Dex-4 Stlth+}
Will    +++++      Archmagi +   l - +2 pair of boots of Sunlight {Dex+3}
Stlth   +++....... Clarity  +   c - amulet of Dogeuh {Reflect Fragile Int+8 SH+5}
HPRegen 0.46/turn               a - ring of Generosity {rF+++ rC+ rN+ Will++ Str-4}
MPRegen 0.43/turn               b - ring of Pylez {Wiz rPois MP+9 Int+4 Dex-4}

@: mighty, lich-form, flying, slow
A: draining attack, torment immunity, no potions, flying, sickness immunity, AC
+20, big wings, negative energy resistance 1, electricity resistance, torment
resistance 1, petrification resistance, cold resistance 1, robust 1
}: 15/15 runes: serpentine, barnacled, slimy, silver, golden, iron, obsidian,
icy, bone, abyssal, demonic, glowing, magical, fiery, dark
a: End Transformation, Renounce Religion


You were on level 27 of a ziggurat.
You worshipped Vehumet.
Vehumet was exalted by your worship.
You were an undead lich.
You visited 18 branches of the dungeon, and saw 89 of its levels.
You visited Pandemonium 3 times, and saw 14 of its levels.
You visited the Abyss 5 times.
You visited 6 ziggurats (completing 5), and saw 162 of their levels.
You also visited: Bailey, Gauntlet and Desolation.

You collected 25911 gold pieces.
You spent 5237 gold pieces at shops.

Inventory:

Hand Weapons
 n - the +7 staff of the Meek {protect, meekguard}
   (You found it on level 17 of a ziggurat)

   It grants its wielder temporary protection when it strikes (+7 to AC).
   It provides extra protection to wielders with little health.
 o - the +5 short sword of Qushroab (weapon) {vamp, rF- rN+ Int+9 SInv}
   (You took it off a yaktaur captain on level 5 of the Vaults)

   It occasionally heals its wielder for a portion of the damage dealt when it
   wounds a living foe.
   Int:       It affects your intelligence (+9).
   rF:        It makes you vulnerable to fire.
   rN:        It protects you from negative energy.
   SInv:      It lets you see invisible.
 p - the +7 lajatang of Order {silver, rMut}
   (You found it on level 21 of a ziggurat)

   It inflicts extra damage upon those it strikes, and deals substantially
   increased damage to chaotic, mutated and magically transformed beings.
   rMut:      It protects you from mutation.
 q - the +8 mithril axe "Arga" {speed, Will+}
   (You found it on level 27 of a ziggurat)

   Attacks with this weapon are significantly faster.
   Will:      It increases your willpower.
 D - the +8 eveningstar "Sarcophage" {antimagic, Str+4}
   (You found it on level 3 of a ziggurat)

   It reduces the magical energy of the wielder, and disrupts the spells and
   magical abilities of those it strikes.
   Natural abilities and divine invocations are not affected.
   Str:       It affects your strength (+4).
 H - the +8 demon trident "Rift" {distort, reach+}
   (You found it on level 14 of a ziggurat)

   It warps and distorts space around it, and may blink, banish, or inflict
   extra damage upon those it strikes.
   Unwielding it can cause banishment or high damage.
   It can reach especially far, and its reaching attacks ignore other creatures
   in the way.
 M - the +8 demon whip of the Wizarding Traitor {protect, Will+ Int+3}
   (You found it on level 16 of a ziggurat)

   It grants its wielder temporary protection when it strikes (+7 to AC).
   Int:       It affects your intelligence (+3).
   Will:      It increases your willpower.
Missiles
 r - 90 throwing nets (quivered)
Armour
 h - the +3 hat of Pondering (worn) {ponderous, Will+ MP+10 Int+5}
   (You bought it in a shop on level 1 of the Depths)

   Int:       It affects your intelligence (+5).
   MP:        It affects your magic capacity (+10).
   Will:      It increases your willpower.
 i - a +2 cloak of preservation (worn)
 j - the +0 pair of gloves of Immorality (worn) {Int+4 Dex-4 Stlth+}
   (You found it on level 7 of the Iron City of Dis)

   Int:       It affects your intelligence (+4).
   Dex:       It affects your dexterity (-4).
   Stlth:     It makes you more stealthy.
 k - the +8 orange crystal plate armour (worn) {Archmagi, Int+3 Clar}
   (You found it on level 26 of a ziggurat)

   Int:       It affects your intelligence (+3).
   Clar:      It protects you against confusion.
 l - the +2 pair of boots of Sunlight (worn) {Dex+3}
   (You found it on level 27 of a ziggurat)

   Dex:       It affects your dexterity (+3).
 m - a +8 tower shield of resistance (worn)
 w - the +4 tower shield of Elyvilon's Inspiration {Str+3}
   (You found it on level 10 of a ziggurat)

   Str:       It affects your strength (+3).
 V - a +8 tower shield of reflection
Jewellery
 a - the ring of Generosity (left hand) {rF+++ rC+ rN+ Will++ Str-4}
   (You found it on level 3 of the Crypt)

   [ring of protection from cold]

   Str:       It affects your strength (-4).
   rF:        It renders you almost immune to fire.
   rC:        It protects you from cold.
   rN:        It protects you from negative energy.
   Will:      It greatly increases your willpower.
 b - the ring of Pylez (right hand) {Wiz rPois MP+9 Int+4 Dex-4}
   (You found it on level 10 of a ziggurat)

   [ring of wizardry]

   It improves your spell success rate.
   Int:       It affects your intelligence (+4).
   Dex:       It affects your dexterity (-4).
   rPois:     It protects you from poison.
   MP:        It affects your magic capacity (+9).
 c - the amulet of Dogeuh (around neck) {Reflect Fragile Int+8 SH+5}
   (You found it on level 7 of Gehenna)

   [amulet of reflection]

   It reflects blocked missile attacks.
   Int:       It affects your intelligence (+8).
   Fragile:   It will be destroyed if unequipped.
   SH:        It affects your SH (+5).
 d - the ring "Sojuets" {rC++ Will+ Int+4 Dex+6 Stlth-}
   (You found it on level 5 of the Vaults)

   [ring of dexterity]

   Int:       It affects your intelligence (+4).
   Dex:       It affects your dexterity (+6).
   rC:        It greatly protects you from cold.
   Will:      It increases your willpower.
   Stlth:     It makes you less stealthy.
 e - the amulet "Tosh" {RegenMP rF+ Will++}
   (You found it on level 4 of the Abyss)

   [amulet of magic regeneration]

   It increases your rate of magic regeneration.
   rF:        It protects you from fire.
   Will:      It greatly increases your willpower.
 f - the dreamshard necklace {*Dream Drain}
   (You found it on level 25 of a ziggurat)

   [amulet of nothing]

   It shatters if its wearer takes lethal or near-lethal damage, preventing the
   blow and releasing protective dreams that heal and fight for the wearer.
   Drain:     It drains your maximum health when unequipped.
 g - the amulet "Sintof" {RegenMP rPois Will- Int+8}
   (You found it on level 13 of a ziggurat)

   [amulet of magic regeneration]

   It increases your rate of magic regeneration.
   Int:       It affects your intelligence (+8).
   rPois:     It protects you from poison.
   Will:      It decreases your willpower.
 X - the amulet of Zigg {Reflect +Blink Regen+ SH+5}
   (You found it on level 15 of a ziggurat)

   [amulet of reflection]

   It reflects blocked missile attacks.
   +Blink:    It lets you blink.
   Regen:     It increases your rate of health regeneration.
   SH:        It affects your SH (+5).
 Z - the ring "Rattidwu" {rN+ Will+ Str+6 Dex+6}
   (You found it on level 23 of a ziggurat)

   [ring of dexterity]

   Str:       It affects your strength (+6).
   Dex:       It affects your dexterity (+6).
   rN:        It protects you from negative energy.
   Will:      It increases your willpower.
Wands
 s - a wand of iceblast (150)
 t - a wand of digging (22)
 u - a wand of acid (46)
Scrolls
 B - 49 scrolls of amnesia
 C - 50 scrolls of enchant armour
 E - 126 scrolls of teleportation
 F - 82 scrolls of fog
 J - 15 scrolls of immolation
 L - 7 scrolls of summoning
 P - 42 scrolls of magic mapping
 Q - 2 scrolls of torment
 R - 22 scrolls of fear
 T - 43 scrolls of blinking
Potions
 v - 2 potions of ambrosia
 x - 5 potions of invisibility
 y - 9 potions of resistance
 z - 34 potions of magic
 A - 7 potions of cancellation
 I - 20 potions of heal wounds
 K - 37 potions of curing
 N - 13 potions of might
 O - 45 potions of mutation
 S - 20 potions of haste
 Y - 9 potions of brilliance
Miscellaneous
 G - a +5 figurine of a ziggurat
 U - a condenser vane (inert)
 W - a phantom mirror (inert)


   Skills:
 O Level 27 Fighting
 O Level 27 Short Blades
 O Level 27 Long Blades
 O Level 27 Axes
 O Level 27 Maces & Flails
 + Level 26.5(27) Polearms
 O Level 27 Staves
 + Level 24.1(27) Slings
 + Level 24.6 Bows
 + Level 24.9 Crossbows
 O Level 27 Throwing
 O Level 27 Armour
 O Level 27 Dodging
 O Level 27 Stealth
 O Level 27 Shields
 O Level 27 Unarmed Combat
 O Level 27 Spellcasting
 O Level 27 Conjurations
 O Level 27 Hexes
 O Level 27 Necromancy
 O Level 27 Transmutations
 O Level 27 Fire Magic
 O Level 27 Ice Magic
 O Level 27 Air Magic
 O Level 27 Earth Magic
 O Level 27 Poison Magic
 O Level 27 Invocations
 O Level 27 Evocations


You had 2 spell levels left.
You knew the following spells:

 Your Spells              Type           Power      Damage    Failure   Level
a - Necromutation         Tmut/Necr      100%       N/A       1%          8
b - Polar Vortex          Ice            94%        N/A       1%          9
c - Death's Door          Necr           100%       N/A       6%          9
e - Fire Storm            Conj/Fire      94%        8d24      1%          9
f - Ignition              Fire           94%        3d24      1%          8
g - Shatter               Erth           94%        3d68*     1%          9
h - Ozocubu's Refrigerat  Ice            94%        4d23      1%          7
i - Borgnjor's Vile Clut  Necr/Erth      100%       N/A       0%          5
j - Iron Shot             Conj/Erth      94%        9d17      0%          6
k - Lehudib's Crystal Sp  Conj/Erth      94%        10d21     1%          8

Your spell library contained the following spells:

 Spells                   Type           Power      Damage    Failure   Level
 Maxwell's Capacitive Co  Air            94%        ∞         1%          8
 Animate Skeleton         Necr           100%       N/A       0%          1
 Beastly Appendage        Tmut           100%       N/A       0%          1
 Foxfire                  Conj/Fire      100%       2x1d9     0%          1
 Freeze                   Ice            100%       1d11      0%          1
 Magic Dart               Conj           100%       1d8       0%          1
 Pain                     Necr           100%       1d9       0%          1
 Sandblast                Erth           100%       2d20      0%          1
 Shock                    Conj/Air       100%       1d9       0%          1
 Slow                     Hex            100%       N/A       0%          1
 Sting                    Tmut/Pois      100%       1d8       0%          1
 Corpse Rot               Necr/Air       100%       N/A       0%          2
 Ensorcelled Hibernation  Hex/Ice        100%       N/A       0%          2
 Passwall                 Tmut/Erth      100%       N/A       0%          2
 Poisonous Vapours        Pois/Air       100%       N/A       0%          2
 Scorch                   Fire           100%       2d10      0%          2
 Searing Ray              Conj           100%       2d8       0%          2
 Static Discharge         Conj/Air       100%       N/A       0%          2
 Wereblood                Tmut           100%       N/A       0%          2
 Apportation              Tloc           100%       N/A       4%          1
 Summon Small Mammal      Summ           100%       N/A       4%          1
 Blink                    Tloc           100%       N/A       6%          2
 Call Imp                 Summ           91%        N/A       6%          2
 Confusing Touch          Hex            100%       N/A       0%          3
 Conjure Flame            Conj/Fire      100%       6-21      0%          3
 Dazzling Flash           Conj/Hex       100%       N/A       0%          3
 Frozen Ramparts          Ice            100%       1d12      0%          3
 Ignite Poison            Fire/Tmut/Pois 100%       N/A       0%          3
 Inner Flame              Hex/Fire       100%       N/A       0%          3
 Mephitic Cloud           Conj/Pois/Air  100%       N/A       0%          3
 Ozocubu's Armour         Ice            100%       N/A       0%          3
 Spider Form              Tmut/Pois      100%       N/A       0%          3
 Stone Arrow              Conj/Erth      100%       3d13      0%          3
 Swiftness                Air            100%       N/A       0%          3
 Tukima's Dance           Hex            100%       N/A       0%          3
 Vampiric Draining        Necr           100%       2d13      0%          3
 Airstrike                Air            94%        N/A       0%          4
 Anguish                  Hex/Necr       100%       N/A       0%          4
 Animate Dead             Necr           100%       N/A       0%          4
 Cause Fear               Hex            94%        N/A       0%          4
 Dispel Undead            Necr           100%       3d31      0%          4
 Flame Wave               Conj/Fire      100%       2d17      0%          4
 Fulminant Prism          Conj/Hex       94%        3d37      0%          4
 Hailstorm                Conj/Ice       100%       3d20      0%          4
 Ice Form                 Ice/Tmut       100%       N/A       0%          4
 Leda's Liquefaction      Hex/Erth       94%        N/A       0%          4
 Olgreb's Toxic Radiance  Pois           100%       N/A       0%          4
 Petrify                  Tmut/Erth      100%       N/A       0%          4
 Sticky Flame             Conj/Fire      100%       2d11      0%          4
 Agony                    Necr           100%       N/A       0%          5
 Alistair's Intoxication  Tmut/Pois      100%       N/A       0%          5
 Blade Hands              Tmut           94%        N/A       0%          5
 Excruciating Wounds      Necr           100%       N/A       0%          5
 Fireball                 Conj/Fire      94%        3d34      0%          5
 Freezing Cloud           Conj/Ice/Air   94%        6-21      0%          5
 Irradiate                Conj/Tmut      94%        3d45      0%          5
 Iskenderun's Battlesphe  Conj           100%       2d15      0%          5
 Lee's Rapid Deconstruct  Erth           94%        3d42*     0%          5
 Lightning Bolt           Conj/Air       94%        1d124     0%          5
 Metabolic Englaciation   Hex/Ice        94%        N/A       0%          5
 Silence                  Hex/Air        94%        N/A       0%          5
 Yara's Violent Unravell  Hex/Tmut       94%        3d34      0%          5
 Conjure Ball Lightning   Conj/Air       94%        3x3d36    0%          6
 Death Channel            Necr           100%       N/A       0%          6
 Eringya's Noxious Bog    Tmut/Pois      94%        N/A       0%          6
 Simulacrum               Ice/Necr       100%       N/A       0%          6
 Starburst                Conj/Fire      94%        6d24      0%          6
 Portal Projectile        Hex/Tloc       100%       N/A       1%          3
 Summon Guardian Golem    Hex/Summ       100%       N/A       1%          3
 Animate Armour           Summ/Erth      100%       N/A       1%          4
 Iskenderun's Mystic Bla  Conj/Tloc      100%       2d19      1%          4
 Summon Ice Beast         Ice/Summ       100%       N/A       1%          4
 Summon Lightning Spire   Summ/Air       100%       N/A       1%          4
 Summon Mana Viper        Hex/Summ       100%       N/A       1%          5
 Dragon Form              Tmut           94%        N/A       1%          7
 Enfeeble                 Hex            94%        N/A       1%          7
 Orb of Destruction       Conj           94%        9d20      1%          7
 Storm Form               Tmut/Air       94%        N/A       1%          7
 Borgnjor's Revivificati  Necr           100%       N/A       1%          8
 Discord                  Hex            94%        N/A       1%          8
 Infestation              Necr           100%       N/A       1%          8
 Chain Lightning          Conj/Air       94%        3d126     1%          9
 Spellforged Servitor     Conj/Summ      77%        N/A       3%          7
 Call Canine Familiar     Summ           91%        N/A       12%         3
 Gell's Gravitas          Tloc           91%        N/A       12%         3
 Lesser Beckoning         Tloc           91%        N/A       12%         3
 Teleport Other           Tloc           91%        N/A       12%         3
 Haunt                    Necr/Summ      91%        N/A       12%         7
 Passage of Golubria      Tloc           91%        N/A       34%         4
 Manifold Assault         Tloc           91%        N/A       67%         5
 Summon Forest            Summ/Tloc      45%        N/A       67%         5
 Dispersal                Tloc           45%        N/A       99%         6
 Summon Cactus Giant      Summ           45%        N/A       99%         6
 Malign Gateway           Summ/Tloc      45%        N/A       100%        7
 Monstrous Menagerie      Summ           45%        N/A       100%        7
 Summon Hydra             Summ           45%        N/A       100%        7
 Disjunction              Tloc           45%        N/A       100%        8
 Summon Horrible Things   Summ           45%        N/A       100%        8
 Dragon's Call            Summ           45%        N/A       100%        9
 Sublimation of Blood     Necr           Unusable   N/A       N/A         2
 Statue Form              Tmut/Erth      Unusable   N/A       N/A         6

Dungeon Overview and Level Annotations

Branches:
Dungeon (15/15)            Temple (1/1) D:5            Lair (6/6) D:9
 Shoals (4/4) Lair:4        Snake (4/4) Lair:2        Slime (5/5) Lair:6
    Orc (2/2) D:9             Elf (3/3) Orc:2        Vaults (5/5) D:13
  Crypt (3/3) Vaults:3       Tomb (3/3) Crypt:3      Depths (4/4) D:15
   Hell (visited)             Dis (7/7) Hell            Geh (7/7) Hell
    Coc (7/7) Hell            Tar (7/7) Hell            Zot (5/5) Depths:4
 Bailey (visited)         Desolation (visited)      Gauntlet (visited)

Altars:
Gozag
Kikubaaqudgha
Nemelex Xobeh
Okawaru
Qazlal
Trog
Uskayaw
Vehumet
Wu Jian
Xom
Yredelemnul
Zin
The Shining One
Beogh
Jiyva
Lugonu

Shops:
D:15 [([(   Orc:2 *(*=[   Elf:1 [(   Elf:2 *(*   Elf:3 =   Vaults:1 =
Vaults:2 [   Vaults:3 [   Depths:1 [   Depths:3 :   Depths:4 *?

Portals:
Hell: Depths:1 Depths:3 Depths:4
Abyss: Lair:6 Depths:3 Depths:4
Pandemonium: Depths:2 Depths:3 Depths:4


Innate Abilities, Weirdness & Mutations

You are an undead lich.
Your unarmed attacks are suffused with negative energy.
You are immune to unholy pain and torment.
Your necromantic spells are more powerful.
You cannot drink.
You are flying.
You are immune to sickness and miasma.
Your stone body is resilient. (AC +20)
You are immune to poison.
Your large and strong wings let you fly.
You resist negative energy. (rN+)
You are resistant to electric shocks. (rElec)
You are resistant to unholy torment.
You are immune to petrification.
Your flesh is cold resistant. (rC+)
You are robust. (+10% HP)


Message History

The hell rat is engulfed in acidic fog.
The hell rat seems to be corroded for longer.
You kill the hell rat!
The hell rat's corpse disappears in a puff of smoke!
Likeome is engulfed in acidic fog.
Likeome struggles against the net.
Qenit is engulfed in acidic fog.
Elygrehi is engulfed in acidic fog.
Elygrehi seems to be corroded for longer.
Elygrehi gestures at you.
Unknown command.
Unknown command.
Unknown command.
Unknown command.
Unknown command.
You catch the helpless Likeome completely off-guard!
You perforate Likeome like a sieve!!!
As Likeome dies, the sound returns.
You kill Likeome!
Vehumet accepts your kill.
The Executioner is engulfed in acidic fog.
The Executioner seems to be corroded for longer.
You block the Executioner's attack.
The Executioner hits you but does no damage.
You block the Executioner's attack.
Abeymasch is engulfed in acidic fog.
Astuimm is engulfed in acidic fog.
You block Astuimm's attack.
Toeludu sneers, "I will devour thy liver!"
The red very ugly thing is engulfed in acidic fog.
The red very ugly thing seems to be corroded for longer.
The Hell Sentinel is engulfed in acidic fog.
A harpy comes into view.
Ydodun Xahuq is engulfed in acidic fog.
Ydodun Xahuq seems to be corroded for longer.
The Killer Klown blinks!
Tucaadajy gestures.
Tucaadajy flickers and vanishes for a moment.
Hobrid gestures at you. The lance of force hits you!!!
* * * LOW HITPOINT WARNING * * *
You are knocked back by the lance of force.
You collide with Homnitu!
Homnitu dies!
You die...

▓............§§§.†).
▓.............§§.*§p
▓..............§│§§§
▓..............§│§&§
▓..........ps&§s&w†)
▓.........§§1§&D§2†&
▓.........§&&&us)u)2
▓∩.......§§1L&p&u.u†
▓.........§§§&p.t).H
▓.........§§§p.§)§pC
▓...............§§§p
▓...........°...§.§§
▓................1§§
▓...................
▓...................


You could see Abeymasch (corroded), Astuimm (corroded), Elygrehi (corroded),
Hobrid, Qenit (corroded), Sets (corroded), Syegolae (corroded), Toeludu (fast,
ally target), Tucaadajy (invisible), Ydodun Xahuq (corroded), 7 Killer Klowns, a
Hell Sentinel (corroded), an eldritch tentacle, a frost giant, 3 very ugly
things, a Brimstone Fiend (summoned), a quicksilver dragon (corroded), a hell
beast (summoned), a balrug (summoned), a brown ugly thing, an Executioner
(summoned, fast, corroded), an apocalypse crab, a harpy, a jumping spider
(summoned), 2 tarantellas and the friendly Elygrehi (summoned, drained).

Vanquished Creatures
  Cerebov (Pan)
  The ghost of Haitsiopt the Axe Maniac, a legendary DsGl of Makhleb (Zig:22)
  The ghost of Haitsiopt the Axe Maniac, a legendary DsGl of Makhleb (Zig:16)
  Antaeus (Coc:7)
  Asmodeus (Geh:7)
  The ghost of SevenDeadlySins the Archmage, a legendary DrCj of Vehumet (Zig:22)
  The ghost of SevenDeadlySins the Archmage, a legendary DrCj of Vehumet (Zig:23)
  The ghost of FLACIDUS the Petrodigitator, a legendary GrEE of Gozag (Zig:22)
  Ereshkigal (Tar:7)
  Dissolution (Slime:5)
  the Royal Jelly (Slime:5)
  Ignacio (Pan)
  The ghost of scarywalker64 the Petrodigitator, a legendary GrEE of Vehumet (Zig:23)
  The ghost of scarywalker64 the Petrodigitator, a legendary GrEE of Vehumet (Zig:22)
  Gloorx Vloq (Pan)
  The ghost of protoss039 the Conqueror, a legendary GrEE of Vehumet (Zig:22)
  A seraph (Pan)
  The ghost of Nenig the Conqueror, a legendary GnFi of Okawaru (Zig:23)
  Lom Lobon (Pan)
  The ghost of Huju the Champion of Chaos, a legendary HOFi of Makhleb (Zig:22)
  the Serpent of Hell (Dis:7)
  The ghost of Ikusitist the Infernalist, a legendary NaFE of Cheibriados (Zig:22)
  The ghost of Oreexun the Archmage, a legendary DECj of Vehumet (Zig:16)
  The ghost of manifold the Petrodigitator, a legendary GrEE of Vehumet (Zig:22)
  Mnoleg (Pan)
  65 dread liches
  The ghost of Piginabag the Conqueror, a legendary DsSk of Gozag (Zig:23)
  The ghost of Piginabag the Conqueror, a legendary DsSk of Gozag (Zig:22)
  The ghost of Piginabag the Conqueror, a legendary DsSk of Gozag (Zig:16)
  The ghost of Piginabag the Conqueror, a legendary DsSk of Gozag (Zig:16)
  The ghost of Teaz Xo Upt the Hoplite, a legendary GnFE of Ashenzari (Zig:16)
  The ghost of Teaz Xo Upt the Hoplite, a legendary GnFE of Ashenzari (Zig:22)
  The ghost of manifold the Petrodigitator, a legendary GrEE of Vehumet (Zig:22)
  The ghost of Xuqyot the Conqueror, a legendary DsFi of Jiyva (Zig:23)
  The ghost of Fenir the Acrobat, a legendary GnAE of Ashenzari (Zig:23)
  The ghost of swap the Archmage, a legendary DEFE of Vehumet (Zig:16)
  Dispater (Dis:7)
  8 orbs of fire
  The ghost of Manman the Conqueror, a legendary HOGl of Makhleb (Zig:23)
  The ghost of Kucykkydd the Axe Maniac, a legendary MiFi of Gozag (Zig:23)
  The ghost of Rueful the Heavyweight Champion, a legendary TrWr of Qazlal (Zig:23)
  Mennas (Vaults:5)
  The ghost of Boduf the Metallomancer, a legendary FoHu of Cheibriados (Zig:16)
  The ghost of scarywalker64 the Sorcerer, a veteran BaSu of Sif Muna (Zig:23)
  69 ancient liches
  The ghost of melllvar the Conqueror, a legendary MiBe of the Shining One (Zig:22)
  The ghost of Hacvoq the Conqueror, a legendary HOFi of Zin (Zig:16)
  The ghost of Hacvoq the Conqueror, a legendary HOFi of Zin (Zig:16)
  The ghost of deprived the Bringer of Light, a legendary HOFi of the Shining One (Zig:16)
  The ghost of Fouwomub the Sorcerer, a legendary FoEE of Vehumet (Zig:23)
  The ghost of Fusentrap the Slayer, a legendary MiBe of Makhleb (Zig:16)
  The ghost of Veodywke the Conqueror, a legendary MiBe of the Shining One (Zig:23)
  The ghost of Zappman123 the Cloud Mage, a legendary TeAE of Vehumet (Zig:22)
  The ghost of Shayle the Gnoll Aeon, a legendary GnWz of Cheibriados (Zig:16)
  The ghost of Hewasun the Conqueror, a legendary MiBe of the Shining One (Zig:23)
  The ghost of thechecker02 the Slayer, a master DDFi of Makhleb (Zig:16)
  The ghost of Likado the Gnoll Barricade, a legendary GnSk of the Shining One (Zig:23)
  The ghost of Qeilemp the Conqueror, a legendary HOFi of Beogh (Zig:23)
  The ghost of Totuz the Messiah, a legendary HOFi of Beogh (Zig:23)
  The ghost of Fugi the Sniper, a legendary FoFi of Ashenzari (Zig:23)
  The ghost of Unuchuin the Marksgnoll, a legendary GnFi of the Shining One (Zig:16)
  The ghost of Unuchuin the Marksgnoll, a legendary GnFi of the Shining One (Zig:22)
  Mara (Snake:3)
  The ghost of runemage the Impregnable, a legendary GnFi of Gozag (Zig:23)
  The ghost of MrChinwatt the Slayer, a legendary DsWn of Qazlal (Zig:23)
  The ghost of sleeves the End of an Era, a legendary DsFi of Qazlal (Zig:16)
  29 juggernauts
  The ghost of Fueng the Bringer of Law, a legendary HOFi of Zin (Zig:23)
  The ghost of frimble the Slayer, a legendary DsFi of Okawaru (Zig:23)
  The ghost of frimble the Slayer, a legendary DsFi of Okawaru (Zig:22)
  The ghost of Xaowkis the Impregnable, a legendary GnWr of Cheibriados (Zig:16)
  The ghost of Wammos the Grand Master, a legendary TeCj of Cheibriados (Zig:22)
  The ghost of Alysiarr the Cutthroat, a legendary KoHu of Okawaru (Zig:23)
  93 royal mummies
  The ghost of stevelinton the Ninja, a legendary KoBe of Trog (Zig:16)
  The ghost of Kufiz the Slayer, a master GrCK of Xom (Zig:16)
  The ghost of Kufiz the Slayer, a master GrCK of Xom (Zig:23)
  The ghost of Kufiz the Slayer, a master GrCK of Xom (Zig:23)
  The ghost of heteroy the Invulnerable, a legendary DsHu of Uskayaw (Zig:23)
  The ghost of Viugiw the Slayer, a legendary TeBe of the Shining One (Zig:23)
  The ghost of Viugiw the Slayer, a legendary TeBe of the Shining One (Zig:23)
  53 Killer Klowns
  Frederick (Crypt:2)
  Bai Suzhen (Elf:3)
  Margery (Crypt:2)
  68 shard shrikes
  The ghost of Dameikh the Hoplite, a veteran FoFi of Nemelex Xobeh (Zig:16)
  The ghost of Piginabag the Drop of Water, a veteran GnMo of Ru (Zig:23)
  The ghost of Pusocauss the Warrior, a legendary VSBe of Trog (Zig:22)
  The ghost of Pusocauss the Warrior, a legendary VSBe of Trog (Zig:16)
  7 curse toes
  Saint Roka (Vaults:5)
  72 caustic shrikes
  A golden dragon (shapeshifter) (Zig:22)
  Geryon (Hell)
  A caustic shrike (shapeshifter) (Zig:27)
  The ghost of Pohawk the Severer, an adept MiGl of the Shining One (Zig:23)
  The ghost of Pohawk the Severer, an adept MiGl of the Shining One (Zig:16)
  Nikola (Shoals:1)
  The ghost of Gemnonof the Warrior, an adept DgCj (Zig:23)
  Jory (Vaults:2)
  The ghost of Uhosoup the Slayer, a veteran GrFi of Okawaru (Zig:23)
  30 profane servitors
  86 golden dragons
  114 bone dragons
  The ghost of Saphesar the End of an Era, a veteran DsFi of Qazlal (Zig:23)
  the Enchantress (Depths:2)
  10 electric golems
  42 pearl dragons
  31 doom hounds
  36 Tzitzimimeh
  23 hellephants
  2 spectral shard shrikes
  35 iron giants
  The ghost of Xutext the Spry, an adept DsAK of Lugonu (Zig:22)
  25 Brimstone Fiends
  37 searing wretches
  2 walking crystal tomes (Depths:3)
  69 liches
  2 walking earthen tomes (Depths:3)
  95 tentacled monstrosities
  114 Hell Sentinels
  Jorgrun (Snake:3)
  Rupert (D:15)
  106 Ice Fiends
  25 Orb Guardians (Zot:5)
  136 pandemonium lords
  The ghost of Zeph the Severer, an adept NaFi of Cheibriados (Zig:22)
  The ghost of Zeph the Severer, an adept NaFi of Cheibriados (Zig:16)
  A shard shrike skeleton (Abyss:2)
  51 titans
  25 tainted leviathans
  82 deep elf blademasters
  21 quicksilver dragons
  85 deep elf master archers
  A walking frostbound tome (Depths:3)
  40 sphinxes
  5 quicksilver dragons (shapeshifter)
  4 sphinxes (shapeshifter)
  72 tentacled starspawn
  7 death cobs
  109 ancient champions
  2 eldritch tentacles
  101 acid blobs
  54 tengu reavers
  The ghost of Ubraesch the Brawler, an adept TrMo of Nemelex Xobeh (Zig:23)
  The ghost of Barug the Brawler, an adept TrMo of Nemelex Xobeh (Zig:22)
  The ghost of Amikeex the Brawler, an adept TrMo of Nemelex Xobeh (Zig:22)
  The ghost of Himmaryad the Brawler, an adept TrMo of Nemelex Xobeh (Zig:23)
  The ghost of Ubraesch the Brawler, an adept TrMo of Nemelex Xobeh (Zig:16)
  The ghost of Amikeex the Brawler, an adept TrMo of Nemelex Xobeh (Zig:23)
  55 Executioners
  4 shadow dragons (shapeshifter)
  8 thorn hunters
  28 shadow dragons
  111 draconian monks
  26 storm dragons
  Roxanne (Shoals:2)
  78 revenants
  The ghost of Seraphu the Thaumaturge, an adept GnFE of Ashenzari (Shoals:2)
  Kirke (D:12)
  5 fenstrider witches (shapeshifter)
  146 nagarajas
  22 demonspawn warmongers
  37 fire giants
  6 azure jellies (shapeshifter)
  144 draconian knights
  43 azure jellies
  26 rockslimes
  8 fenstrider witches
  120 draconian scorchers
  70 narguns
  7 fire giants (shapeshifter)
  60 quicksilver elementals
  A frost giant (shapeshifter) (Zig:24)
  30 iron dragons
  49 frost giants
  63 daevas
  93 orc warlords
  102 balrugs
  121 draconian shifters
  Aizul (Snake:4)
  101 ghost moths
  51 cacodemons
  37 deep elf sorcerers
  2 ghost moths (shapeshifter)
  29 vault wardens
  14 shard shrike simulacra
  68 emperor scorpions
  2 imperial myrmidons (Desolation)
  6 juggernaut zombies
  110 draconian stormcallers
  9 deep elf elementalists
  54 curse skulls
  3 spectral caustic shrikes
  8 caustic shrike zombies
  45 demonspawn corrupters
  58 angels
  29 quicksilver oozes
  21 ghouls
  2 broodmothers (shapeshifter)
  A stone giant (shapeshifter) (Zig:27)
  6 caustic shrike skeletons
  74 war gargoyles
  5 spriggan defenders
  150 draconian annihilators
  3 quicksilver oozes (shapeshifter)
  14 broodmothers
  49 demonspawn blood saints
  98 very ugly things
  27 ironbound preservers
  The ghost of blexxed the Severer, a journeyman DsFi of Okawaru (Orc:1)
  107 stone giants
  22 elemental wellsprings
  63 green draconians
  48 ophanim
  32 demonspawn black suns
  5 juggernaut skeletons
  40 vampire knights
  66 reapers
  89 deep elf demonologists
  16 eleionomae
  4 ironbound thunderhulks
  32 bennus
  30 putrid mouths
  2 eleionomae (shapeshifter)
  107 deep elf annihilators
  14 dire elephants
  72 wendigos
  18 bunyips
  67 entropy weavers
  4 dire elephants (shapeshifter)
  Azrael (Orc:2)
  An entropy weaver (shapeshifter) (Zig:24)
  68 apis
  47 purple draconians
  58 white draconians
  2 halazid warlocks (Desolation)
  58 yellow draconians
  64 black draconians
  A minotaur (Gauntlet)
  2 minotaurs (shapeshifter)
  18 spark wasps
  A spectral titan (Tar:3)
  3 bunyips (shapeshifter)
  A spark wasp (shapeshifter) (Zig:27)
  53 lorocyprocas
  61 red draconians
  58 blizzard demons
  2 quicksilver dragon zombies (Zig:26)
  86 eidola
  40 deep elf death magi
  71 iron golems
  23 ettins
  2 spectral quicksilver dragons
  14 fire dragons
  An ettin (shapeshifter) (Zig:15)
  21 jiangshi
  77 green deaths
  3 spectral iron giants
  88 mummy priests
  7 crystal guardians
  104 merfolk javelineers
  49 shambling mangroves
  36 great orbs of eyes
  Josephine (D:13)
  55 merfolk impalers
  4 spectral golden dragons
  55 yaktaur captains
  74 deep elf high priests
  7 ragged hierophants (Desolation)
  The ghost of Seraphu the Slicer, a journeyman HOFi of Gozag (D:11)
  77 hydras
  20 rakshasas
  A spectral shadow dragon (Zig:25)
  A hydra (shapeshifter) (Zig:27)
  23 ice dragons
  17 ghost crabs
  81 salamander tyrants
  4 spectral spriggans
  24 boulder beetles
  16 ogre magi
  17 caustic shrike simulacra
  7 servants of whispers (Desolation)
  7 peacekeepers
  A spectral tengu (Zig:12)
  44 vault guards
  25 spriggan air magi
  12 juggernaut simulacra
  38 centaur warriors
  11 jorogumos
  5 anacondas (shapeshifter)
  15 merfolk avatars
  10 radroaches
  152 merfolk aquamancers
  A catoblepas (shapeshifter) (Zig:27)
  6 catoblepae
  A jorogumo (shapeshifter) (Zig:19)
  10 stokers
  12 spriggan skeletons
  3 two-headed ogres (shapeshifter)
  15 two-headed ogres
  2 alligator snapping turtles (shapeshifter)
  16 hell beasts
  34 naga warriors
  6 ironbound frosthearts
  A fenstrider witch skeleton (Pan)
  5 death knights
  12 alligator snapping turtles
  26 anacondas
  2 spectral stone giants
  50 hell hogs
  18 alligators
  124 death scarabs
  132 dancing weapons
  3 tengu warriors
  6 holy swine (Pan)
  A satyr (shapeshifter) (Depths:4)
  6 deep troll shamans
  An alligator (shapeshifter) (Zig:27)
  33 satyrs
  55 vampire magi
  13 death yaks
  10 deep troll earth magi
  4 storm dragon zombies
  88 orc high priests
  2 spectral nagas (Tar:3)
  4 titan zombies
  29 shock serpents
  2 shock serpents (shapeshifter) (Zig:15)
  4 spriggan berserkers
  69 naga sharpshooters
  Nergalle (Lair:2)
  51 crystal echidnas
  80 deep elf knights
  55 thrashing horrors
  Sonja (Lair:4)
  Urug (Lair:2)
  25 hell knights
  90 wretched stars
  67 soul eaters
  6 titan skeletons
  3 fire crabs (Zig:3)
  129 sun demons
  A spectral bunyip (Tar:1)
  6 sun moths
  19 spatial maelstroms
  58 death drakes
  65 shadow wraiths
  5 fire crabs (shapeshifter)
  2 iron trolls (shapeshifter)
  67 sea snakes
  22 skeletal warriors
  3 steelbarb worms (shapeshifter)
  49 iron trolls
  47 sixfirhies
  2 deep trolls (shapeshifter)
  27 pharaoh ants
  17 salamander mystics
  2 storm dragon skeletons
  4 anaconda zombies (Snake:4)
  7 golden dragon zombies
  2 spectral anacondas
  2 death drakes (shapeshifter)
  28 deep trolls
  10 goliath frogs
  7 quicksilver dragon simulacra
  2 sea snakes (shapeshifter)
  6 glowing orange brains (shapeshifter)
  5 kraken simulacra (Coc:7)
  A shadow dragon zombie (Zig:26)
  42 cherubim
  41 flayed ghosts
  2 orb spiders (shapeshifter)
  13 bog bodies
  14 glowing orange brains
  33 shadow demons
  23 naga ritualists
  2 anaconda skeletons (Snake:4)
  33 steelbarb worms
  2 swamp dragons (shapeshifter)
  A spectral hydra (Tar:1)
  87 orb spiders
  24 spriggan druids
  66 swamp dragons
  27 wizards
  71 deep elf archers
  3 lindwurms (shapeshifter)
  33 necromancers
  41 phantasmal warriors
  17 lindwurms
  11 orange crystal statues
  113 harpies
  21 ironbound convokers
  13 spriggan simulacra
  3 tengu zombies
  A wolf spider zombie (Crypt:2)
  2 mana vipers (shapeshifter)
  133 deep elf pyromancers
  45 wolf spiders
  3 iron dragon zombies
  15 obsidian statues
  2 harpies (shapeshifter)
  2 wolf spiders (shapeshifter)
  8 tengu skeletons
  5 golden dragon skeletons
  A fire giant zombie (Crypt:1)
  4 salamanders (shapeshifter)
  63 manticores
  40 orc knights
  A spectral ettin (Tar:5)
  120 deep elf zephyrmancers
  A shining eye (shapeshifter) (Zig:9)
  A faun (shapeshifter) (Zig:27)
  61 fauns
  3 sphinx skeletons
  80 orc sorcerers
  18 will-o-the-wisps
  A stone giant zombie (Crypt:1)
  108 moths of wrath
  19 mana vipers
  5 shadow dragon skeletons
  47 cyclopes
  30 shining eyes
  5 cyclopes (shapeshifter)
  An elephant (shapeshifter) (Zig:26)
  2 manticores (shapeshifter)
  5 moths of wrath (shapeshifter)
  76 ugly things
  18 worldbinders
  A toenail golem (Zig:17)
  18 salamanders
  20 vault sentinels
  46 merfolk sirens
  146 water nymphs
  A black mamba (shapeshifter) (D:13)
  92 black mambas
  12 titan simulacra
  2 stone giant skeletons
  A naga zombie (Crypt:1)
  3 water nymphs (shapeshifter)
  61 naga magi
  3 iron dragon skeletons
  An alligator snapping turtle zombie (Crypt:1)
  Maurice (Orc:2)
  7 rust devils
  65 torpor snails
  5 molten gargoyles (Hell)
  14 eyes of devastation
  48 guardian serpents
  A fire giant skeleton (Vaults:1)
  9 cane toads
  116 smoke demons
  4 gargoyles
  41 apocalypse crabs
  49 orange demons
  22 ice statues
  5 storm dragon simulacra
  6 torpor snails (shapeshifter)
  6 elephants
  A dire elephant zombie (Tomb:3)
  85 hellions
  3 dire elephant skeletons
  2 cane toads (shapeshifter)
  2 komodo dragons (shapeshifter)
  7 unseen horrors
  87 demonic crawlers
  3 kobold demonologists
  24 freezing wraiths
  28 efreet
  12 komodo dragons
  A spectral glowing shapeshifter (Zig:25)
  28 ice devils
  16 rime drakes
  59 ancient zymes
  A minotaur skeleton (Pan)
  4 harpy zombies
  166 guardian mummies
  5 golden dragon simulacra
  3 tengu conjurers
  3 yaktaurs (shapeshifter)
  14 anaconda simulacra
  38 hellwings
  14 red devils
  28 yaktaurs
  3 sea snake skeletons (Hell)
  35 trolls
  223 merfolk
  25 meliai
  79 tormentors
  A polar bear (shapeshifter) (Zig:20)
  3 iron giant simulacra
  2 spectral harpies
  A catoblepas skeleton (Pan)
  A hydra zombie (Hell)
  A queen bee (shapeshifter) (Zig:24)
  5 polar bears
  51 saltlings (Desolation)
  A troll (shapeshifter) (Zig:17)
  2 merfolk (shapeshifter)
  A meliai (shapeshifter) (D:13)
  7 silent spectres
  56 snapping turtles
  3 wind drakes (shapeshifter)
  58 wind drakes
  A tengu simulacrum (Zig:18)
  6 bloated husks
  A tyrant leech (shapeshifter) (Zig:5)
  30 tarantellas
  8 tyrant leeches
  89 hornets
  3 slime creatures (shapeshifter)
  10 spriggan zombies
  2 tarantellas (shapeshifter)
  A shadow dragon simulacrum (Zig:13)
  A hydra skeleton (Hell)
  3 raiju (shapeshifter)
  A meliai zombie (D:9)
  Prince Ribbit (Bailey)
  4 harpy skeletons
  Grinder (D:3)
  3 dream sheep (Shoals:3)
  28 blink frogs
  221 slime creatures
  6 iron dragon simulacra
  2 snapping turtles (shapeshifter)
  An alligator zombie (Hell)
  67 raiju
  2 dream sheep (shapeshifter)
  149 flying skulls
  A black mamba zombie (Crypt:1)
  A stone giant simulacrum (Coc:4)
  A satyr skeleton (Crypt:1)
  85 ynoxinuls
  36 air elementals
  A centaur simulacrum (Coc:2)
  An ettin skeleton (Abyss:2)
  31 culicivoras
  A jumping spider (shapeshifter) (Zig:18)
  7 shadows
  3 black mamba skeletons
  236 large abominations
  3 alligator skeletons (Hell)
  93 water elementals
  16 spriggans
  8 dire elephant simulacra
  34 jumping spiders
  21 wraiths
  3 culicivoras (shapeshifter)
  Grum (D:10)
  A human (shapeshifter) (Zig:19)
  A spriggan (shapeshifter) (Zig:24)
  6 wyverns
  A hog (shapeshifter) (Zig:16)
  7 fire bats
  63 ushabtiu
  3 vampires
  2 hogs (D:12)
  8 basilisks
  A yak (shapeshifter) (Zig:21)
  36 fire elementals
  10 humans
  A golden eye (shapeshifter) (Zig:16)
  49 yaks
  7 golden eyes
  2 redbacks (shapeshifter)
  50 redbacks
  126 chaos spawn
  69 neqoxecs
  A basilisk (shapeshifter) (Zig:27)
  2 steam dragons (Zig:12)
  3 vampire mosquitoes
  2 alligator snapping turtle simulacra
  35 wargs
  13 harpy simulacra
  72 nagas
  A glowing shapeshifter zombie (Crypt:2)
  2 wargs (shapeshifter)
  An acid dragon (shapeshifter) (Vaults:5)
  23 spatial vortices
  3 swamp worms (shapeshifter)
  A hydra simulacrum (Hell)
  Duvessa (D:6)
  3 hell hounds
  2 naga skeletons
  2 water moccasins (shapeshifter)
  5 acid dragons
  5 floating eyes
  21 water moccasins
  6 swamp drakes
  200 orc warriors
  A sky beast (D:8)
  7 ettin simulacra
  A two-headed ogre skeleton (Pan)
  3 black bears (Lair:3)
  19 wolves
  A black bear (shapeshifter) (Zig:21)
  61 ogres
  9 ice beasts
  8 necrophages
  A centaur (shapeshifter) (Zig:27)
  32 centaurs
  A human skeleton (Vaults:1)
  3 phantoms
  A hog skeleton (Crypt:2)
  A draconian zombie (Crypt:2)
  7 kobold brigands
  A salamander zombie (Crypt:1)
  29 bullfrogs
  A gnoll sergeant (D:11)
  29 earth elementals
  A scorpion (D:5)
  An elf skeleton (Crypt:2)
  6 glowing shapeshifter simulacra
  4 naga simulacra
  A water moccasin zombie (D:6)
  2 troll zombies (D:9)
  A water moccasin skeleton (D:6)
  Dowan (D:6)
  10 wights
  7 electric eels
  4 howler monkeys
  6 centaur zombies
  10 crimson imps
  110 small abominations
  240 starcursed masses
  2 human simulacra
  A basilisk zombie (Crypt:2)
  A bullfrog zombie (D:5)
  A hound (D:5)
  3 jellies
  8 quasits
  2 bullfrog skeletons
  35 orc priests
  Crazy Yiuf (D:7)
  4 centaur skeletons
  4 iron imps
  2 gnoll shamans
  Jessica (D:3)
  A basilisk skeleton (Crypt:2)
  7 iguanas
  37 orc wizards
  7 hell rats (Lair:5)
  4 lightning spires (Zig:23)
  A killer bee zombie (D:7)
  4 ogre zombies (D:9)
  A demigod zombie (Crypt:2)
  A hound skeleton (D:5)
  2 howler monkey zombies
  240 mummies
  12 gnolls
  A howler monkey skeleton (D:5)
  4 adders
  A shadow imp (D:8)
  15 white imps
  8 ufetubi
  2 adder skeletons
  An iguana skeleton (Crypt:2)
  2 worms (D:2)
  4 dart slugs
  61 orcs
  10 endoplasms
  3 giant cockroaches
  5 goblins
  8 hobgoblins
  2 jackals (D:4)
  4 quokkas
  4 ball pythons
  11 bats
  3 frilled lizards
  3 goblin skeletons (D:9)
  A goblin zombie (D:9)
  A hobgoblin skeleton (D:9)
  3 hobgoblin zombies (D:9)
  23 kobolds
  3 orc skeletons
  9 orc zombies (D:9)
  3 rats
  A rat skeleton (Crypt:2)
  6 ball lightnings
  32 briar patches
  5 creeping infernos
  120 fire vortices
  4 lurking horrors
  A pillar of salt (Desolation)
  3 plants (Zig:8)
  31 starspawn tentacles
  4 tentacles (Coc:7)
16474 creatures vanquished.

Vanquished Creatures (collateral kills)
  A dread lich (Zig:25)
  An ancient lich (Zig:14)
  6 royal mummies
  A shard shrike (Coc:4)
  A Killer Klown (Zig:27)
  3 pandemonium lords (Zig:27)
  3 golden dragons
  4 caustic shrikes
  2 profane servitors
  2 pearl dragons (Zig:23)
  2 bone dragons (Tar:7)
  2 doom hounds
  A Tzitzimitl (Zig:25)
  2 tainted leviathans (Tar:7)
  4 Executioners
  A quicksilver dragon (Zig:23)
  2 acid blobs
  A shadow dragon (Zig:23)
  An emperor scorpion (Zig:9)
  3 frost giants
  A demonspawn warmonger (Zig:17)
  An orc warlord (Zig:8)
  7 draconian scorchers
  A cacodemon (Pan)
  A curse skull (Zig:14)
  A reaper (Zig:20)
  A draconian stormcaller (Zig:26)
  2 angels (Pan)
  5 draconian shifters
  An ironbound preserver (Zig:20)
  A demonspawn corrupter (Zig:21)
  A quicksilver ooze (Slime:5)
  A ghoul (Zig:22)
  A draconian annihilator (Zig:24)
  A very ugly thing (Zig:27)
  A lorocyproca (Zig:17)
  A vampire knight (Zig:14)
  2 apis
  A green draconian (Zig:20)
  An entropy weaver (Zig:12)
  A dire elephant (shapeshifter) (Zig:27)
  A yellow draconian (Zig:20)
  A purple draconian (Zig:25)
  A deep elf death mage (Zig:14)
  A caustic shrike simulacrum (Coc:7)
  2 ghost crabs (Zig:16)
  A hydra (Zig:15)
  A death scarab (Tomb:2)
  2 thrashing horrors (Zig:27)
  A vampire mage (Zig:25)
  2 soul eaters
  A wretched star (Zig:1)
  A shadow wraith (Zig:25)
  A flayed ghost (Zig:22)
  A shadow demon (Zig:13)
  2 steelbarb worms
  A moth of wrath (Zig:8)
  An eye of devastation (Zig:18)
  A rime drake (Zig:18)
  A freezing wraith (Zig:21)
  An anaconda simulacrum (Coc:2)
  A guardian mummy (Zig:26)
  2 tormentors (Tar:7)
  A hellwing (Zig:20)
  4 large abominations
  A hornet (Zig:21)
  7 slime creatures
  A dream sheep (shapeshifter) (Zig:19)
  A naga simulacrum (Coc:7)
  A flying skull (Zig:26)
  A wraith (Zig:21)
  An ushabti (Zig:19)
  A neqoxec (Zig:14)
  A golden eye (Zig:21)
  4 harpy simulacra
  A floating eye (Slime:5)
  A spatial vortex (Zig:13)
  A naga skeleton (Tomb:3)
  3 small abominations
  5 starcursed masses (Zig:21)
  16 mummies
154 creatures vanquished.

Vanquished Creatures (others)
  The ghost of astronautguy the Formicid Barricade, a legendary FoEE of Makhleb (Zig:23)
  The ghost of Shayle the Gnoll Aeon, a legendary GnWz of Cheibriados (Zig:22)
  An ancient lich (Zig:24)
  The ghost of Walil the Intangible, a veteran MiMo of Dithmenos (Zig:22)
  The ghost of BoringLoser the Acrobat, a veteran TeAE of Ru (Zig:23)
  A Killer Klown (Zig:24)
  The ghost of frimble the Slayer, a legendary GrFi of Okawaru (Zig:23)
  The ghost of Pohawk the Severer, an adept MiGl of the Shining One (Zig:22)
  3 pandemonium lords
  An Ice Fiend (Zig:14)
  An eldritch tentacle (Pan)
  2 shadow dragons
  2 tengu reavers (Zig:24)
  A cacodemon (Zig:17)
  A draconian scorcher (Zig:24)
  A demonspawn corrupter (Zig:20)
  A very ugly thing (Zig:27)
  2 deep elf annihilators
  A wendigo (Coc:7)
  A black draconian (Zig:20)
  A lorocyproca (Zig:13)
  A blizzard demon (Depths:3)
  An eidolon (Zig:22)
  A green death (Zig:21)
  A deep elf high priest (Zig:26)
  An alligator snapping turtle (Zig:22)
  A hydra (Zig:21)
  A spriggan air mage (Zig:24)
  A centaur warrior (Zig:25)
  2 caustic shrike simulacra
  A dancing weapon (Zig:17)
  A merfolk aquamancer (Zig:24)
  An alligator (Zig:24)
  2 soul eaters
  2 deep elf knights (Elf:2)
  A death drake (Zig:26)
  2 swamp dragons
  A glowing orange brain (Pan)
  2 spriggan simulacra
  A deep elf pyromancer (D:14)
  An ugly thing (Zig:27)
  A mana viper (Snake:1)
  A will-o-the-wisp (Zig:10)
  A black mamba (Snake:4)
  A titan simulacrum (Zig:15)
  A storm dragon simulacrum (Zig:15)
  An anaconda simulacrum (Coc:5)
  2 bloated husks
  A large abomination (Abyss:3)
  A hornet (Zig:26)
  A saltling (Desolation)
  A water elemental (Zig:10)
  A fire elemental (Zig:26)
  A fire bat (shapeshifter) (Zig:24)
  3 small abominations
  A fire bat (Pan)
  A dire elephant simulacrum (Coc:7)
  A golden eye (Abyss:4)
  A hog (shapeshifter) (Zig:24)
  2 humans
  A vampire mosquito (Zig:10)
  A spatial vortex (Abyss:2)
  A glowing shapeshifter simulacrum (Zig:27)
  An electric eel (D:7)
  5 ball lightnings (Zig:22)
  A briar patch (Zig:16)
  A bush (Lair:6)
  8 demonic plants (Abyss:4)
  2924 fire vortices
  25 foxfires
  48 fungi
  209 plants
  75 starspawn tentacles
  13 tentacles (Coc:7)
  5 withered plants (D:15)
3392 creatures vanquished.

Grand Total: 20020 creatures vanquished

Notes
Turn   | Place    | Note
-------+----------+-------------------------------------------
     0 | D:1      | protoss039 the Gargoyle Earth Elementalist began the quest
                  | for the Orb.
     0 | D:1      | Reached XP level 1. HP: 10/10 MP: 3/3
   225 | D:1      | Reached skill level 1 in Transmutations
   225 | D:1      | Reached XP level 2. HP: 4/15 MP: 0/5
   292 | D:1      | Learned a level 2 spell: Passwall
   803 | D:1      | Reached XP level 3. HP: 14/20 MP: 6/6
   804 | D:1      | Reached skill level 1 in Fighting
   818 | D:1      | Learned a level 3 spell: Stone Arrow
   910 | D:1      | Found a faded altar of an unknown god.
  1435 | D:2      | You fall into a shaft and drop 2 floors!
  1648 | D:3      | Noticed Jessica
  1660 | D:3      | Reached skill level 1 in Armour
  1742 | D:2      | Found a glowing silver altar of Zin.
  1754 | D:2      | Reached XP level 4. HP: 24/25 MP: 7/7
  2171 | D:2      | Reached skill level 1 in Conjurations
  2711 | D:3      | Killed Jessica
  2712 | D:3      | Reached XP level 5. HP: 31/31 MP: 6/9
  2762 | D:3      | Noticed Grinder
  3436 | D:3      | Killed Grinder
  3437 | D:3      | Reached XP level 6. HP: 37/37 MP: 2/11
  3770 | D:4      | Learned a level 3 spell: Mephitic Cloud
  3804 | D:4      | Noticed a necrophage
  3813 | D:4      | Killed a necrophage
  3814 | D:4      | Reached XP level 7. HP: 38/42 MP: 4/12
  3985 | D:4      | Reached skill level 5 in Earth Magic
  4830 | D:5      | Entered Level 5 of the Dungeon
  5080 | D:5      | Found a staircase to the Ecumenical Temple.
  5139 | D:5      | Noticed a shadow
  5147 | D:5      | Killed a shadow
  5148 | D:5      | Reached skill level 5 in Fighting
  5148 | D:5      | Reached XP level 8. HP: 49/49 MP: 9/15
  5193 | D:5      | Found a glowing silver altar of Zin.
  5199 | Temple   | Entered the Ecumenical Temple
  5205 | Temple   | Became a worshipper of Vehumet
  5274 | D:5      | Found an ancient bone altar of Kikubaaqudgha.
  5278 | D:5      | Found an iron altar of Okawaru.
  5290 | D:5      | Reached skill level 5 in Spellcasting
  6060 | D:5      | Noticed a komodo dragon
  6066 | D:5      | Killed a komodo dragon
  6067 | D:5      | Reached XP level 9. HP: 56/56 MP: 1/17
  6417 | D:5      | Found an ornate altar of the Wu Jian Council.
  6676 | D:5      | Found a hide-covered altar of Uskayaw.
  7038 | D:6      | Identified the +4 ring mail "Elaecve" {Rampage rN+ Int+4
                  | Stlth+}
  7266 | D:6      | Noticed Dowan
  7269 | D:6      | Noticed Duvessa
  7280 | D:6      | Killed Dowan
  7298 | D:6      | Killed Duvessa
  8176 | D:6      | Found a basalt altar of Yredelemnul.
  8587 | D:7      | Reached * piety under Vehumet
  8587 | D:7      | Offered knowledge of Shock by Vehumet.
  8643 | D:7      | Noticed a cyclops
  8649 | D:7      | Killed a cyclops
  8650 | D:7      | Reached skill level 5 in Conjurations
  8800 | D:7      | Reached skill level 5 in Armour
  8895 | D:7      | Found a flagged portal.
  8918 | Bailey   | Entered a bailey
  8934 | Bailey   | Reached XP level 10. HP: 56/64 MP: 8/20
  9061 | Bailey   | Reached ** piety under Vehumet
  9061 | Bailey   | Offered knowledge of Freeze by Vehumet.
  9404 | Bailey   | Noticed a vault guard
  9423 | Bailey   | Killed a vault guard
  9430 | Bailey   | Noticed a vault guard
  9436 | Bailey   | Noticed Prince Ribbit
  9447 | Bailey   | Killed Prince Ribbit
  9448 | Bailey   | Killed a vault guard
 10158 | D:7      | Noticed a cyclops
 10174 | D:7      | Killed a cyclops
 10175 | D:7      | Reached XP level 11. HP: 71/71 MP: 14/23
 10618 | D:7      | Offered knowledge of Frozen Ramparts by Vehumet.
 10864 | D:7      | Found a runed translucent door.
 10865 | D:7      | Noticed Crazy Yiuf
 10870 | D:7      | Killed Crazy Yiuf
 10984 | D:8      | Identified the ring "Teucra" {rC- rCorr Str+2 Int+6 Dex+6}
 11226 | D:8      | Reached skill level 1 in Shields
 11399 | D:8      | Reached *** piety under Vehumet
 11666 | D:8      | Learned a level 5 spell: Freezing Cloud
 11827 | D:9      | Found a staircase to the Lair.
 11963 | D:9      | Found a staircase to the Orcish Mines.
 12009 | D:9      | Offered knowledge of Conjure Flame by Vehumet.
 12454 | D:9      | Noticed a fire dragon
 12678 | D:9      | Killed a fire dragon
 12970 | D:10     | Entered Level 10 of the Dungeon
 13177 | D:10     | Found a bloodstained altar of Trog.
 13280 | D:10     | Noticed a two-headed ogre
 13284 | D:10     | Killed a two-headed ogre
 13285 | D:10     | Reached skill level 10 in Fighting
 13286 | D:10     | Noticed Grum
 13294 | D:10     | Killed Grum
 13894 | D:11     | Noticed a boulder beetle
 13944 | D:11     | Noticed an eight-headed hydra
 14179 | D:10     | Killed an eight-headed hydra
 14484 | D:11     | Reached **** piety under Vehumet
 14528 | D:11     | Reached XP level 12. HP: 78/78 MP: 14/25
 14641 | D:11     | Found a transporter.
 14643 | D:11     | Found a transporter.
 14649 | D:11     | Noticed a two-headed ogre
 14654 | D:11     | Killed a two-headed ogre
 14655 | D:11     | Reached skill level 5 in Shields
 14730 | D:11     | Noticed a tengu warrior
 14731 | D:11     | Noticed a two-headed ogre
 14731 | D:11     | Noticed Seraphu's ghost (journeyman HOFi)
 14735 | D:11     | Found a bloodstained altar of Trog.
 15012 | D:11     | Killed a boulder beetle
 15502 | D:12     | Noticed Kirke
 15622 | D:12     | Offered knowledge of Iskenderun's Battlesphere by Vehumet.
 15890 | D:12     | Noticed a boulder beetle
 15906 | D:12     | Killed a boulder beetle
 16123 | D:12     | Killed Kirke
 16124 | D:12     | Reached skill level 10 in Spellcasting
 16244 | D:12     | Noticed a centaur warrior
 16249 | D:12     | Killed a centaur warrior
 16448 | D:12     | Noticed a centaur warrior
 16452 | D:12     | Killed a centaur warrior
 16642 | D:13     | Noticed a centaur warrior
 16646 | D:13     | Killed a centaur warrior
 16790 | D:13     | Noticed Josephine
 16805 | D:13     | Killed Josephine
 17034 | D:13     | Noticed a centaur warrior
 17056 | D:13     | Killed a centaur warrior
 17057 | D:13     | Reached skill level 10 in Earth Magic
 17060 | D:13     | Noticed a death knight
 17243 | D:13     | Reached XP level 13. HP: 85/85 MP: 21/27
 18520 | D:13     | Noticed a vault guard
 18521 | D:13     | Noticed a vault guard
 18524 | D:13     | Noticed a vault guard
 18527 | D:13     | Noticed a vault guard
 18535 | D:13     | Killed a vault guard
 18539 | D:13     | Killed a vault guard
 18574 | D:13     | Killed a vault guard
 18841 | D:12     | Killed a vault guard
 19058 | D:13     | Found a gate to the Vaults.
 19541 | D:13     | Reached ***** piety under Vehumet
 19541 | D:13     | Offered knowledge of Iron Shot by Vehumet.
 19628 | D:13     | Got the Catalogue of Damaging Intoxication
 19882 | D:13     | Learned a level 6 spell: Iron Shot
 19887 | D:13     | Learned a level 4 spell: Olgreb's Toxic Radiance
 20116 | D:13     | Gained mutation: Your large and strong wings let you fly.
                  | [Gargoyle growth]
 20116 | D:13     | Reached XP level 14. HP: 92/92 MP: 11/29
 20223 | D:13     | Reached skill level 10 in Conjurations
 20703 | D:14     | Found a gate leading to a gauntlet.
 20779 | Gauntlet | Entered a Gauntlet
 20779 | Gauntlet | Found a transporter.
 20779 | Gauntlet | Found a transporter.
 20779 | Gauntlet | Found a transporter.
 20780 | Gauntlet | Found a transporter.
 20785 | Gauntlet | Found a transporter.
 20798 | Gauntlet | Found a transporter.
 20798 | Gauntlet | Found a transporter.
 20806 | Gauntlet | Found a transporter.
 20814 | Gauntlet | Found a transporter.
 20831 | Gauntlet | Found a transporter.
 20839 | Gauntlet | Found a transporter.
 20856 | Gauntlet | Found a transporter.
 20938 | Gauntlet | Found the +3 pair of gauntlets of War {Slay+5}
 21077 | Gauntlet | Identified the ring "Osycsuc" {*Slow rCorr EV+4 Int-3
                  | Stlth+}
 21517 | Gauntlet | Identified the +6 long sword "Uleru" {elec, rN+ Int+4}
 22051 | D:14     | Reached skill level 10 in Shields
 22489 | D:15     | Entered Level 15 of the Dungeon
 22489 | D:15     | Found a staircase to the Depths.
 22610 | D:15     | Found Daup's Antique Armour Shop.
 22698 | D:15     | Bought a faintly glowing helmet for 294 gold pieces
 22698 | D:15     | Identified the +0 helmet "Gosm" {rPois rCorr} (You bought
                  | it in a shop on level 15 of the Dungeon)
 22806 | D:15     | Noticed Rupert
 22810 | D:15     | Found Wuidosch's Weapon Emporium.
 23325 | D:15     | Found Histur's Weapon Shop.
 23458 | D:15     | Found Amimic's Antique Armour Shoppe.
 23833 | D:15     | Killed Rupert
 24079 | Lair:1   | Entered Level 1 of the Lair of Beasts
 24184 | Lair:1   | Reached XP level 15. HP: 52/97 MP: 15/32
 25332 | Lair:2   | Reached skill level 10 in Armour
 25617 | Lair:2   | Found a staircase to the Snake Pit.
 25996 | Lair:2   | Noticed Nergalle
 26002 | Lair:2   | Killed Nergalle
 26171 | Lair:2   | Noticed Urug
 26178 | Lair:2   | Killed Urug
 26497 | Lair:2   | Identified 2 scrolls of acquirement
 26498 | Lair:2   | Acquired 694 gold pieces
 26504 | Lair:2   | Acquired 834 gold pieces
 27223 | Lair:3   | Offered knowledge of Yara's Violent Unravelling by Vehumet.
 27643 | Lair:3   | Got Orum's Almanac of Feathery Bewitchment
 27969 | Lair:3   | Learned a level 3 spell: Swiftness
 28472 | Lair:4   | Found a staircase to the Shoals.
 29030 | Lair:4   | Noticed Sonja
 29033 | Lair:4   | Killed Sonja
 30348 | Lair:6   | Entered Level 6 of the Lair of Beasts
 30687 | Lair:6   | Reached XP level 16. HP: 73/104 MP: 23/33
 30938 | Lair:6   | Offered knowledge of Lee's Rapid Deconstruction by Vehumet.
 31813 | Lair:6   | Found a corrupted altar of Lugonu.
 31813 | Lair:6   | Found a one-way gate to the infinite horrors of the Abyss.
 32391 | Lair:6   | Found a runed translucent door.
 32392 | Lair:6   | Found a viscous altar of Jiyva.
 32393 | Lair:6   | Noticed an acid blob
 32943 | Lair:6   | Noticed an acid blob
 33110 | Lair:6   | Found a staircase to the Slime Pits.
 33257 | Orc:1    | Entered Level 1 of the Orcish Mines
 33449 | Orc:1    | Found a runed translucent door.
 33464 | Orc:1    | Found a shimmering altar of Xom.
 33464 | Orc:1    | Noticed blexxed's ghost (journeyman DsFi)
 33516 | Orc:1    | Killed blexxed's ghost
 33657 | Orc:2    | Entered Level 2 of the Orcish Mines
 33682 | Orc:2    | Noticed Maurice
 33688 | Orc:2    | Killed Maurice
 33929 | Orc:2    | Found a staircase to the Elven Halls.
 34023 | Orc:2    | Offered knowledge of Starburst by Vehumet.
 34185 | Orc:2    | Noticed Azrael
 34194 | Orc:2    | Killed Azrael
 34726 | Orc:1    | Learned a level 6 spell: Starburst
 34909 | Orc:2    | Found Qeodgh's Antique Armour Shoppe.
 34987 | Orc:2    | Found Hothe's Antique Weapon Shoppe.
 35085 | Orc:2    | Found Kuysyit's Overcharged Wands.
 35281 | Orc:2    | Found Gong's Jewellery Shoppe.
 35316 | Orc:2    | Found Cipyhi's General Store.
 35516 | Orc:2    | Found a radiant altar of Vehumet.
 35701 | Orc:2    | Bought a runed helmet for 300 gold pieces
 35701 | Orc:2    | Bought a heavily runed chain mail for 380 gold pieces
 35701 | Orc:2    | Identified the +7 chain mail of Fortitude {*Corrode +Blink
                  | rElec Regen+} (You bought it in a shop on level 2 of the
                  | Orcish Mines)
 35862 | D:11     | Killed Seraphu's ghost
 36133 | Snake:1  | Entered Level 1 of the Snake Pit
 36224 | Snake:1  | Reached skill level 1 in Fire Magic
 37540 | Snake:1  | Acquired a book of Unlife
 37548 | Snake:1  | Learned a level 5 spell: Borgnjor's Vile Clutch
 37630 | Snake:2  | Offered knowledge of Spellforged Servitor by Vehumet.
 37898 | Snake:2  | Reached XP level 17. HP: 110/110 MP: 34/35
 38206 | Snake:2  | Reached skill level 1 in Necromancy
 38432 | Snake:3  | Noticed Jorgrun
 38439 | Snake:3  | Killed Jorgrun
 38929 | Snake:3  | Reached skill level 15 in Spellcasting
 39212 | Snake:3  | Noticed Mara
 39217 | Snake:3  | Killed Mara
 39669 | Snake:4  | Entered Level 4 of the Snake Pit
 39811 | Snake:4  | Reached ****** piety under Vehumet
 40491 | Snake:4  | Noticed Aizul
 40495 | Snake:4  | Killed Aizul
 40565 | Snake:4  | Offered knowledge of Orb of Destruction by Vehumet.
 41138 | Snake:4  | Reached XP level 18. HP: 95/117 MP: 37/37
 41366 | Snake:4  | Reached skill level 15 in Shields
 41366 | Snake:4  | Reached skill level 5 in Fire Magic
 41684 | Snake:4  | Got a serpentine rune of Zot
 41972 | Snake:4  | Identified the +4 falchion of Conversion {vorpal, rPois}
 42181 | Shoals:1 | Entered Level 1 of the Shoals
 42204 | Shoals:1 | Noticed Nikola
 42221 | Shoals:1 | Killed Nikola
 43423 | Shoals:2 | Offered knowledge of Conjure Ball Lightning by Vehumet.
 43791 | Shoals:2 | Found a runed translucent gate.
 43791 | Shoals:2 | Found a runed translucent gate.
 43804 | Shoals:2 | Reached skill level 15 in Earth Magic
 43979 | Shoals:2 | Found a runed translucent gate.
 43990 | Shoals:2 | Noticed Seraphu's ghost (adept GnFE)
 44069 | Shoals:2 | Identified the +3 leather armour of the Other World {Will+
                  | Int+2}
 44079 | Shoals:2 | Identified Roxanne's Collected Works on Changing
 44079 | Shoals:2 | Noticed Roxanne
 44081 | Shoals:2 | Reached skill level 15 in Fighting
 44335 | Shoals:2 | Killed Roxanne
 44908 | Shoals:2 | Killed Seraphu's ghost
 44944 | Shoals:2 | Identified the -1 pair of gloves of Insecurity {Will+}
 45121 | Shoals:3 | Reached XP level 19. HP: 80/124 MP: 39/39
 46341 | Shoals:4 | Entered Level 4 of the Shoals
 46951 | Shoals:4 | Got a barnacled rune of Zot
 47005 | Shoals:4 | Paralysed by an air elemental for 1 turns
 47009 | Shoals:4 | Offered knowledge of Polar Vortex by Vehumet.
 47009 | Shoals:4 | Offered knowledge of Maxwell's Capacitive Coupling by
                  | Vehumet.
 47024 | Shoals:4 | Paralysed by an air elemental for 1 turns
 47121 | Shoals:4 | Paralysed by an air elemental for 1 turns
 47134 | Shoals:4 | Identified the +4 flail of Charity {drain, rPois Will-
                  | Str+2 Int+5}
 47227 | Shoals:4 | Paralysed by an air elemental for 1 turns
 47230 | Shoals:4 | Paralysed by an air elemental for 1 turns
 47282 | Shoals:4 | Paralysed by an air elemental for 1 turns
 47539 | Shoals:4 | Reached skill level 15 in Conjurations
 47553 | Shoals:4 | Paralysed by an air elemental for 1 turns
 47559 | Shoals:4 | Paralysed by an air elemental for 1 turns
 47994 | Shoals:4 | Learned a level 8 spell: Lehudib's Crystal Spear
 48219 | Elf:1    | Entered Level 1 of the Elven Halls
 48582 | Elf:1    | Found Kaqem's Antique Armour Shop.
 48604 | Elf:1    | Bought an ichor-stained scale mail for 225 gold pieces
 48604 | Elf:1    | Identified the +5 scale mail of Dyspraxia {Harm} (You
                  | bought it in a shop on level 1 of the Elven Halls)
 49197 | Elf:1    | Got the Catalogue of the Escort
 49564 | Elf:1    | Got the Guide on Illusion
 49575 | Elf:1    | Found Fynias's Antique Weapon Shoppe.
 50208 | Elf:2    | Found Domm's Weapon Boutique.
 50273 | Elf:2    | Found Idusirio's General Store.
 50276 | Elf:2    | Bought a potion of haste for 170 gold pieces
 50341 | Elf:2    | Found a runed translucent gate.
 50341 | Elf:2    | Found a runed translucent gate.
 50343 | Elf:2    | Found a runed translucent gate.
 50353 | Elf:2    | Reached XP level 20. HP: 119/129 MP: 20/42
 50941 | Elf:2    | Found Joym Soi's Assorted Antiques.
 50946 | Elf:2    | Bought a glowing cloak for 315 gold pieces
 50946 | Elf:2    | Bought a scroll of amnesia for 147 gold pieces
 50946 | Elf:2    | Bought a scroll of summoning for 399 gold pieces
 52053 | Elf:3    | Entered Level 3 of the Elven Halls
 52372 | Elf:3    | Found Safuzoamm's Jewellery Boutique.
 52410 | Elf:3    | Noticed Bai Suzhen
 52415 | Elf:3    | Killed Bai Suzhen
 52828 | Elf:3    | Reached skill level 5 in Necromancy
 53405 | Elf:3    | Identified the ring "Touggypi" {rElec rPois EV+4 Int-5
                  | Dex+2}
 53557 | Elf:3    | Identified the +10 flail of the Postmodern Xeniums {freeze,
                  | *Corrode rElec Int+4}
 53702 | Elf:3    | Identified the +5 hand axe of the Crawling Thing {vorpal,
                  | rPois rN+}
 53702 | Elf:3    | Identified the +2 scale mail of Dishonesty {rC+ Str+3
                  | Dex+2}
 53712 | Elf:3    | Identified the +8 spear of the Snake Pit {vamp, rF++}
 53824 | Elf:3    | Identified the +5 mace of Fyca {vorpal, SInv}
 53826 | Elf:3    | Identified the +13 plate armour "Guosaega" {Fly rElec rN+++
                  | Will-}
 54438 | Elf:3    | Identified the +2 ring mail of Grace {Rampage Fly Will++
                  | Int-5}
 54696 | Vaults:1 | Entered Level 1 of the Vaults
 55125 | Vaults:1 | Reached XP level 21. HP: 113/136 MP: 36/43
 55474 | Vaults:1 | Found Imubesak's Jewellery Boutique.
 55482 | Vaults:1 | Bought the ring "Firas" {Drain Fly rF+ rCorr Int+5} for 535
                  | gold pieces
 57918 | Vaults:2 | Found Musy's Antique Armour Shop.
 58021 | Vaults:2 | Bought a fading chain mail for 399 gold pieces
 58021 | Vaults:2 | Identified the +2 chain mail "Exituqob" {rPois rN+ Stlth+}
                  | (You bought it in a shop on level 2 of the Vaults)
 59002 | Vaults:2 | Noticed an ancient lich
 59004 | Vaults:2 | Killed an ancient lich
 59431 | Vaults:2 | Noticed Jory
 60051 | Vaults:3 | Found a crumbling gateway.
 60097 | Desolati | Entered the Desolation of Salt
 60498 | Desolati | Identified the ring "Faevokk" {Drain rPois rF++ rC+ Dex+2}
 60500 | Desolati | Identified the ring "Sacsugg" {rF+ Will+ rCorr Dex+2}
 60592 | Desolati | Identified the +5 flail "Ixe Nesoapym" {pain, rF+}
 61157 | Desolati | Identified the +1 pair of gloves of the Depths {rElec rC+}
 61159 | Desolati | Identified the +7 falchion "Giant's Peril" {drain, *Rage
                  | rN+++ Str-4 Int+9}
 61383 | Desolati | Reached XP level 22. HP: 136/145 MP: 27/44
 61615 | Desolati | Found the +2 shield of Resistance {rF++ rC++ Will++}
 61723 | Desolati | Identified the +9 hunting sling "Feongull" {freeze, rN+
                  | Int+2}
 61965 | Vaults:3 | Learned a level 9 spell: Shatter
 61976 | Vaults:3 | Learned a level 8 spell: Ignition
 62099 | Vaults:3 | Found Noffuet's Antique Armour Emporium.
 62996 | Vaults:3 | Found a staircase to the Crypt.
 64418 | Vaults:4 | Reached skill level 10 in Fire Magic
 65139 | Vaults:3 | Identified the +9 glaive "Tekugaq" {protect, Will- rCorr
                  | Stlth+}
 65172 | Crypt:1  | Entered Level 1 of the Crypt
 66142 | Crypt:1  | You are sucked into a shaft and drop 1 floor!
 67126 | Crypt:2  | Noticed Margery
 67131 | Crypt:2  | Killed Margery
 67133 | Crypt:2  | Reached XP level 23. HP: 149/152 MP: 46/46
 67798 | Crypt:2  | Identified the +7 dagger "Roynk" {venom, Str-3 Dex+4
                  | Stlth+}
 67940 | Crypt:2  | Noticed Frederick
 67945 | Crypt:2  | Killed Frederick
 68100 | Crypt:2  | Reached skill level 15 in Armour
 68382 | Crypt:3  | Entered Level 3 of the Crypt
 68958 | Crypt:3  | Found an ancient bone altar of Kikubaaqudgha.
 69801 | Crypt:3  | Identified the ring of Moderation {rF+ rC- Will+ rCorr}
 70055 | Crypt:3  | Found the +7 sceptre of Torment {pain, torment}
 70067 | Crypt:3  | Got the Guide on Cold
 70068 | Crypt:3  | Identified the ring of Generosity {rF+++ rC+ rN+ Will++
                  | Str-4}
 70108 | Crypt:3  | Found a staircase to the Tomb.
 70108 | Crypt:3  | Noticed a dread lich
 70113 | Crypt:3  | Killed a dread lich
 70180 | Crypt:3  | Identified the ring of the Transparent Apple {rCorr MP+9
                  | Dex+2}
 71071 | Vaults:2 | Killed Jory
 71176 | Vaults:2 | Identified the ring "Gucwy" {Drain Fly rC- Str+9 Dex+3}
 71417 | Vaults:5 | Entered Level 5 of the Vaults
 71418 | Vaults:5 | Identified the +1 tower shield of Philately {Rampage rElec
                  | rCorr}
 71418 | Vaults:5 | Noticed Mennas
 71424 | Vaults:5 | Reached XP level 24. HP: 160/160 MP: 42/46
 71425 | Vaults:5 | Killed Mennas
 71455 | Vaults:5 | Noticed an ancient lich
 71459 | Vaults:5 | Killed an ancient lich
 71668 | Vaults:5 | Identified the +5 short sword of Qushroab {vamp, rF- rN+
                  | Int+9 SInv}
 71692 | Vaults:4 | Learned a level 9 spell: Fire Storm
 72046 | Vaults:5 | Noticed Saint Roka
 72049 | Vaults:5 | Killed Saint Roka
 72049 | Vaults:5 | Identified the +4 dagger of the Philosopher {antimagic, rC+
                  | Str+3}
 72625 | Vaults:5 | Identified the ring of the Decaying Grape {rElec rN++ Will+
                  | MP-9 Str+3 Slay+3}
 72706 | Vaults:5 | Got Doxkuf's Papyrus of Confrontation
 72742 | Vaults:5 | Found the +8 arc blade {discharge, rElec}
 72876 | Vaults:5 | Got a silver rune of Zot
 73265 | Vaults:5 | Identified the ring "Sojuets" {rC++ Will+ Int+4 Dex+6
                  | Stlth-}
 73274 | Vaults:5 | Identified the +0 scale mail of Truth {rElec rPois Dex-4}
 73725 | Depths:1 | Entered Level 1 of the Depths
 73886 | Depths:1 | Reached skill level 15 in Fire Magic
 74081 | Depths:1 | Found a gateway to Hell.
 74173 | Depths:1 | Found Kiofabe's Armour Emporium.
 74181 | Depths:1 | Bought the +3 hat of Pondering {ponderous, Will+ MP+10
                  | Int+5} for 495 gold pieces
 74181 | Depths:1 | Found the +3 hat of Pondering {ponderous, Will+ MP+10
                  | Int+5}
 74571 | Depths:2 | Reached XP level 25. HP: 166/166 MP: 47/47
 74613 | Depths:2 | Noticed the Enchantress
 74619 | Depths:2 | Found a one-way gate leading to the halls of Pandemonium.
 74621 | Depths:2 | Killed the Enchantress
 75109 | Depths:2 | Found a stormy altar of Qazlal.
 76614 | Depths:3 | Got Vihupuyp's Handbook of the Vitriolic Voyage
 76916 | Depths:3 | Found Pusotsir's Book Emporium.
 77024 | Depths:3 | Found a one-way gateway to a ziggurat.
 77469 | Depths:3 | Reached XP level 26. HP: 174/174 MP: 48/48
 77721 | Depths:4 | Entered Level 4 of the Depths
 78117 | Depths:4 | Found a corrupted altar of Lugonu.
 78182 | Depths:4 | Found a gate to the Realm of Zot.
 78588 | Depths:4 | Found Qetorgh's General Store.
 78590 | Depths:4 | Found Isysaapn's Magic Scroll Emporium.
 78592 | Depths:4 | Found Oheuly's Distillery.
 78596 | Depths:4 | Bought a potion of might for 56 gold pieces
 78596 | Depths:4 | Bought a scroll of fear for 49 gold pieces
 78596 | Depths:4 | Bought a scroll of enchant armour for 105 gold pieces
 78598 | Depths:4 | Bought a scroll of teleportation for 48 gold pieces
 78598 | Depths:4 | Bought a scroll of teleportation for 48 gold pieces
 78598 | Depths:4 | Bought a scroll of teleportation for 48 gold pieces
 78600 | Depths:4 | Bought a potion of might for 96 gold pieces
 78600 | Depths:4 | Bought a potion of brilliance for 96 gold pieces
 78600 | Depths:4 | Bought 2 potions of mutation for 384 gold pieces
 78600 | Depths:4 | Bought a potion of ambrosia for 192 gold pieces
 78600 | Depths:4 | Bought a potion of curing for 72 gold pieces
 78600 | Depths:4 | Bought a potion of mutation for 192 gold pieces
 78600 | Depths:4 | Bought a potion of heal wounds for 120 gold pieces
 78600 | Depths:4 | Bought a potion of curing for 72 gold pieces
 78732 | Depths:4 | Identified the +0 hat of Dishonesty {rElec Int+4}
 78927 | Zot:1    | Entered Level 1 of the Realm of Zot
 79573 | Zot:1    | You are sucked into a shaft and drop 1 floor!
 82080 | Zot:3    | Noticed an orb of fire
 82082 | Zot:3    | Killed an orb of fire
 82319 | Zot:3    | Reached XP level 27. HP: 155/181 MP: 49/49
 83065 | Zot:4    | Found a huge runed gate.
 83065 | Zot:4    | Found a huge runed gate.
 83065 | Zot:4    | Found a huge runed gate.
 83065 | Zot:4    | Found a huge runed gate.
 83065 | Zot:4    | Found a huge runed gate.
 83065 | Zot:4    | Found a huge runed gate.
 83065 | Zot:4    | Found a huge runed gate.
 83065 | Zot:4    | Found a huge runed gate.
 83065 | Zot:4    | Found a huge runed gate.
 83067 | Zot:4    | Found a huge runed gate.
 83073 | Zot:4    | Found a huge runed gate.
 83073 | Zot:4    | Found a huge runed gate.
 83073 | Zot:4    | Found a huge runed gate.
 83073 | Zot:4    | Found a huge runed gate.
 83073 | Zot:4    | Found a huge runed gate.
 83073 | Zot:4    | Found a huge runed gate.
 83074 | Zot:4    | Found a huge runed gate.
 83075 | Zot:4    | Found a huge runed gate.
 83076 | Zot:4    | Found a huge runed gate.
 83602 | Zot:4    | Found a huge runed gate.
 83603 | Zot:4    | Found a huge runed gate.
 83846 | Zot:4    | Found a huge runed gate.
 83846 | Zot:4    | Found a huge runed gate.
 83848 | Zot:4    | Found a huge runed gate.
 83959 | Zot:4    | Found a huge runed gate.
 83959 | Zot:4    | Found a huge runed gate.
 83959 | Zot:4    | Found a huge runed gate.
 83960 | Zot:4    | Found a huge runed gate.
 83966 | Zot:4    | Found a huge runed gate.
 83966 | Zot:4    | Found a huge runed gate.
 83966 | Zot:4    | Found a huge runed gate.
 83966 | Zot:4    | Found a huge runed gate.
 83966 | Zot:4    | Found a huge runed gate.
 84014 | Zot:4    | Found a huge runed gate.
 84015 | Zot:4    | Found a huge runed gate.
 84015 | Zot:4    | Found a huge runed gate.
 84169 | Zot:4    | Noticed a dread lich
 84169 | Zot:4    | Noticed an ancient lich
 84170 | Zot:4    | Killed a dread lich
 84170 | Zot:4    | Killed an ancient lich
 84428 | Zot:5    | Entered Level 5 of the Realm of Zot
 84883 | Zot:5    | Noticed an ancient lich
 84887 | Zot:5    | Killed an ancient lich
 84894 | Zot:5    | Noticed an orb of fire
 84894 | Zot:5    | Noticed an orb of fire
 84896 | Zot:5    | Noticed a juggernaut
 84896 | Zot:5    | a Killer Klown changed into a juggernaut
 84899 | Zot:5    | Noticed a dread lich
 84899 | Zot:5    | Noticed an orb of fire
 84902 | Zot:5    | Noticed an ancient lich
 84903 | Zot:5    | Killed a dread lich
 84903 | Zot:5    | Noticed an ancient lich
 84903 | Zot:5    | Noticed a dread lich
 84904 | Zot:5    | Killed an ancient lich
 84904 | Zot:5    | Noticed a dread lich
 84906 | Zot:5    | Killed a dread lich
 84908 | Zot:5    | Killed an ancient lich
 84909 | Zot:5    | Killed a dread lich
 85314 | Zot:5    | Killed an orb of fire
 85535 | Zot:5    | Killed an orb of fire
 85696 | Zot:5    | Killed a juggernaut
 85728 | Zot:5    | Killed an orb of fire
 85729 | Zot:5    | Reached skill level 5 in Transmutations
 86009 | Zot:5    | Learned a level 8 spell: Necromutation
 86041 | Zot:5    | Noticed an ancient lich
 86047 | Zot:5    | Killed an ancient lich
 86229 | Hell     | Entered the Vestibule of Hell
 86229 | Hell     | Noticed Geryon
 86234 | Hell     | Killed Geryon
 86579 | Hell     | Found a gateway to the decaying netherworld of Tartarus.
 86929 | Hell     | Found a gateway to the Iron City of Dis.
 87107 | Hell     | Found a gateway to the freezing wastes of Cocytus.
 87195 | Hell     | Found a gateway to the ashen valley of Gehenna.
 87512 | Coc:1    | Entered Level 1 of Cocytus
 87697 | Coc:1    | Noticed a dread lich
 87709 | Coc:1    | Killed a dread lich
 87740 | Coc:2    | Reached skill level 10 in Necromancy
 88626 | Coc:7    | Entered Level 7 of Cocytus
 88658 | Coc:7    | Paralysed by a wendigo for 1 turns
 88821 | Coc:7    | Reached skill level 15 in Necromancy
 89219 | Coc:7    | Paralysed by a wendigo for 1 turns
 89452 | Coc:7    | Identified the +7 glaive of Nishiog {elec, rF+ rN++}
 89602 | Coc:7    | Reached skill level 10 in Transmutations
 90096 | Coc:7    | Noticed Antaeus
 90103 | Coc:7    | Killed Antaeus
 90154 | Coc:7    | Got an icy rune of Zot
 90310 | Tar:1    | Entered Level 1 of Tartarus
 91445 | Tar:4    | Noticed an ancient lich
 91449 | Tar:4    | Killed an ancient lich
 93007 | Tar:7    | Entered Level 7 of Tartarus
 93287 | Tar:7    | Lost strength.
 93478 | Pan      | Entered Pandemonium
 93542 | Pan      | Noticed Nohuezede the pandemonium lord
 93545 | Pan      | Killed Nohuezede the pandemonium lord
 93807 | Pan      | Got a demonic rune of Zot
 96802 | Pan      | Found an exit through the horrors of the Abyss.
 96998 | Pan      | Noticed Mubeoneng the pandemonium lord
 97013 | Pan      | Killed Mubeoneng the pandemonium lord
 97677 | Pan      | Took an exit into the Abyss.
 97677 | Abyss:1  | Escaped into the Abyss
 98268 | Abyss:3  | Paralysed by you for 4 turns
 99269 | Abyss:4  | Paralysed by an air elemental for 1 turns
 99294 | Depths:3 | Escaped the Abyss
 99478 | Pan      | Entered Pandemonium
 99935 | Pan      | Noticed Junleu Nogoe the pandemonium lord
 99941 | Pan      | Killed Junleu Nogoe the pandemonium lord
 99942 | Pan      | Reached skill level 1 in Ice Magic
101737 | Pan      | Noticed Saokhlen the pandemonium lord
101743 | Pan      | Killed Saokhlen the pandemonium lord
104091 | Pan      | Reached skill level 5 in Ice Magic
104184 | Pan      | Learned a level 7 spell: Ozocubu's Refrigeration
104479 | Pan      | Noticed Esemunic the pandemonium lord
104484 | Pan      | Killed Esemunic the pandemonium lord
104494 | Pan      | Reached skill level 15 in Transmutations
104771 | Pan      | Gained mutation: You tend to lose your temper in combat. [a
                  | neqoxec]
105005 | Pan      | Gained mutation: You sometimes lose the ability to read
                  | scrolls when taking damage. [a neqoxec]
105012 | Pan      | Lost mutation: You tend to lose your temper in combat.
                  | [potion of mutation]
105012 | Pan      | Lost mutation: You sometimes lose the ability to read
                  | scrolls when taking damage. [potion of mutation]
105012 | Pan      | Gained mutation: You have supernaturally acute eyesight.
                  | (SInv) [potion of mutation]
105012 | Pan      | Gained mutation: Your spells are a little harder to cast,
                  | but a little more powerful. [potion of mutation]
106218 | Pan      | Noticed Miawn the pandemonium lord
106224 | Pan      | Killed Miawn the pandemonium lord
108517 | Pan      | Noticed Veepn the pandemonium lord
108521 | Pan      | Killed Veepn the pandemonium lord
108926 | Pan      | Found an exit through the horrors of the Abyss.
108954 | Pan      | Took an exit into the Abyss.
108954 | Abyss:1  | Escaped into the Abyss
109631 | Abyss:3  | Identified the +4 tower shield "Paisenar" {-Tele Regen+
                  | Int+7}
110051 | Abyss:3  | Found an iron altar of Okawaru.
110204 | Abyss:4  | Found a corrupted altar of Lugonu.
110340 | Depths:3 | Escaped the Abyss
110604 | Tar:7    | Identified the +10 hand axe "Seppist" {vorpal, rF+ Int-4
                  | SInv}
111295 | Tar:7    | Noticed a dread lich
111297 | Tar:7    | Noticed an ancient lich
111298 | Tar:7    | Killed a dread lich
111301 | Tar:7    | Killed an ancient lich
111310 | Tar:7    | Identified the +12 shortbow "Situfug" {venom, Str+3}
111927 | Tar:7    | Noticed Ereshkigal
111932 | Tar:7    | Killed Ereshkigal
112494 | Tar:7    | Reached skill level 10 in Ice Magic
112880 | Tar:7    | Reached skill level 27 in Fighting
113047 | Tar:7    | Identified the ring of Ovoc Lotsy {rPois rF+ Int+7}
113085 | Tar:7    | Identified the amulet of Boere {Reflect Fragile Slay+6
                  | SH+5}
113127 | Tar:7    | Noticed an ancient lich
113135 | Tar:7    | Killed an ancient lich
113328 | Tar:7    | Identified the +1 mace "Ushra" {drain, Int+7}
113354 | Tar:7    | Identified the +7 scimitar of Mordant Integrity {pain,
                  | rElec}
113433 | Tar:7    | Noticed a dread lich
113439 | Tar:7    | Killed a dread lich
113704 | Tar:7    | Got a bone rune of Zot
113878 | Pan      | Entered Pandemonium
114701 | Pan      | Noticed Custam the pandemonium lord
114706 | Pan      | Killed Custam the pandemonium lord
115836 | Pan      | Entered the realm of Mnoleg.
115836 | Pan      | Noticed Mnoleg
116595 | Pan      | Killed Mnoleg
116808 | Pan      | Got a glowing rune of Zot
117106 | Pan      | Entered the realm of Cerebov.
117114 | Pan      | Reached skill level 27 in Spellcasting
117596 | Pan      | Identified the +6 arbalest "Jellyslayer" {freeze, Str+3
                  | Dex+3}
117597 | Pan      | Identified the +6 falchion of Natos {drain, Str+2}
117597 | Pan      | Identified the amulet "Suohezecw" {rF+ rC+ Regen+ Str-2
                  | Stlth+}
117791 | Pan      | Found the +6 sword of Cerebov {flame}
117791 | Pan      | Noticed Cerebov
118479 | Pan      | Killed Cerebov
118508 | Pan      | Identified the ring "Hoymod" {rC+ rN+ Stlth+}
118510 | Pan      | Identified the +3 ring mail "Ymudeu Duol" {Str+9}
118529 | Pan      | Identified the ring "Decedeos" {Str+6 Dex+4}
118532 | Pan      | Identified the +7 long sword of Fedhas's Felicitations
                  | {vorpal, rC- rN+ Str+8 Int+2}
118576 | Pan      | Got a fiery rune of Zot
118616 | Pan      | Reached skill level 15 in Ice Magic
118768 | Pan      | Entered the realm of Gloorx Vloq.
118797 | Pan      | Identified the ring of Knowledge {EV+4 Int+6}
119946 | Pan      | Noticed Gloorx Vloq
119950 | Pan      | Killed Gloorx Vloq
119967 | Pan      | Got a dark rune of Zot
120314 | Pan      | Identified the +0 crystal plate armour of Perpetual Drought
                  | {MP-9 Str+4 Dex+2 Slay+3}
120946 | Pan      | Found a glowing silver altar of Zin.
121384 | Pan      | Found a glowing golden altar of the Shining One.
121384 | Pan      | Identified the +0 robe "Umoo" {Int+6}
121389 | Pan      | Noticed a seraph
121396 | Pan      | Killed a seraph
121425 | Pan      | Identified the +6 mace of the Lame Duck {protect, Dex+8}
121434 | Pan      | Identified the +6 flail "Izojemy" {freeze, rF++ Int+2
                  | Dex+3}
121436 | Pan      | Identified the +8 morningstar of the Doomed Warrior
                  | {vorpal, rPois}
121523 | Pan      | Identified the +3 tower shield of the Ward {-Tele Fly
                  | Will++ Regen+}
122110 | Pan      | Identified the +6 short sword of Objectivity {protect,
                  | rCorr Str+4 Int+4 Stlth+}
122376 | Pan      | Identified the +0 tower shield "Ukheiwaop" {Harm rPois
                  | Str+7 Dex-4}
123418 | Pan      | Found a white marble altar of Elyvilon.
124814 | Pan      | Entered the realm of Lom Lobon.
124873 | Pan      | Noticed Ignacio
124877 | Pan      | Killed Ignacio
125142 | Pan      | Found an exit through the horrors of the Abyss.
126101 | Pan      | Noticed Lom Lobon
126372 | Pan      | Killed Lom Lobon
126449 | Pan      | Got a magical rune of Zot
126648 | Pan      | Took an exit into the Abyss.
126648 | Abyss:1  | Escaped into the Abyss
127292 | Abyss:3  | Paralysed by you for 6 turns
127650 | Abyss:4  | Found a basalt altar of Yredelemnul.
127762 | Abyss:4  | Gained mutation: You are frail. (-10% HP) [a neqoxec]
127763 | Abyss:4  | Gained mutation: You are dopey. (Int -2) [a neqoxec]
127781 | Abyss:4  | Lost mutation: You have supernaturally acute eyesight.
                  | (SInv) [potion of mutation]
127781 | Abyss:4  | Lost mutation: Your spells are a little harder to cast, but
                  | a little more powerful. [potion of mutation]
127781 | Abyss:4  | Lost mutation: You are dopey. (Int -2) [potion of mutation]
127781 | Abyss:4  | Gained mutation: You possess an exceptional clarity of
                  | mind. [potion of mutation]
127781 | Abyss:4  | Gained mutation: You sometimes lose the ability to read
                  | scrolls when taking damage. [potion of mutation]
127781 | Abyss:4  | Lost mutation: You are frail. (-10% HP) [potion of
                  | mutation]
127782 | Abyss:4  | Lost mutation: You sometimes lose the ability to read
                  | scrolls when taking damage. [potion of mutation]
127782 | Abyss:4  | Lost mutation: You possess an exceptional clarity of mind.
                  | [potion of mutation]
127782 | Abyss:4  | Gained mutation: Your muscles are strong. (Str +2) [potion
                  | of mutation]
127804 | Abyss:4  | Found a burning altar of Makhleb.
127847 | Abyss:4  | Gained mutation: You sometimes lose the ability to read
                  | scrolls when taking damage. [a neqoxec]
127862 | Abyss:4  | Gained mutation: You occasionally shout uncontrollably at
                  | your foes. [a neqoxec]
128017 | Depths:3 | Escaped the Abyss
128347 | Slime:1  | Entered Level 1 of the Pits of Slime
128488 | Slime:3  | Lost mutation: Your muscles are strong. (Str +2) [potion of
                  | mutation]
128488 | Slime:3  | Lost mutation: You occasionally shout uncontrollably at
                  | your foes. [potion of mutation]
128488 | Slime:3  | Lost mutation: You sometimes lose the ability to read
                  | scrolls when taking damage. [potion of mutation]
128488 | Slime:3  | Gained mutation: You possess an exceptional clarity of
                  | mind. [potion of mutation]
128733 | Slime:5  | Entered Level 5 of the Pits of Slime
128764 | Slime:5  | Noticed Dissolution
128767 | Slime:5  | Killed Dissolution
128795 | Slime:5  | Noticed the Royal Jelly
128799 | Slime:5  | Killed the Royal Jelly
128937 | Slime:5  | Identified the +0 leather armour "Caubeh" {rC+ Regen+ MP+9
                  | Int+4}
128967 | Slime:5  | Got a slimy rune of Zot
128982 | Slime:5  | Identified the +0 ring mail "Balutsit" {Int+2 Dex+3}
128984 | Slime:5  | Identified the +11 shortbow of the Orcish Mines {vorpal,
                  | rC+}
129372 | Geh:1    | Entered Level 1 of Gehenna
130033 | Geh:6    | Noticed an ancient lich
130037 | Geh:6    | Killed an ancient lich
130286 | Geh:7    | Entered Level 7 of Gehenna
130514 | Geh:7    | Found the +6 Majin-Bo {vamp, MP+6 Int+6}
130518 | Geh:7    | Identified the amulet of Dogeuh {Reflect Fragile Int+8
                  | SH+5}
130530 | Geh:7    | Identified the ring "Zyicag" {AC+4 Str+2}
130541 | Geh:7    | Identified the +6 scale mail of Compression {+Inv rN+ Str+3
                  | Dex+4}
131356 | Geh:7    | Found the +7 sceptre of Asmodeus
131356 | Geh:7    | Noticed Asmodeus
131366 | Geh:7    | Killed Asmodeus
131513 | Geh:7    | Identified the +9 war axe "Locly" {speed, rElec MP+9 Str+4
                  | Int-3 Dex+4}
131515 | Geh:7    | Got an obsidian rune of Zot
131680 | Dis:1    | Entered Level 1 of the Iron City of Dis
131752 | Dis:3    | You are sucked into a shaft and drop 3 floors!
131787 | Dis:7    | Entered Level 7 of the Iron City of Dis
132525 | Dis:4    | Noticed a dread lich
132526 | Dis:4    | Killed a dread lich
132740 | Dis:5    | Noticed a dread lich
132745 | Dis:5    | Killed a dread lich
133451 | Dis:7    | Noticed the Serpent of Hell
133456 | Dis:7    | Killed the Serpent of Hell
134011 | Dis:7    | Noticed a juggernaut
134014 | Dis:7    | Killed a juggernaut
134255 | Dis:7    | HP: 7/185 [Hell Sentinel/damnation (41)]
134754 | Dis:7    | Noticed a juggernaut
134759 | Dis:7    | Killed a juggernaut
134768 | Dis:7    | Identified the +0 pair of gloves of Immorality {Int+4 Dex-4
                  | Stlth+}
134780 | Dis:7    | Identified the +4 great sword of Optimality {vorpal, Int+5}
134822 | Dis:7    | Identified the +5 trident of Watchfulness {drain, rPois}
135396 | Dis:7    | Found the +4 staff of Dispater
135396 | Dis:7    | Identified the ring of Brilliance {Will+++ rCorr EV+4}
135396 | Dis:7    | Noticed Dispater
135401 | Dis:7    | Noticed a juggernaut
135405 | Dis:7    | Killed a juggernaut
135406 | Dis:7    | Killed Dispater
135455 | Dis:7    | Got an iron rune of Zot
135944 | Tomb:1   | Entered Level 1 of the Tomb of the Ancients
136516 | Tomb:1   | Noticed a royal mummy
136520 | Tomb:1   | Killed a royal mummy
136529 | Tomb:1   | Noticed a royal mummy
136534 | Tomb:1   | Killed a royal mummy
137009 | Tomb:1   | Noticed a royal mummy
137009 | Tomb:1   | Noticed a royal mummy
137010 | Tomb:1   | Killed a royal mummy
137010 | Tomb:1   | Noticed a royal mummy
137011 | Tomb:1   | Reached skill level 27 in Earth Magic
137011 | Tomb:1   | Killed a royal mummy
137015 | Tomb:1   | Killed a royal mummy
137017 | Tomb:1   | Noticed a royal mummy
137021 | Tomb:1   | Killed a royal mummy
137088 | Tomb:1   | Noticed a royal mummy
137095 | Tomb:1   | Killed a royal mummy
137134 | Tomb:1   | Noticed a royal mummy
137138 | Tomb:1   | Killed a royal mummy
137406 | Tomb:1   | Noticed a royal mummy
137410 | Tomb:1   | Killed a royal mummy
138176 | Depths:3 | Learned a level 9 spell: Death's Door
138178 | Depths:3 | Voluntarily entered the Abyss.
138179 | Abyss:1  | Noticed an ancient lich
138182 | Abyss:1  | Killed an ancient lich
138193 | Abyss:1  | Noticed a dread lich
138198 | Abyss:1  | Killed a dread lich
138201 | Abyss:1  | Noticed a dread lich
138205 | Abyss:1  | Killed a dread lich
138227 | Abyss:1  | Noticed a dread lich
138233 | Abyss:1  | Killed a dread lich
138720 | Abyss:4  | Found a transporter.
138721 | Abyss:4  | Found a corrupted altar of Lugonu.
138722 | Abyss:4  | Found a transporter.
138745 | Abyss:4  | Identified the amulet "Tosh" {RegenMP rF+ Will++}
138764 | Abyss:4  | Identified the +0 kite shield of Sohif {-Cast Will+ Str+7}
138807 | Abyss:4  | Paralysed by accursed screaming for 1 turns
138889 | Abyss:4  | Found a corrupted altar of Lugonu.
138913 | Abyss:4  | Found a transporter.
138978 | Depths:3 | Escaped the Abyss
139662 | Tomb:2   | Noticed a royal mummy
139662 | Tomb:2   | Noticed a royal mummy
139663 | Tomb:2   | Noticed a royal mummy
139663 | Tomb:2   | Noticed a royal mummy
139665 | Tomb:2   | Killed a royal mummy
139667 | Tomb:2   | Killed a royal mummy
139667 | Tomb:2   | Killed a royal mummy
139667 | Tomb:2   | Killed a royal mummy
139837 | Tomb:2   | Identified the +2 cloak "Meimiful" {Rampage Int+3 Dex-4
                  | SInv}
140775 | Depths:3 | Voluntarily entered the Abyss.
140784 | Abyss:1  | Noticed a dread lich
140788 | Abyss:2  | Found a corrupted altar of Lugonu.
140829 | Abyss:4  | Found a corrupted altar of Lugonu.
140975 | Abyss:4  | Found a corrupted altar of Lugonu.
141195 | Abyss:5  | Entered Level 5 of the Abyss
141204 | Abyss:5  | Found a corrupted altar of Lugonu.
141231 | Abyss:5  | Got an abyssal rune of Zot
141243 | Depths:3 | Escaped the Abyss
141669 | Tomb:3   | Entered Level 3 of the Tomb of the Ancients
141683 | Tomb:3   | Noticed a royal mummy
141684 | Tomb:3   | Noticed a royal mummy
141684 | Tomb:3   | Noticed a royal mummy
141685 | Tomb:3   | Killed a royal mummy
141685 | Tomb:3   | Noticed a royal mummy
141686 | Tomb:3   | Killed a royal mummy
141686 | Tomb:3   | Killed a royal mummy
141687 | Tomb:3   | Noticed a royal mummy
141687 | Tomb:3   | Killed a royal mummy
141687 | Tomb:3   | Noticed a royal mummy
141688 | Tomb:3   | Noticed a royal mummy
141688 | Tomb:3   | Noticed a royal mummy
141689 | Tomb:3   | Killed a royal mummy
141689 | Tomb:3   | Killed a royal mummy
141689 | Tomb:3   | Noticed a royal mummy
141690 | Tomb:3   | Killed a royal mummy
141690 | Tomb:3   | Killed a royal mummy
141691 | Tomb:3   | Killed a royal mummy
141722 | Tomb:3   | Got a golden rune of Zot
141798 | Tomb:3   | Identified the +6 arbalest of Xooc {venom, Drain rElec
                  | rC+++ Dex-3}
141805 | Tomb:3   | Identified the +1 leather armour "Waekotu" {Rampage rC-
                  | rN++ SInv}
141882 | Tomb:3   | Identified the ring of Vityotro {rElec Will+ AC+4 Stlth+}
141885 | Tomb:3   | Identified the +7 rapier of Courage {distort, rPois rC-
                  | Str-3 Dex+9}
141907 | Tomb:3   | Found the amulet of the Air {Inacc Air Fly rElec RMsl}
142086 | Tomb:3   | Identified the +4 broad axe "Nunwot" {protect, Fly rPois
                  | rF- Int+3}
142535 | Zig:1    | Entered Level 1 of a ziggurat
142569 | Zig:2    | Entered Level 2 of a ziggurat
142591 | Zig:2    | Identified the +10 mace of Inconvenience {freeze, Fragile
                  | Dex+6 SInv}
142597 | Zig:3    | Entered Level 3 of a ziggurat
142628 | Zig:4    | Entered Level 4 of a ziggurat
142629 | Zig:4    | Found the +4 Cigotuvi's embrace {rMiasma Drain rN+}
142690 | Zig:5    | Entered Level 5 of a ziggurat
142736 | Zig:6    | Entered Level 6 of a ziggurat
142801 | Zig:6    | Identified the +7 flail of Amorality {speed, rElec Stlth+}
142813 | Zig:7    | Entered Level 7 of a ziggurat
142841 | Zig:7    | Identified the +6 ring mail "Lolaj" {Int+2}
142865 | Zig:8    | Entered Level 8 of a ziggurat
142889 | Zig:8    | Identified the +7 morningstar of Spite {vorpal, Int+3 Dex+4
                  | Stlth+}
142892 | Zig:8    | Identified the +2 quarterstaff of Sequestration {drain,
                  | Drain rPois Str+3}
142921 | Zig:9    | Entered Level 9 of a ziggurat
142971 | Zig:10   | Entered Level 10 of a ziggurat
142982 | Zig:10   | Noticed a dread lich
142984 | Zig:10   | Killed a dread lich
143014 | Zig:11   | Entered Level 11 of a ziggurat
143025 | Zig:11   | Noticed Enneurph the pandemonium lord
143032 | Zig:11   | Killed Enneurph the pandemonium lord
143062 | Zig:11   | Got Kucziafi's Introduction to Spellcraft
143113 | Zig:12   | Entered Level 12 of a ziggurat
143171 | Zig:12   | Identified the +3 war axe "Toedd" {vorpal, rC+}
143179 | Zig:13   | Entered Level 13 of a ziggurat
143262 | Zig:13   | Identified the +4 spear of Irritation {flame, Str+2}
143265 | Zig:13   | Identified the +1 chain mail "Punach" {rElec rN++ Regen+
                  | Dex-4 Stlth+}
143295 | Zig:14   | Entered Level 14 of a ziggurat
143389 | Zig:15   | Entered Level 15 of a ziggurat
143418 | Zig:15   | Identified the ring "Wuskiwuili" {rN+ Will- Str+3 Dex+4
                  | Slay+4}
143426 | Zig:15   | Identified the +10 lajatang of the Tiger {drain, rCorr
                  | SInv}
143452 | Zig:16   | Entered Level 16 of a ziggurat
143468 | Zig:16   | Reached skill level 27 in Armour
143468 | Zig:16   | Reached skill level 27 in Fire Magic
143471 | Zig:16   | Reached skill level 27 in Shields
143633 | Zig:16   | Got Vutzag's Primer on Spellcraft
143659 | Zig:16   | Identified the +6 flail "Nyugicw" {drain, rElec rC+ Int+4}
143664 | Zig:16   | Identified the +8 chain mail of the Kettle-Drum {Stlth+}
143669 | Zig:17   | Entered Level 17 of a ziggurat
143680 | Zig:17   | Noticed an ancient lich
143684 | Zig:17   | Killed an ancient lich
143684 | Zig:17   | Noticed an ancient lich
143687 | Zig:17   | Killed an ancient lich
143762 | Zig:17   | Identified the +7 fustibalus of the Bouncing Cities
                  | {freeze, Stlth+}
143768 | Zig:17   | Identified the ring of Duom {Fly rPois rC+ rN+}
143784 | Zig:17   | Identified the ring of the Yeti {rPois rF+ rC+ Str+2}
143788 | Zig:17   | Identified the ring of Qayreisch {rElec rPois rF- Will-
                  | Dex+8}
143829 | Zig:18   | Entered Level 18 of a ziggurat
143847 | Zig:18   | Found the ring of the Octopus King
143848 | Zig:18   | Found the +7 pair of quick blades "Gyre" and "Gimble"
                  | {protect}
143946 | Zig:18   | Identified a ring of the Octopus King {rF+ AC+1 EV+1 Str+1
                  | Int+1 Dex+1}
143973 | Zig:18   | Identified the +12 battleaxe of Discomfort {flame, *Noise
                  | rC+++ rN+ Will+}
143981 | Zig:19   | Entered Level 19 of a ziggurat
143995 | Zig:19   | Reached skill level 27 in Conjurations
144005 | Zig:19   | Found the +10 morningstar "Eos" {elec, Halo rElec}
144070 | Zig:19   | Identified the +2 long sword of the Lonely Wonders {elec,
                  | rPois Str+8 Int-4 SInv}
144077 | Zig:19   | Identified the ring "Lusch" {rF+ Will+ Dex+6}
144114 | Zig:20   | Entered Level 20 of a ziggurat
144167 | Zig:20   | Identified the ring "Levon" {rPois rN+ Str-4 Int-2 Dex+5}
144214 | Zig:21   | Entered Level 21 of a ziggurat
144310 | Zig:21   | Found the +7 lajatang of Order {silver, rMut}
144320 | Zig:21   | Identified the ring "Umpaiqa" {Fly Int+2 Slay+2}
144328 | Zig:21   | Identified the ring "Yqoukhle" {rPois rF+ EV+4 Dex-2}
144370 | Zig:22   | Entered Level 22 of a ziggurat
144387 | Zig:22   | Noticed an ancient lich
144390 | Zig:22   | Killed an ancient lich
144394 | Zig:22   | Noticed an ancient lich
144397 | Zig:22   | Killed an ancient lich
144408 | Zig:22   | Identified the ring of the Inquisitive Nights {rElec rF+
                  | Str-5 SInv}
144415 | Zig:22   | Identified the +3 scale mail of Oblivion {+Inv}
144602 | Zig:22   | Identified the +5 longbow of Welfare {freeze, rC++ MP+9
                  | SInv}
144603 | Zig:22   | Identified the +3 leather armour of the Present {rC+ rN+}
144606 | Zig:23   | Entered Level 23 of a ziggurat
144612 | Zig:23   | Paralysed by an air elemental for 1 turns
144728 | Zig:23   | Identified the +10 plate armour of Watchfulness {Will+
                  | Dex+4}
144733 | Zig:23   | Identified the +8 long sword "Otouzuu" {vorpal, rN+}
144738 | Zig:24   | Entered Level 24 of a ziggurat
144756 | Zig:24   | Paralysed by an air elemental for 1 turns
144870 | Zig:24   | Identified the +6 mace of Guilt {vamp, rPois SInv}
144874 | Zig:24   | Identified the +1 leather armour of Anaesthesia {rC+ Regen+
                  | Str-4 Slay+2}
144881 | Zig:25   | Entered Level 25 of a ziggurat
145319 | Zig:25   | Identified the +2 spear "Embalmer" {vorpal, Fly rF+++ rC+
                  | rCorr}
145327 | Zig:25   | Identified the +3 hand axe "Kuereler" {vorpal, *Noise rPois
                  | Dex+5 Stlth+}
145339 | Zig:25   | Identified the +0 robe of Fashionability {rC+ Int+3 Dex-5}
145341 | Zig:25   | Identified the +8 dagger of Asy Qus {flame, rN+}
145358 | Zig:25   | Learned a level 9 spell: Polar Vortex
145360 | Zig:26   | Entered Level 26 of a ziggurat
145638 | Zig:26   | Identified the ring of the Stallion {rC++ Will+}
145649 | Zig:26   | Identified the +8 hunting sling of Setyipaa {flame, Dex+4}
145656 | Zig:26   | Identified the +2 rapier "Goblinslayer" {flame, Int+5 SInv}
145698 | Zig:26   | Identified the +0 plate armour "Vugit" {rC- Will- Regen+
                  | SInv}
145711 | Zig:27   | Entered Level 27 of a ziggurat
145720 | Zig:27   | Noticed an ancient lich
145721 | Zig:27   | Killed an ancient lich
145722 | Zig:27   | Noticed an ancient lich
145722 | Zig:27   | Noticed a dread lich
145723 | Zig:27   | Noticed an ancient lich
145725 | Zig:27   | Killed an ancient lich
145725 | Zig:27   | Killed a dread lich
145726 | Zig:27   | Noticed a dread lich
145727 | Zig:27   | Killed an ancient lich
145728 | Zig:27   | Killed a dread lich
145730 | Zig:27   | Noticed an ancient lich
145733 | Zig:27   | Killed an ancient lich
145793 | Zig:27   | Found the +8 mithril axe "Arga" {speed, Will+}
145824 | Zig:27   | Identified the ring "Gobigaer" {*Corrode rC+ Str+4 Int+6}
145841 | Zig:27   | Identified the amulet "Duatab" {Faith -Tele Harm Str+6}
145843 | Zig:27   | Identified the amulet "Kot Rol" {rPois Regen+ Str+3 Int+2}
145859 | Zig:27   | Got the Tome of Dusty Toxins
145895 | Zig:27   | Identified the +3 bardiche of Disgust {spect, *Rage Fly
                  | rF+++ Int+4}
145898 | Zig:27   | Identified the +1 robe "Obluqiog" {-Tele Harm rElec Regen+}
145908 | Zig:27   | Identified the +4 shortbow "Rummage" {freeze, rC- Will+
                  | rCorr Dex+3}
145949 | Zig:1    | Entered Level 1 of a ziggurat
146081 | Zig:2    | Entered Level 2 of a ziggurat
146110 | Zig:3    | Entered Level 3 of a ziggurat
146113 | Zig:3    | Noticed a dread lich
146119 | Zig:3    | Killed a dread lich
146202 | Zig:4    | Entered Level 4 of a ziggurat
146246 | Zig:4    | Identified the amulet "Ximpeaga" {Reflect Rampage Slay+3
                  | SH+5}
146252 | Zig:5    | Entered Level 5 of a ziggurat
146256 | Zig:5    | Noticed an ancient lich
146257 | Zig:5    | Noticed an ancient lich
146259 | Zig:5    | Killed an ancient lich
146259 | Zig:5    | Killed an ancient lich
146292 | Zig:6    | Entered Level 6 of a ziggurat
146294 | Zig:6    | Noticed a royal mummy
146297 | Zig:6    | Killed a royal mummy
146299 | Zig:6    | Noticed a royal mummy
146300 | Zig:6    | Killed a royal mummy
146355 | Zig:7    | Entered Level 7 of a ziggurat
146437 | Zig:8    | Entered Level 8 of a ziggurat
146491 | Zig:9    | Entered Level 9 of a ziggurat
146531 | Zig:10   | Entered Level 10 of a ziggurat
146604 | Zig:11   | Entered Level 11 of a ziggurat
146635 | Zig:11   | Identified the +2 cloak of Iraarour {Harm Str-4 Int+5
                  | Dex+3}
146673 | Zig:11   | Identified the +3 hunting sling "Hikhlytapp" {freeze, rC++
                  | Str+4 Stlth+}
146733 | Zig:12   | Entered Level 12 of a ziggurat
146884 | Zig:12   | Identified the ring of Temperance {rC+ Dex+4}
146917 | Zig:13   | Entered Level 13 of a ziggurat
146942 | Zig:13   | Found the +7 Spriggan's Knife {stab, EV+4 Stlth+}
146947 | Zig:13   | Identified the amulet "Sintof" {RegenMP rPois Will- Int+8}
147016 | Zig:13   | Identified the +7 dagger of Lies {drain, rN++ Str+5 Dex-2}
147024 | Zig:14   | Entered Level 14 of a ziggurat
147034 | Zig:14   | Noticed a royal mummy
147036 | Zig:14   | Noticed a royal mummy
147037 | Zig:14   | Killed a royal mummy
147038 | Zig:14   | Noticed a royal mummy
147039 | Zig:14   | Killed a royal mummy
147040 | Zig:14   | Killed a royal mummy
147040 | Zig:14   | Noticed a royal mummy
147040 | Zig:14   | Noticed a royal mummy
147041 | Zig:14   | Reached skill level 27 in Necromancy
147042 | Zig:14   | Killed a royal mummy
147042 | Zig:14   | Killed a royal mummy
147043 | Zig:14   | Noticed a royal mummy
147047 | Zig:14   | Killed a royal mummy
147115 | Zig:15   | Entered Level 15 of a ziggurat
147129 | Zig:15   | Noticed an ancient lich
147129 | Zig:15   | Noticed a dread lich
147132 | Zig:15   | Killed an ancient lich
147132 | Zig:15   | Killed a dread lich
147133 | Zig:15   | Reached skill level 5 in Dodging
147134 | Zig:15   | Noticed an ancient lich
147135 | Zig:15   | Killed an ancient lich
147163 | Zig:15   | Identified the amulet of the Sky {Acrobat rN+ Will- Dex+4
                  | SInv}
147203 | Zig:16   | Entered Level 16 of a ziggurat
147229 | Zig:16   | Found the +5 robe of Night {Dark Will+ SInv}
147392 | Zig:16   | Identified the +6 whip "Globulus" {venom, Int+7}
147396 | Zig:17   | Entered Level 17 of a ziggurat
147439 | Zig:17   | Identified the +5 mace of Ownomm {vorpal, rN+}
147487 | Zig:18   | Entered Level 18 of a ziggurat
147498 | Zig:18   | Noticed Sipnotat the pandemonium lord
147499 | Zig:18   | Noticed Gutatt the pandemonium lord
147500 | Zig:18   | Noticed Sinnuobu the pandemonium lord
147510 | Zig:18   | Killed Sipnotat the pandemonium lord
147512 | Zig:18   | Noticed Idghiurgh the pandemonium lord
147512 | Zig:18   | Noticed Masam the pandemonium lord
147513 | Zig:18   | Killed Masam the pandemonium lord
147514 | Zig:18   | Killed Sinnuobu the pandemonium lord
147515 | Zig:18   | Killed Idghiurgh the pandemonium lord
147515 | Zig:18   | Noticed Pocvinock the pandemonium lord
147517 | Zig:18   | Killed Pocvinock the pandemonium lord
147519 | Zig:18   | Noticed Seatil Waung the pandemonium lord
147520 | Zig:18   | Noticed Dutun the pandemonium lord
147521 | Zig:18   | Killed Seatil Waung the pandemonium lord
147521 | Zig:18   | Killed Gutatt the pandemonium lord
147522 | Zig:18   | Reached skill level 10 in Dodging
147522 | Zig:18   | Killed Dutun the pandemonium lord
147523 | Zig:18   | Noticed Kulirheo the pandemonium lord
147523 | Zig:18   | Noticed Falusuc the pandemonium lord
147524 | Zig:18   | Killed Kulirheo the pandemonium lord
147524 | Zig:18   | Killed Falusuc the pandemonium lord
147525 | Zig:18   | Noticed Remanelo the pandemonium lord
147527 | Zig:18   | Killed Remanelo the pandemonium lord
147624 | Zig:18   | Identified the +8 hand crossbow "Veugun" {penet, rElec rN+}
147673 | Zig:18   | Identified the +6 broad axe of the Hungering Augurer
                  | {vorpal, rC+ rN+ Int-2}
147674 | Zig:18   | Identified the +5 ring mail of Darkness {rPois Str+3}
147678 | Zig:19   | Entered Level 19 of a ziggurat
147694 | Zig:19   | Noticed a juggernaut
147694 | Zig:19   | Noticed a juggernaut
147697 | Zig:19   | Killed a juggernaut
147697 | Zig:19   | Noticed a juggernaut
147698 | Zig:19   | Killed a juggernaut
147698 | Zig:19   | Killed a juggernaut
147788 | Zig:19   | Found the +8 frozen axe "Frostbite" {freezing cloud, *Noise
                  | Fly rC+}
147792 | Zig:19   | Found the amulet of Vitality {Regen+ HP+15}
147859 | Zig:19   | Identified the +7 mace of Bile {vorpal, rF+ Str-4 Int-4
                  | Dex+7}
147876 | Zig:20   | Entered Level 20 of a ziggurat
147891 | Zig:20   | Noticed an ancient lich
147894 | Zig:20   | Killed an ancient lich
147898 | Zig:20   | Noticed a dread lich
147898 | Zig:20   | Noticed an ancient lich
147900 | Zig:20   | Reached skill level 15 in Dodging
147900 | Zig:20   | Killed a dread lich
147900 | Zig:20   | Noticed a dread lich
147901 | Zig:20   | Killed an ancient lich
147901 | Zig:20   | Noticed a dread lich
147902 | Zig:20   | Killed a dread lich
147903 | Zig:20   | Killed a dread lich
147973 | Zig:20   | Found the +10 zealot's sword {holy, *Rage rN+ EV+3}
147995 | Zig:20   | Got the Catalogue of Execration
148055 | Zig:20   | Identified the +10 quarterstaff "Teax" {vorpal, rC+ Will-
                  | Dex+2}
148057 | Zig:21   | Entered Level 21 of a ziggurat
148073 | Zig:21   | Noticed an ancient lich
148076 | Zig:21   | Killed an ancient lich
148079 | Zig:21   | Noticed an ancient lich
148080 | Zig:21   | Killed an ancient lich
148373 | Zig:21   | Identified the ring "Asiox" {rPois rC+ Will+++ MP-9 Dex+6}
148412 | Zig:21   | Identified the +7 dire flail "Spiderslayer" {vorpal, rElec
                  | rF++}
148415 | Zig:22   | Entered Level 22 of a ziggurat
148429 | Zig:22   | Noticed Zappman123's ghost (legendary TeAE)
148431 | Zig:22   | Noticed Teaz Xo Upt's ghost (legendary GnFE)
148431 | Zig:22   | Noticed SevenDeadlySins's ghost (legendary DrCj)
148433 | Zig:22   | Noticed Pusocauss's ghost (legendary VSBe)
148434 | Zig:22   | Noticed Haitsiopt's ghost (legendary DsGl)
148434 | Zig:22   | Killed Teaz Xo Upt's ghost
148434 | Zig:22   | Noticed Ikusitist's ghost (legendary NaFE)
148434 | Zig:22   | Noticed FLACIDUS's ghost (legendary GrEE)
148435 | Zig:22   | Noticed Xutext's ghost (adept DsAK)
148435 | Zig:22   | Noticed Zeph's ghost (adept NaFi)
148436 | Zig:22   | Noticed Shayle's ghost (legendary GnWz)
148436 | Zig:22   | Killed Pusocauss's ghost
148437 | Zig:22   | Killed Xutext's ghost
148437 | Zig:22   | Killed Zappman123's ghost
148438 | Zig:22   | Killed SevenDeadlySins's ghost
148439 | Zig:22   | Killed Zeph's ghost
148439 | Zig:22   | Noticed scarywalker64's ghost (legendary GrEE)
148439 | Zig:22   | Noticed Barug's ghost (adept TrMo)
148439 | Zig:22   | Noticed manifold's ghost (legendary GrEE)
148440 | Zig:22   | Noticed Amikeex's ghost (adept TrMo)
148440 | Zig:22   | Noticed manifold's ghost (legendary GrEE)
148440 | Zig:22   | Noticed Wammos's ghost (legendary TeCj)
148440 | Zig:22   | Noticed Walil's ghost (veteran MiMo)
148441 | Zig:22   | Noticed frimble's ghost (legendary DsFi)
148441 | Zig:22   | Noticed melllvar's ghost (legendary MiBe)
148441 | Zig:22   | Killed Ikusitist's ghost
148441 | Zig:22   | Killed Shayle's ghost
148441 | Zig:22   | Noticed Huju's ghost (legendary HOFi)
148441 | Zig:22   | Noticed Unuchuin's ghost (legendary GnFi)
148441 | Zig:22   | Noticed protoss039's ghost (legendary GrEE)
148442 | Zig:22   | Noticed Piginabag's ghost (legendary DsSk)
148442 | Zig:22   | Noticed Pohawk's ghost (adept MiGl)
148442 | Zig:22   | Killed FLACIDUS's ghost
148442 | Zig:22   | Killed Haitsiopt's ghost
148442 | Zig:22   | Killed Wammos's ghost
148447 | Zig:22   | Killed Walil's ghost
148459 | Zig:22   | Killed protoss039's ghost
148462 | Zig:22   | Killed Amikeex's ghost
148465 | Zig:22   | Killed manifold's ghost
148471 | Zig:22   | Killed Huju's ghost
148472 | Zig:22   | Killed Unuchuin's ghost
148472 | Zig:22   | Killed manifold's ghost
148475 | Zig:22   | Killed Piginabag's ghost
148480 | Zig:22   | Killed frimble's ghost
148483 | Zig:22   | Killed melllvar's ghost
148484 | Zig:22   | Killed Barug's ghost
148488 | Zig:22   | Killed Pohawk's ghost
148490 | Zig:22   | Killed scarywalker64's ghost
148675 | Zig:22   | Identified the +7 hunting sling of Ofyogeha {venom, +Blink
                  | rPois Int+3}
148678 | Zig:22   | Identified the ring "Ryidec" {*Corrode rF+ MP+9 Str+2
                  | Int+2}
148689 | Zig:22   | Identified the ring of Xengiziawu {Fire rN++ rCorr Dex+4}
148699 | Zig:22   | Identified the +6 hunting sling of Kovoeca {vorpal, Int+2}
148700 | Zig:22   | Identified the amulet "Jellioss" {+Blink rElec Will+
                  | Regen+}
148757 | Zig:22   | Identified the +3 flail "Apse Koc" {elec, Int+7}
148758 | Zig:22   | Identified the +0 helmet "Feidoun" {Int+3}
148762 | Zig:22   | Acquired a manual of Unarmed Combat
148776 | Zig:23   | Entered Level 23 of a ziggurat
149078 | Zig:23   | Found the ring of Shadows {Umbra +Inv Stlth+}
149084 | Zig:23   | Identified the amulet "Figacziv" {Acrobat rPois Stlth+}
149094 | Zig:23   | Identified the +1 dire flail of Execution {speed, Will++
                  | Str+4 Dex-2 Stlth+}
149108 | Zig:23   | Identified the ring "Nij Doam" {Fly Will+++ rCorr Int-2
                  | Dex-3}
149273 | Zig:24   | Entered Level 24 of a ziggurat
149391 | Zig:24   | Identified the +7 dagger of Descent {freeze, rF- rC+ Will+}
149397 | Zig:25   | Entered Level 25 of a ziggurat
149931 | Zig:25   | Noticed a dread lich
149934 | Zig:25   | Killed a dread lich
149976 | Zig:25   | Noticed a dread lich
149979 | Zig:25   | Killed a dread lich
150008 | Zig:25   | Found the +0 mask of the Dragon {Will+ Slay+3 SInv}
150008 | Zig:25   | Found the +5 demon whip "Spellbinder" {antimagic, Will+}
150009 | Zig:25   | Found the dreamshard necklace {*Dream Drain}
150099 | Zig:25   | Identified the +7 lajatang of Collusion {freeze, rPois rN+
                  | Will+}
150103 | Zig:25   | Acquired 390 gold pieces
150105 | Zig:25   | Lost mutation: You possess an exceptional clarity of mind.
                  | [potion of mutation]
150105 | Zig:25   | Gained mutation: You are strong-willed. (Will+) [potion of
                  | mutation]
150106 | Zig:25   | Lost mutation: You are strong-willed. (Will+) [potion of
                  | mutation]
150106 | Zig:25   | Gained mutation: You have large cloven feet. [potion of
                  | mutation]
150106 | Zig:25   | Gained mutation: Your mind is acute. (Int +2) [potion of
                  | mutation]
150107 | Zig:25   | Lost mutation: Your mind is acute. (Int +2) [potion of
                  | mutation]
150107 | Zig:25   | Lost mutation: You have large cloven feet. [potion of
                  | mutation]
150107 | Zig:25   | Gained mutation: You are weak. (Str -2) [potion of
                  | mutation]
150107 | Zig:25   | Gained mutation: Your mind is acute. (Int +2) [potion of
                  | mutation]
150108 | Zig:25   | Lost mutation: You are weak. (Str -2) [potion of mutation]
150108 | Zig:25   | Lost mutation: Your mind is acute. (Int +2) [potion of
                  | mutation]
150108 | Zig:25   | Gained mutation: You are clumsy. (Dex -2) [potion of
                  | mutation]
150109 | Zig:25   | Lost mutation: You are clumsy. (Dex -2) [potion of
                  | mutation]
150109 | Zig:25   | Gained mutation: Your body sometimes deteriorates upon
                  | taking damage. [potion of mutation]
150110 | Zig:25   | Lost mutation: Your body sometimes deteriorates upon taking
                  | damage. [potion of mutation]
150110 | Zig:25   | Gained mutation: You have supernaturally acute eyesight.
                  | (SInv) [potion of mutation]
150110 | Zig:25   | Gained mutation: Armour fits poorly on your strangely
                  | shaped body. [potion of mutation]
150110 | Zig:25   | Gained mutation: You have hidden genetic defects. [potion
                  | of mutation]
150110 | Zig:25   | Gained mutation: You have sharp toenails. [potion of
                  | mutation]
150111 | Zig:25   | Lost mutation: You have supernaturally acute eyesight.
                  | (SInv) [potion of mutation]
150111 | Zig:25   | Lost mutation: You have hidden genetic defects. [potion of
                  | mutation]
150111 | Zig:25   | Lost mutation: Armour fits poorly on your strangely shaped
                  | body. [potion of mutation]
150111 | Zig:25   | Gained mutation: You have a somewhat thin skeletal
                  | structure. (Dex +2, Stealth+) [potion of mutation]
150111 | Zig:25   | Gained mutation: You passively dampen the noise of your
                  | surroundings. [potion of mutation]
150111 | Zig:25   | Gained mutation: You have an increased reservoir of magic.
                  | (+10% MP) [potion of mutation]
150111 | Zig:25   | Gained mutation: You passively map a small area around you.
                  | [potion of mutation]
150124 | Zig:26   | Entered Level 26 of a ziggurat
150342 | Zig:26   | Identified the amulet "Qeank" {RegenMP Will+ Str+3 Dex+3}
150352 | Zig:26   | Identified the ring "Ufyiwk" {rPois rCorr}
150373 | Zig:26   | Identified the ring of Kog Cah {rPois rF+ Will+}
150474 | Zig:26   | Identified the +5 scale mail of the Evening {rF+ rCorr
                  | Slay-6}
150492 | Zig:27   | Entered Level 27 of a ziggurat
150519 | Zig:27   | Reached skill level 27 in Dodging
150519 | Zig:27   | Reached skill level 1 in Short Blades
150529 | Zig:27   | Reached skill level 5 in Short Blades
150615 | Zig:27   | Found the +1 cloak of Starlight {*Dazzle EV+4 Stlth--}
150650 | Zig:27   | Identified the amulet "Ydoownee" {Spirit Rampage Dex+4}
150652 | Zig:27   | Identified the ring of Tudaemos {Str+3 SInv}
150749 | Zig:27   | Identified the +2 pair of boots of Sunlight {Dex+3}
150804 | Zig:1    | Entered Level 1 of a ziggurat
150924 | Zig:2    | Entered Level 2 of a ziggurat
150926 | Zig:2    | Reached skill level 1 in Axes
151001 | Zig:3    | Entered Level 3 of a ziggurat
151088 | Zig:4    | Entered Level 4 of a ziggurat
151091 | Zig:4    | Reached skill level 10 in Short Blades
151113 | Zig:4    | Identified the +7 shortbow "Raux" {flame, Int+4}
151125 | Zig:5    | Entered Level 5 of a ziggurat
151129 | Zig:5    | Reached skill level 5 in Axes
151174 | Zig:6    | Entered Level 6 of a ziggurat
151197 | Zig:6    | Identified the +2 scale mail of Ignis's Approval {Will++}
151243 | Zig:6    | Identified the ring "Vuivie" {Drain Fly Int+2 SInv}
151264 | Zig:7    | Entered Level 7 of a ziggurat
151268 | Zig:7    | Noticed Cethrit the pandemonium lord
151271 | Zig:7    | Noticed Tumim the pandemonium lord
151271 | Zig:7    | Killed Tumim the pandemonium lord
151276 | Zig:7    | Killed Cethrit the pandemonium lord
151297 | Zig:7    | Identified the +6 flail of Painful Death {vamp, rC+}
151325 | Zig:8    | Entered Level 8 of a ziggurat
151331 | Zig:8    | Reached skill level 10 in Axes
151352 | Zig:8    | Identified the ring of Kuucif {rElec rC+ Str+2}
151384 | Zig:9    | Entered Level 9 of a ziggurat
151407 | Zig:9    | Found the +9 staff of Olgreb {rPois∞}
151469 | Zig:10   | Entered Level 10 of a ziggurat
151544 | Zig:10   | Identified the +1 leather armour of the Big Bang {-Cast
                  | Rampage rF+++ Stlth-}
151552 | Zig:10   | Identified the ring of Pylez {Wiz rPois MP+9 Int+4 Dex-4}
151607 | Zig:11   | Entered Level 11 of a ziggurat
151620 | Zig:11   | Reached skill level 15 in Axes
151786 | Zig:11   | Identified the +5 war axe "Caabb" {venom, rF+ SInv}
151787 | Zig:11   | Identified the +3 scale mail "Fomemmung" {rElec rC- rN+
                  | Dex+4}
151790 | Zig:12   | Entered Level 12 of a ziggurat
151801 | Zig:12   | Noticed a juggernaut
151805 | Zig:12   | Killed a juggernaut
151835 | Zig:12   | Identified the +10 demon blade of Ignis's Hope {elec, Will+
                  | Dex+3}
151905 | Zig:12   | Identified the +5 scale mail of Xom's Reproof {+Blink}
151911 | Zig:13   | Entered Level 13 of a ziggurat
151918 | Zig:13   | Noticed a juggernaut
151922 | Zig:13   | Killed a juggernaut
151922 | Zig:13   | Noticed a juggernaut
151925 | Zig:13   | Killed a juggernaut
151948 | Zig:13   | Identified the ring of Nihilism {+Blink Fly rPois rF++ rC-}
151957 | Zig:13   | Identified the amulet of Gluttony {RegenMP Contam Int+2
                  | Dex+6}
152040 | Zig:14   | Entered Level 14 of a ziggurat
152054 | Zig:14   | Noticed Jimuyng the pandemonium lord
152064 | Zig:14   | Killed Jimuyng the pandemonium lord
152167 | Zig:14   | Identified the +4 great mace of the Viper {protect, Dex+3}
152170 | Zig:14   | Identified the ring of the Lost Howling Scars {Str+3 Dex+6}
152175 | Zig:14   | Identified the amulet of Sanuyfu {Faith Will+ Dex+2}
152236 | Zig:14   | Identified the +1 robe of the Ego {*Corrode rPois Will+}
152280 | Zig:15   | Entered Level 15 of a ziggurat
152290 | Zig:15   | Noticed a dread lich
152290 | Zig:15   | Noticed an ancient lich
152291 | Zig:15   | Noticed an ancient lich
152292 | Zig:15   | Noticed a dread lich
152293 | Zig:15   | Reached skill level 5 in Evocations
152293 | Zig:15   | Killed a dread lich
152293 | Zig:15   | Killed an ancient lich
152293 | Zig:15   | Killed an ancient lich
152295 | Zig:15   | Killed a dread lich
152296 | Zig:15   | Noticed a dread lich
152297 | Zig:15   | Noticed an ancient lich
152298 | Zig:15   | Killed a dread lich
152298 | Zig:15   | Killed an ancient lich
152353 | Zig:15   | Identified the +5 crystal plate armour "Voinawui" {Int+6}
152413 | Zig:15   | Identified the +8 demon whip of Kismet {venom, rElec rC-
                  | Int+3}
152455 | Zig:16   | Entered Level 16 of a ziggurat
152486 | Zig:16   | Noticed an ancient lich
152489 | Zig:16   | Killed an ancient lich
152503 | Zig:16   | Noticed an ancient lich
152505 | Zig:16   | Killed an ancient lich
152766 | Zig:16   | Identified the +4 bardiche "Risyiruduh" {freeze, rCorr
                  | Str+2 SInv}
152768 | Zig:16   | Identified the +2 glaive of a wizard's laboratory {drain,
                  | rC++ rCorr Str+5}
152781 | Zig:17   | Entered Level 17 of a ziggurat
152867 | Zig:17   | Identified the +7 spear of Yckorug {holy, *Slow Str+2
                  | Dex+4}
152976 | Zig:18   | Entered Level 18 of a ziggurat
153001 | Zig:18   | Found the +11 plutonium sword {Contam Stlth-}
153028 | Zig:18   | Identified the amulet "Nuicraeg" {RegenMP rElec rPois Str-2
                  | Int-5}
153103 | Zig:18   | Identified the +4 mace "Wywoca Vyapp" {drain, MP+9 Str+3}
153106 | Zig:18   | Identified the +4 falchion of Reason {pain, *Rage rF+
                  | Stlth+}
153107 | Zig:18   | Identified the +9 dagger of Defiance {pain, Will+ rCorr
                  | Dex+5}
153109 | Zig:18   | Identified the +0 scale mail of Japizuit {rN+ Int+4}
153112 | Zig:18   | Acquired the +0 pair of gloves of Wariness {rPois MP+9}
153126 | Zig:18   | Acquired a manual of Axes
153139 | Zig:19   | Entered Level 19 of a ziggurat
153148 | Zig:19   | Noticed an ancient lich
153148 | Zig:19   | Noticed a dread lich
153150 | Zig:19   | Killed a dread lich
153152 | Zig:19   | Killed an ancient lich
153154 | Zig:19   | Noticed a dread lich
153154 | Zig:19   | Noticed a dread lich
153156 | Zig:19   | Killed a dread lich
153157 | Zig:19   | Noticed a dread lich
153157 | Zig:19   | Killed a dread lich
153157 | Zig:19   | Noticed a dread lich
153158 | Zig:19   | Killed a dread lich
153158 | Zig:19   | Noticed a dread lich
153159 | Zig:19   | Killed a dread lich
153160 | Zig:19   | Killed a dread lich
153164 | Zig:19   | Reached skill level 27 in Transmutations
153165 | Zig:19   | Noticed a dread lich
153166 | Zig:19   | Killed a dread lich
153167 | Zig:19   | Noticed a dread lich
153172 | Zig:19   | Killed a dread lich
153272 | Zig:19   | Found the +10 Black Knight's barding {ponderous, rPois rN+}
153274 | Zig:19   | Found the +3 warlock's mirror {reflect}
153278 | Zig:19   | Identified the ring of Ureulys {Fly Dex+4}
153285 | Zig:19   | Identified the +6 hand crossbow "Ritiakky" {penet, Int+5}
153363 | Zig:19   | Identified the +8 long sword "Huomorat" {vorpal, rN+++
                  | rCorr Stlth-}
153364 | Zig:19   | Identified the +6 short sword of the Shark {holy, rC++
                  | Int+6 SInv}
153370 | Zig:20   | Entered Level 20 of a ziggurat
153479 | Zig:20   | Identified the ring "Nuavofut" {rF- Will+ Str+4 Dex+2}
153492 | Zig:20   | Identified the ring "Maog Teon" {Fire Str+2 Stlth+}
153597 | Zig:20   | Identified the +5 scale mail of Ruphucw {Harm MP-9 Int+2
                  | Slay+5}
153599 | Zig:20   | Identified the +10 mace "Igiaheafyi" {antimagic, rElec}
153605 | Zig:21   | Entered Level 21 of a ziggurat
153619 | Zig:21   | Noticed a juggernaut
153621 | Zig:21   | Noticed a juggernaut
153622 | Zig:21   | Killed a juggernaut
153622 | Zig:21   | Noticed a juggernaut
153623 | Zig:21   | Reached skill level 27 in Ice Magic
153625 | Zig:21   | Killed a juggernaut
153625 | Zig:21   | Killed a juggernaut
153626 | Zig:21   | Reached skill level 10 in Evocations
153829 | Zig:22   | Entered Level 22 of a ziggurat
153845 | Zig:22   | Noticed an ancient lich
153847 | Zig:22   | Killed an ancient lich
153848 | Zig:22   | Noticed an ancient lich
153849 | Zig:22   | Killed an ancient lich
153850 | Zig:22   | Noticed a dread lich
153851 | Zig:22   | Killed a dread lich
153852 | Zig:22   | Reached skill level 5 in Stealth
153852 | Zig:22   | Noticed a dread lich
153852 | Zig:22   | Noticed a dread lich
153853 | Zig:22   | Killed a dread lich
153854 | Zig:22   | Killed a dread lich
153854 | Zig:22   | Noticed a dread lich
153855 | Zig:22   | Noticed a dread lich
153855 | Zig:22   | Noticed an ancient lich
153856 | Zig:22   | Noticed an ancient lich
153856 | Zig:22   | Killed a dread lich
153856 | Zig:22   | Noticed an ancient lich
153857 | Zig:22   | Killed a dread lich
153857 | Zig:22   | Killed an ancient lich
153857 | Zig:22   | Killed an ancient lich
153859 | Zig:22   | Reached skill level 15 in Short Blades
153859 | Zig:22   | Killed an ancient lich
153860 | Zig:22   | Noticed a dread lich
153862 | Zig:22   | Killed a dread lich
153937 | Zig:22   | Found the +3 sling "Punk" {acid, rCorr}
154077 | Zig:22   | Identified the +10 chain mail of Greed {Contam rC+++ rCorr
                  | Int-4 Slay+3}
154083 | Zig:22   | Identified the +1 scale mail of Cowardice {-Cast Harm rElec
                  | rCorr}
154089 | Zig:23   | Entered Level 23 of a ziggurat
154101 | Zig:23   | Noticed a dread lich
154106 | Zig:23   | Noticed an ancient lich
154106 | Zig:23   | Killed a dread lich
154108 | Zig:23   | Killed an ancient lich
154108 | Zig:23   | Noticed a dread lich
154109 | Zig:23   | Killed a dread lich
154110 | Zig:23   | Reached skill level 10 in Stealth
154110 | Zig:23   | Noticed an ancient lich
154111 | Zig:23   | Reached skill level 15 in Evocations
154112 | Zig:23   | Noticed an ancient lich
154112 | Zig:23   | Killed an ancient lich
154112 | Zig:23   | Noticed a dread lich
154112 | Zig:23   | Noticed a dread lich
154113 | Zig:23   | Killed an ancient lich
154114 | Zig:23   | Killed a dread lich
154114 | Zig:23   | Killed a dread lich
154114 | Zig:23   | Noticed an ancient lich
154117 | Zig:23   | Killed an ancient lich
154215 | Zig:23   | Identified the ring "Reph" {Fire rElec}
154335 | Zig:23   | Identified the +5 great mace "Ultimatum" {vamp, rPois Str-3
                  | Int+3}
154338 | Zig:23   | Identified the +1 robe of Cocytus {rF+ Slay+5}
154345 | Zig:24   | Entered Level 24 of a ziggurat
154363 | Zig:24   | Noticed Onuustrugh the pandemonium lord
154365 | Zig:24   | Killed Liugotwaroc the pandemonium lord
154366 | Zig:24   | Killed Onuustrugh the pandemonium lord
154366 | Zig:24   | Noticed Qeun the pandemonium lord
154366 | Zig:24   | Noticed Tucee the pandemonium lord
154371 | Zig:24   | Killed Tucee the pandemonium lord
154371 | Zig:24   | Noticed Raocsuat the pandemonium lord
154371 | Zig:24   | Noticed Keuzut the pandemonium lord
154372 | Zig:24   | Noticed Bagickef the pandemonium lord
154373 | Zig:24   | Killed Keuzut the pandemonium lord
154373 | Zig:24   | Killed Qeun the pandemonium lord
154373 | Zig:24   | Noticed Tytoily the pandemonium lord
154373 | Zig:24   | Noticed Hees Nudda the pandemonium lord
154375 | Zig:24   | Noticed Yhunit the pandemonium lord
154376 | Zig:24   | Killed Raocsuat the pandemonium lord
154377 | Zig:24   | Noticed Curchab the pandemonium lord
154377 | Zig:24   | Killed Tytoily the pandemonium lord
154377 | Zig:24   | Noticed Qoac the pandemonium lord
154378 | Zig:24   | Reached skill level 15 in Stealth
154378 | Zig:24   | Killed Niyty the pandemonium lord
154378 | Zig:24   | Noticed Moxoab the pandemonium lord
154379 | Zig:24   | Killed Hees Nudda the pandemonium lord
154379 | Zig:24   | Noticed Eleummang the pandemonium lord
154380 | Zig:24   | Killed Qoac the pandemonium lord
154380 | Zig:24   | Killed Yhunit the pandemonium lord
154380 | Zig:24   | Noticed Sougel the pandemonium lord
154381 | Zig:24   | Killed Moxoab the pandemonium lord
154382 | Zig:24   | Killed Bagickef the pandemonium lord
154382 | Zig:24   | Killed Curchab the pandemonium lord
154382 | Zig:24   | Noticed Wyix the pandemonium lord
154383 | Zig:24   | Killed Sougel the pandemonium lord
154383 | Zig:24   | Killed Eleummang the pandemonium lord
154384 | Zig:24   | Killed Wyix the pandemonium lord
154384 | Zig:24   | Noticed Diobej the pandemonium lord
154384 | Zig:24   | Noticed Vaacuq the pandemonium lord
154385 | Zig:24   | Noticed Enous the pandemonium lord
154386 | Zig:24   | Killed Vaacuq the pandemonium lord
154386 | Zig:24   | Killed Enous the pandemonium lord
154387 | Zig:24   | Noticed Zini the pandemonium lord
154387 | Zig:24   | Noticed Tuino the pandemonium lord
154387 | Zig:24   | Noticed Yghijokk the pandemonium lord
154387 | Zig:24   | Killed Diobej the pandemonium lord
154389 | Zig:24   | Noticed Guwunoj the pandemonium lord
154389 | Zig:24   | Killed Tuino the pandemonium lord
154392 | Zig:24   | Killed Yghijokk the pandemonium lord
154392 | Zig:24   | Noticed Ybioqy the pandemonium lord
154393 | Zig:24   | Killed Ybioqy the pandemonium lord
154394 | Zig:24   | Killed Guwunoj the pandemonium lord
154395 | Zig:24   | Killed Zini the pandemonium lord
154398 | Zig:24   | Noticed Acagymes the pandemonium lord
154399 | Zig:24   | Killed Acagymes the pandemonium lord
154597 | Zig:24   | Found the +4 skin of Zhor {*Englaciate rC+++ SInv}
154608 | Zig:24   | Identified the ring of the Lizard {rF+ rC+ rN++ Dex-3 SInv}
154713 | Zig:24   | Identified the +4 scythe of Eternal Vigilance {vorpal,
                  | Int+3}
154719 | Zig:24   | Identified the +7 spear of Xyaxax {freeze, Contam Will++
                  | Dex+5}
154737 | Zig:25   | Entered Level 25 of a ziggurat
155064 | Zig:25   | Identified the ring of Ymaono {rC+ Str+6}
155251 | Zig:26   | Entered Level 26 of a ziggurat
155443 | Zig:26   | Found the +8 orange crystal plate armour {Archmagi, Int+3
                  | Clar}
155495 | Zig:26   | Identified the ring of Ugutsas {rN+ Will+ Dex+5 Stlth-}
155526 | Zig:26   | Identified the ring of Pichet {Wiz Int+2 Dex+4 Stlth+}
155528 | Zig:26   | Identified the ring of Caomuik {rCorr Str+6 Int+3}
155532 | Zig:26   | Identified the ring of Vitot {rPois Will++ Str-3 Slay+3
                  | SInv}
155534 | Zig:26   | Identified the +2 pair of boots of the Pink Corner {rPois
                  | Str+3}
155537 | Zig:26   | Identified the ring "Tiguynk" {rF+ SInv}
155809 | Zig:27   | Entered Level 27 of a ziggurat
155825 | Zig:27   | Noticed a juggernaut
155828 | Zig:27   | Killed a juggernaut
155828 | Zig:27   | Noticed a juggernaut
155829 | Zig:27   | Noticed a juggernaut
155830 | Zig:27   | Noticed a juggernaut
155832 | Zig:27   | Killed a juggernaut
155832 | Zig:27   | Killed a juggernaut
155832 | Zig:27   | Killed a juggernaut
155924 | Zig:27   | Found the +3 robe of Clouds {*Thunder rCloud rElec}
155946 | Zig:27   | Identified the ring of Welentus {Wiz Str+2 Dex+2}
155948 | Zig:27   | Identified the ring "Vyaddap" {Will+ rCorr Str+2 Int+3
                  | Stlth+}
155975 | Zig:27   | Identified the +3 long sword of Guilt {drain, rPois rC+
                  | Dex+3}
155981 | Zig:27   | Identified the +4 dagger of Callousness {freeze, rF+ rC-
                  | Int+7 Stlth+}
155983 | Zig:27   | Identified the +1 scale mail "Sofod" {Regen+ rCorr Str+6}
156705 | Zig:1    | Entered Level 1 of a ziggurat
156729 | Zig:2    | Entered Level 2 of a ziggurat
156732 | Zig:2    | Noticed an orb of fire
156732 | Zig:2    | Noticed an orb of fire
156736 | Zig:2    | Killed an orb of fire
156737 | Zig:2    | Killed an orb of fire
156886 | Zig:3    | Entered Level 3 of a ziggurat
156887 | Zig:3    | Noticed an orb of fire
156888 | Zig:3    | Noticed an orb of fire
156894 | Zig:3    | Killed an orb of fire
156895 | Zig:3    | Killed an orb of fire
156991 | Zig:3    | Identified the +3 ring mail of Shadows and Fog {Int+3}
157012 | Zig:4    | Entered Level 4 of a ziggurat
157014 | Zig:4    | Noticed a dread lich
157014 | Zig:4    | Noticed a dread lich
157016 | Zig:4    | Found the +2 Maxwell's thermic engine {flame, freeze}
157017 | Zig:4    | Killed a dread lich
157017 | Zig:4    | Killed a dread lich
157045 | Zig:5    | Entered Level 5 of a ziggurat
157050 | Zig:5    | Noticed a dread lich
157050 | Zig:5    | Noticed a dread lich
157051 | Zig:5    | Noticed an ancient lich
157052 | Zig:5    | Killed a dread lich
157052 | Zig:5    | Killed a dread lich
157053 | Zig:5    | Killed an ancient lich
157113 | Zig:5    | Identified the +6 short sword of Veutyaph {vorpal, rF++ rN+
                  | MP+9}
157115 | Zig:5    | Acquired a manual of Short Blades
157119 | Zig:6    | Entered Level 6 of a ziggurat
157142 | Zig:6    | Identified the ring "Keaduph" {Dex+5 SInv}
157151 | Zig:7    | Entered Level 7 of a ziggurat
157172 | Zig:7    | Identified the ring of Darkness {Wiz Contam Str+7 Int+4
                  | Dex+2}
157176 | Zig:7    | Identified the +5 scale mail "Sixovurgh" {*Corrode rN+
                  | Stlth+}
157240 | Zig:7    | Identified the ring of Incredulity {Ice Contam rN++ Dex+5}
157248 | Zig:7    | Reached skill level 27 in Stealth
157251 | Zig:8    | Entered Level 8 of a ziggurat
157272 | Zig:8    | Identified the amulet "Cukhlac" {RegenMP rElec Str+2}
157280 | Zig:9    | Entered Level 9 of a ziggurat
157335 | Zig:9    | Identified the ring of Nuhedat {Wiz rF+ rC+ Str-3}
157365 | Zig:10   | Entered Level 10 of a ziggurat
157648 | Zig:10   | Identified the +2 hand crossbow "Midghyapt" {speed, Fly
                  | rPois}
157658 | Zig:10   | Identified the +7 dagger "Qynaper" {vorpal, Str+2}
157664 | Zig:11   | Entered Level 11 of a ziggurat
157674 | Zig:11   | Reached skill level 27 in Evocations
157675 | Zig:11   | Reached skill level 1 in Staves
157737 | Zig:12   | Entered Level 12 of a ziggurat
157746 | Zig:12   | Reached skill level 5 in Staves
157814 | Zig:12   | Identified the +0 scale mail of Huneach {rC+ rN+}
157821 | Zig:13   | Entered Level 13 of a ziggurat
157825 | Zig:13   | Noticed a royal mummy
157825 | Zig:13   | Noticed a royal mummy
157827 | Zig:13   | Killed a royal mummy
157827 | Zig:13   | Killed a royal mummy
157827 | Zig:13   | Noticed a royal mummy
157827 | Zig:13   | Noticed a royal mummy
157830 | Zig:13   | Killed a royal mummy
157831 | Zig:13   | Noticed a royal mummy
157834 | Zig:13   | Killed a royal mummy
157834 | Zig:13   | Killed a royal mummy
157835 | Zig:13   | Noticed a royal mummy
157836 | Zig:13   | Noticed a royal mummy
157836 | Zig:13   | Noticed a royal mummy
157837 | Zig:13   | Noticed a royal mummy
157837 | Zig:13   | Killed a royal mummy
157837 | Zig:13   | Noticed a royal mummy
157838 | Zig:13   | Killed a royal mummy
157839 | Zig:13   | Reached skill level 10 in Staves
157839 | Zig:13   | Killed a royal mummy
157839 | Zig:13   | Killed a royal mummy
157839 | Zig:13   | Noticed a royal mummy
157839 | Zig:13   | Noticed a royal mummy
157840 | Zig:13   | Killed a royal mummy
157841 | Zig:13   | Killed a royal mummy
157841 | Zig:13   | Killed a royal mummy
158216 | Zig:14   | Entered Level 14 of a ziggurat
158248 | Zig:14   | Identified the +8 executioner's axe of Arrival {venom,
                  | Dex+3}
158265 | Zig:14   | Identified the +2 pair of boots of Inquiry {Will+}
158270 | Zig:14   | Identified the ring of Compulsion {Fly rF- Dex+6}
158272 | Zig:14   | Identified the +5 spear of Gluttony {elec, Dex+3}
158282 | Zig:15   | Entered Level 15 of a ziggurat
158290 | Zig:15   | Paralysed by a wendigo for 1 turns
158345 | Zig:15   | Identified the +1 fire dragon scales of Incorporation
                  | {Drain +Blink rPois rF++ rC-}
158367 | Zig:15   | Reached skill level 15 in Staves
158371 | Zig:16   | Entered Level 16 of a ziggurat
158412 | Zig:16   | Identified the +5 rapier "Esolatt" {vamp, *Rage rPois
                  | Will++}
158420 | Zig:16   | Identified the ring "Qovy" {SInv Stlth+}
158422 | Zig:16   | Identified the +1 quarterstaff of Prudence {venom, rElec
                  | Str-3 Int+5 Stlth+}
158424 | Zig:16   | Identified the +2 spear of Seaguiha {spect, Will+}
158437 | Zig:16   | Identified the +1 fire dragon scales of Weightlessness
                  | {rF++ rC- Regen+ rCorr Int+3}
158443 | Zig:17   | Entered Level 17 of a ziggurat
158451 | Zig:17   | Paralysed by an air elemental for 1 turns
158454 | Zig:17   | Paralysed by an air elemental for 1 turns
158459 | Zig:17   | Found the +4 robe of Folly {Brilliance Will-∞ Int+8}
158492 | Zig:17   | Identified the amulet "Xatiocs" {Spirit Str+5}
158573 | Zig:17   | Identified the +8 scimitar of Untruth {vamp, Dex+3}
158582 | Zig:18   | Entered Level 18 of a ziggurat
158613 | Zig:18   | Found the +8 autumn katana {vorpal, manifold assault}
158867 | Zig:18   | Identified the +1 ring mail "Wuch" {rF+++ Will+ rCorr
                  | Str-5}
158889 | Zig:19   | Entered Level 19 of a ziggurat
158916 | Zig:19   | Found the +7 mace of Variability {chain chaos}
158923 | Zig:19   | Identified the +7 hand axe "Eviscerator" {vorpal, rF- Int+4
                  | Dex+4}
158924 | Zig:19   | Identified the +5 hand axe "Mohogac" {venom, rPois Str+8
                  | Stlth-}
158933 | Zig:19   | Identified the ring "Eptaf" {Wiz rElec rF+ MP+9}
158940 | Zig:19   | Identified the +8 great mace of Tyskox {flame, rPois rF-
                  | rCorr Str+4}
158943 | Zig:19   | Identified the +0 leather armour "Tunyos" {rC++ rCorr Int+2
                  | Dex+2}
159023 | Zig:20   | Entered Level 20 of a ziggurat
159364 | Zig:20   | Identified the +0 buckler of Terror {rElec Str+4}
159366 | Zig:21   | Entered Level 21 of a ziggurat
159394 | Zig:21   | Reached skill level 27 in Axes
159463 | Zig:21   | Found the +13 scythe of Curses {drain, Drain}
159502 | Zig:21   | Identified the ring of Feryin {*Corrode Fly rC+ rN+ Slay+2}
159506 | Zig:21   | Identified the +2 long sword "Hydraslayer" {vorpal, rCorr
                  | Int+4}
159512 | Zig:21   | Identified the +11 shortbow "Ysebuelo" {flame, rElec Str-4
                  | Stlth+}
159516 | Zig:21   | Identified the +7 spear of Woe {speed, rCorr Dex+4}
159521 | Zig:22   | Entered Level 22 of a ziggurat
159532 | Zig:22   | Noticed an ancient lich
159533 | Zig:22   | Noticed an ancient lich
159534 | Zig:22   | Killed an ancient lich
159535 | Zig:22   | Killed an ancient lich
159536 | Zig:22   | Noticed a dread lich
159537 | Zig:22   | Killed a dread lich
159537 | Zig:22   | Noticed an ancient lich
159539 | Zig:22   | Noticed an ancient lich
159541 | Zig:22   | Killed an ancient lich
159541 | Zig:22   | Killed an ancient lich
159544 | Zig:22   | Noticed a dread lich
159546 | Zig:22   | Noticed an ancient lich
159548 | Zig:22   | Killed a dread lich
159548 | Zig:22   | Killed an ancient lich
159585 | Zig:22   | Found the +6 arbalest "Damnation" {damnation}
159594 | Zig:22   | Identified the ring "Hiyw" {rN+ SInv}
159598 | Zig:22   | Identified the ring "Kuwkus" {rF- rCorr Str+4 Stlth+}
159612 | Zig:22   | Identified the +7 whip "Fecu" {vorpal, rF+ rC+ Int+2}
159617 | Zig:22   | Identified the +9 quick blade "Ebenoh" {pain, MP+9}
159623 | Zig:23   | Entered Level 23 of a ziggurat
159629 | Zig:23   | Noticed frimble's ghost (legendary GrFi)
159629 | Zig:23   | Noticed Manman's ghost (legendary HOGl)
159631 | Zig:23   | Noticed BoringLoser's ghost (veteran TeAE)
159631 | Zig:23   | Noticed Fouwomub's ghost (legendary FoEE)
159631 | Zig:23   | Noticed Likado's ghost (legendary GnSk)
159633 | Zig:23   | Noticed Fueng's ghost (legendary HOFi)
159634 | Zig:23   | Noticed Kucykkydd's ghost (legendary MiFi)
159635 | Zig:23   | Killed BoringLoser's ghost
159635 | Zig:23   | Killed frimble's ghost
159638 | Zig:23   | Killed Fouwomub's ghost
159638 | Zig:23   | Killed Fueng's ghost
159638 | Zig:23   | Noticed SevenDeadlySins's ghost (legendary DrCj)
159639 | Zig:23   | Killed Likado's ghost
159645 | Zig:23   | Noticed Uhosoup's ghost (veteran GrFi)
159646 | Zig:23   | Noticed Piginabag's ghost (veteran GnMo)
159646 | Zig:23   | Noticed Hewasun's ghost (legendary MiBe)
159647 | Zig:23   | Killed SevenDeadlySins's ghost
159647 | Zig:23   | Killed Uhosoup's ghost
159647 | Zig:23   | Killed Gemnonof's ghost
159648 | Zig:23   | Reached skill level 27 in Short Blades
159648 | Zig:23   | Noticed Saphesar's ghost (veteran DsFi)
159649 | Zig:23   | Killed Kucykkydd's ghost
159649 | Zig:23   | Killed Hewasun's ghost
159652 | Zig:23   | Noticed Totuz's ghost (legendary HOFi)
159652 | Zig:23   | Noticed MrChinwatt's ghost (legendary DsWn)
159652 | Zig:23   | Noticed Likado's ghost (legendary GnSk)
159652 | Zig:23   | Noticed Ubraesch's ghost (adept TrMo)
159653 | Zig:23   | Noticed Rueful's ghost (legendary TrWr)
159654 | Zig:23   | Killed Piginabag's ghost
159654 | Zig:23   | Noticed Fenir's ghost (legendary GnAE)
159655 | Zig:23   | Killed Manman's ghost
159655 | Zig:23   | Noticed frimble's ghost (legendary DsFi)
159656 | Zig:23   | Killed Ubraesch's ghost
159656 | Zig:23   | Noticed heteroy's ghost (legendary DsHu)
159658 | Zig:23   | Killed Saphesar's ghost
159658 | Zig:23   | Noticed Piginabag's ghost (legendary DsSk)
159658 | Zig:23   | Noticed Xuqyot's ghost (legendary DsFi)
159659 | Zig:23   | Killed Fenir's ghost
159660 | Zig:23   | Killed frimble's ghost
159660 | Zig:23   | Killed MrChinwatt's ghost
159660 | Zig:23   | Killed Totuz's ghost
159661 | Zig:23   | Killed Amikeex's ghost
159662 | Zig:23   | Killed heteroy's ghost
159662 | Zig:23   | Noticed Viugiw's ghost (legendary TeBe)
159663 | Zig:23   | Noticed runemage's ghost (legendary GnFi)
159663 | Zig:23   | Noticed Kufiz's ghost (master GrCK)
159664 | Zig:23   | Noticed Kufiz's ghost (master GrCK)
159665 | Zig:23   | Killed Xuqyot's ghost
159666 | Zig:23   | Killed Piginabag's ghost
159666 | Zig:23   | Killed Viugiw's ghost
159666 | Zig:23   | Noticed Viugiw's ghost (legendary TeBe)
159667 | Zig:23   | Noticed Alysiarr's ghost (legendary KoHu)
159669 | Zig:23   | Killed Alysiarr's ghost
159669 | Zig:23   | Killed Viugiw's ghost
159669 | Zig:23   | Killed runemage's ghost
159670 | Zig:23   | Noticed Qeilemp's ghost (legendary HOFi)
159671 | Zig:23   | Noticed Veodywke's ghost (legendary MiBe)
159673 | Zig:23   | Killed Kufiz's ghost
159673 | Zig:23   | Killed Himmaryad's ghost
159673 | Zig:23   | Killed Pohawk's ghost
159673 | Zig:23   | Noticed Nenig's ghost (legendary GnFi)
159675 | Zig:23   | Noticed astronautguy's ghost (legendary FoEE)
159676 | Zig:23   | Killed Qeilemp's ghost
159676 | Zig:23   | Noticed scarywalker64's ghost (veteran BaSu)
159677 | Zig:23   | Noticed scarywalker64's ghost (legendary GrEE)
159678 | Zig:23   | Killed scarywalker64's ghost
159678 | Zig:23   | Killed astronautguy's ghost
159681 | Zig:23   | Killed Nenig's ghost
159681 | Zig:23   | Killed Fugi's ghost
159682 | Zig:23   | Killed Rueful's ghost
159684 | Zig:23   | Killed scarywalker64's ghost
159691 | Zig:23   | Killed Veodywke's ghost
159692 | Zig:23   | Reached skill level 27 in Staves
159692 | Zig:23   | Reached skill level 1 in Long Blades
159692 | Zig:23   | Reached skill level 1 in Maces & Flails
159692 | Zig:23   | Reached skill level 1 in Unarmed Combat
159695 | Zig:23   | Killed Kufiz's ghost
159713 | Zig:23   | Found the +6 lightning scales {swift, rElec}
159747 | Zig:23   | Identified the ring "Rattidwu" {rN+ Will+ Str+6 Dex+6}
159772 | Zig:23   | Identified the ring of Sunlight {rPois rF+ rCorr Dex+4}
159802 | Zig:23   | Identified the +10 morningstar "Xuraci" {freeze, rN+ Str+2}
159808 | Zig:23   | Reached skill level 5 in Long Blades
159812 | Zig:24   | Entered Level 24 of a ziggurat
159825 | Zig:24   | Reached skill level 10 in Maces & Flails
159825 | Zig:24   | Reached skill level 10 in Unarmed Combat
159828 | Zig:24   | Reached skill level 10 in Long Blades
160076 | Zig:24   | Identified the ring of Peyheh Ocvoch {Fly Dex+4}
160085 | Zig:24   | Identified the ring of Fohol {Fly Will+ Stlth+}
160109 | Zig:24   | Identified the +3 leather armour of Tofreo {rN+}
160118 | Zig:24   | Identified the +8 dagger of the Salmon {pain, *Noise Str+3
                  | Dex+7 Stlth+}
160138 | Zig:25   | Entered Level 25 of a ziggurat
160157 | Zig:25   | Reached skill level 15 in Maces & Flails
160328 | Zig:25   | Identified the +2 buckler of Toaruery {rElec rPois rF++
                  | Dex+4}
160329 | Zig:25   | Identified the +5 arbalest "Abeebb" {penet, Int+2}
160332 | Zig:25   | Identified the +4 spear of Fyfinu {speed, Dex+4}
160339 | Zig:25   | Acquired 938 gold pieces
160343 | Zig:26   | Entered Level 26 of a ziggurat
160356 | Zig:26   | Reached skill level 15 in Unarmed Combat
160361 | Zig:26   | Reached skill level 15 in Long Blades
160442 | Zig:26   | Found the +3 Elemental Staff {rElec rF++ rC++ AC+5}
160444 | Zig:26   | Found the +8 Wrath of Trog {antimagic, *Rage Rampage}
160447 | Zig:26   | Identified the +4 battleaxe of Demonkind {spect, rC- Str+5
                  | Stlth+}
160455 | Zig:26   | Identified the ring of Qeevot {Wiz rPois Will+}
160468 | Zig:26   | Identified the +6 long sword "Gargoyle's Death" {freeze,
                  | *Rage rF+ rN+ Dex+2}
160505 | Zig:26   | Identified the +10 halberd of Ficargh {spect, rPois}
160513 | Zig:26   | Identified the +2 hand crossbow of Armageddon {vorpal,
                  | Int+4}
160522 | Zig:27   | Entered Level 27 of a ziggurat
160527 | Zig:27   | Noticed Emoac the pandemonium lord
160527 | Zig:27   | Noticed Zacuacukk the pandemonium lord
160528 | Zig:27   | Noticed Husieciu the pandemonium lord
160528 | Zig:27   | Noticed Latrav the pandemonium lord
160529 | Zig:27   | Noticed Xionidgh the pandemonium lord
160530 | Zig:27   | Noticed Raybiw Xuse the pandemonium lord
160532 | Zig:27   | Noticed Zaosyrus the pandemonium lord
160534 | Zig:27   | Killed Latrav the pandemonium lord
160535 | Zig:27   | Killed Raybiw Xuse the pandemonium lord
160535 | Zig:27   | Noticed Relawera the pandemonium lord
160537 | Zig:27   | Killed Zacuacukk the pandemonium lord
160537 | Zig:27   | Noticed Suja Fuk the pandemonium lord
160538 | Zig:27   | Killed Emoac the pandemonium lord
160538 | Zig:27   | Noticed Iqiomys the pandemonium lord
160541 | Zig:27   | Killed Xionidgh the pandemonium lord
160541 | Zig:27   | Killed Zaosyrus the pandemonium lord
160541 | Zig:27   | Killed Suja Fuk the pandemonium lord
160541 | Zig:27   | Killed Iqiomys the pandemonium lord
160541 | Zig:27   | Noticed Ugaem the pandemonium lord
160541 | Zig:27   | Noticed Woulieg the pandemonium lord
160541 | Zig:27   | Noticed Sar Onog the pandemonium lord
160542 | Zig:27   | Killed Relawera the pandemonium lord
160542 | Zig:27   | Noticed Jixasoimp the pandemonium lord
160543 | Zig:27   | Killed Sar Onog the pandemonium lord
160543 | Zig:27   | Killed Pifeus the pandemonium lord
160544 | Zig:27   | Killed Woulieg the pandemonium lord
160545 | Zig:27   | Noticed Voin the pandemonium lord
160547 | Zig:27   | Noticed Wegg the pandemonium lord
160548 | Zig:27   | Noticed Jipax the pandemonium lord
160548 | Zig:27   | Noticed Tyothen the pandemonium lord
160548 | Zig:27   | Noticed Vuzial the pandemonium lord
160549 | Zig:27   | Noticed Fehonun the pandemonium lord
160549 | Zig:27   | Noticed Vepticki the pandemonium lord
160550 | Zig:27   | Noticed Ijuuxzor the pandemonium lord
160550 | Zig:27   | Noticed Teirisch the pandemonium lord
160551 | Zig:27   | Killed Husieciu the pandemonium lord
160551 | Zig:27   | Killed Wegg the pandemonium lord
160551 | Zig:27   | Killed Ugaem the pandemonium lord
160551 | Zig:27   | Killed Tyothen the pandemonium lord
160551 | Zig:27   | Noticed Diqy the pandemonium lord
160551 | Zig:27   | Noticed Isuffael the pandemonium lord
160552 | Zig:27   | Killed Diqy the pandemonium lord
160552 | Zig:27   | Noticed Qillux the pandemonium lord
160552 | Zig:27   | Noticed Othras the pandemonium lord
160553 | Zig:27   | Killed Ijuuxzor the pandemonium lord
160553 | Zig:27   | Killed Voin the pandemonium lord
160553 | Zig:27   | Killed Teirisch the pandemonium lord
160553 | Zig:27   | Noticed Mueceiza the pandemonium lord
160554 | Zig:27   | Killed Vepticki the pandemonium lord
160554 | Zig:27   | Killed Vuzial the pandemonium lord
160554 | Zig:27   | Killed Qillux the pandemonium lord
160556 | Zig:27   | Killed Fehonun the pandemonium lord
160556 | Zig:27   | Killed Mueceiza the pandemonium lord
160556 | Zig:27   | Killed Othras the pandemonium lord
160556 | Zig:27   | Noticed Zeamosm the pandemonium lord
160556 | Zig:27   | Noticed Cutzemne the pandemonium lord
160556 | Zig:27   | Noticed Niequen the pandemonium lord
160557 | Zig:27   | Noticed Tunn the pandemonium lord
160558 | Zig:27   | Killed Isuffael the pandemonium lord
160558 | Zig:27   | Killed Cutzemne the pandemonium lord
160558 | Zig:27   | Killed Zeamosm the pandemonium lord
160558 | Zig:27   | Noticed Fioxov the pandemonium lord
160559 | Zig:27   | Noticed Voiv the pandemonium lord
160560 | Zig:27   | Killed Jipax the pandemonium lord
160560 | Zig:27   | Noticed Hamued the pandemonium lord
160561 | Zig:27   | Noticed Lotaoqan the pandemonium lord
160561 | Zig:27   | Killed Jixasoimp the pandemonium lord
160561 | Zig:27   | Killed Niequen the pandemonium lord
160561 | Zig:27   | Killed Fioxov the pandemonium lord
160561 | Zig:27   | Noticed Masmet Quti the pandemonium lord
160562 | Zig:27   | Noticed Temeanue the pandemonium lord
160563 | Zig:27   | Killed Hamued the pandemonium lord
160563 | Zig:27   | Killed Masmet Quti the pandemonium lord
160564 | Zig:27   | Noticed Ustruapha the pandemonium lord
160564 | Zig:27   | Killed Tunn the pandemonium lord
160564 | Zig:27   | Killed Lotaoqan the pandemonium lord
160564 | Zig:27   | Noticed Isupit the pandemonium lord
160564 | Zig:27   | Noticed Zurphyar the pandemonium lord
160565 | Zig:27   | Noticed Fiecwich the pandemonium lord
160566 | Zig:27   | Killed Voiv the pandemonium lord
160568 | Zig:27   | Killed Ustruapha the pandemonium lord
160568 | Zig:27   | Noticed Pumn the pandemonium lord
160568 | Zig:27   | Noticed Oleekh the pandemonium lord
160569 | Zig:27   | Killed Fiecwich the pandemonium lord
160569 | Zig:27   | Killed Isupit the pandemonium lord
160570 | Zig:27   | Killed Pumn the pandemonium lord
160570 | Zig:27   | Noticed Garudgh the pandemonium lord
160571 | Zig:27   | Killed Zurphyar the pandemonium lord
160573 | Zig:27   | Killed Temeanue the pandemonium lord
160574 | Zig:27   | Killed Oleekh the pandemonium lord
160574 | Zig:27   | Killed Garudgh the pandemonium lord
160574 | Zig:27   | Noticed Viequoh the pandemonium lord
160575 | Zig:27   | Noticed Qaphoqe the pandemonium lord
160577 | Zig:27   | Killed Qaphoqe the pandemonium lord
160582 | Zig:27   | Killed Viequoh the pandemonium lord
160603 | Zig:27   | Found the +3 giant club "Skullcrusher" {speed, Str+7}
160796 | Zig:27   | Identified the ring "Asurchiut" {Fire Int+6}
160805 | Zig:27   | Identified the ring of Binoikhe {rElec rF+ rC+}
160819 | Zig:27   | Identified the ring of Harmony {rF+ rCorr Int+7 Dex-2}
160837 | Zig:27   | Identified the +6 demon blade "Spiderslayer" {flame, rPois
                  | rC- Dex+6}
160881 | Zig:27   | Identified the +3 plate armour of the Buccaneer {rN+ Dex+4
                  | Stlth-}
160885 | Zig:27   | Identified the +9 spear "Vilit" {vamp, rCorr Str+3 Int+4}
161056 | Zig:1    | Entered Level 1 of a ziggurat
161090 | Zig:2    | Entered Level 2 of a ziggurat
161127 | Zig:3    | Entered Level 3 of a ziggurat
161139 | Zig:3    | Identified the +3 scimitar "Avuonlis" {chaos, rF+ Int+6
                  | Dex+3}
161169 | Zig:4    | Entered Level 4 of a ziggurat
161544 | Zig:5    | Entered Level 5 of a ziggurat
161564 | Zig:5    | Identified the +4 dagger of Bunurycw {pain, rElec rC+
                  | Int+4}
161585 | Zig:6    | Entered Level 6 of a ziggurat
161603 | Zig:6    | Identified the +1 spear of the Scorching Coward {flame,
                  | *Slow rC+++ rN+ Dex-3}
161638 | Zig:7    | Entered Level 7 of a ziggurat
161696 | Zig:7    | Identified the -2 helmet of Kleptomania {-Tele Harm rF+}
161712 | Zig:7    | Identified the +1 buckler of the Devil's Advocate {Rampage
                  | rCorr Dex-2 Slay+6}
161718 | Zig:8    | Entered Level 8 of a ziggurat
161722 | Zig:8    | Noticed a juggernaut
161722 | Zig:8    | Noticed a juggernaut
161725 | Zig:8    | Killed a juggernaut
161725 | Zig:8    | Killed a juggernaut
161725 | Zig:8    | Noticed a juggernaut
161726 | Zig:8    | Noticed a juggernaut
161729 | Zig:8    | Killed a juggernaut
161730 | Zig:8    | Noticed a juggernaut
161731 | Zig:8    | Killed a juggernaut
161733 | Zig:8    | Killed a juggernaut
161745 | Zig:8    | Identified the +1 robe of Philately {rElec rC- Int+4 SInv}
161746 | Zig:8    | Identified the +8 war axe of the Badger {freeze, rElec
                  | Int+5}
161747 | Zig:8    | Identified the +3 spear of the Unkillable {vorpal, rF+}
161750 | Zig:8    | Identified the amulet of Sonlaw {Acrobat +Blink Slay+5}
161752 | Zig:8    | Identified the +8 great sword "Syelotom" {vorpal, rPois rF+
                  | rN+ Int+6}
161760 | Zig:9    | Entered Level 9 of a ziggurat
161770 | Zig:9    | Reached skill level 5 in Invocations
161773 | Zig:9    | Reached skill level 5 in Polearms
161844 | Zig:9    | Identified the +0 chain mail "Edoecs" {rF+ rN+ Int+3}
161879 | Zig:9    | Identified the -4 pair of boots of Uzoecw {Stlth+}
161886 | Zig:10   | Entered Level 10 of a ziggurat
161913 | Zig:10   | Identified the ring of Meunkeech {rPois rF- rN+ SInv}
161915 | Zig:10   | Identified the +6 flail of Arbitration {venom, rPois rN+}
161917 | Zig:10   | Identified the +6 flail of Jompinedd {freeze, rPois}
161996 | Zig:11   | Entered Level 11 of a ziggurat
162002 | Zig:11   | Noticed a juggernaut
162003 | Zig:11   | Reached skill level 10 in Invocations
162004 | Zig:11   | Noticed a juggernaut
162005 | Zig:11   | Killed a juggernaut
162005 | Zig:11   | Noticed a juggernaut
162007 | Zig:11   | Killed a juggernaut
162008 | Zig:11   | Killed a juggernaut
162146 | Zig:11   | Identified the +1 spear "Tianwo Cefo" {vorpal, rN+ Will-
                  | Dex+3}
162150 | Zig:12   | Entered Level 12 of a ziggurat
162180 | Zig:12   | Identified the +1 leather armour of Pyruschihi {+Blink
                  | rPois Str+2}
162208 | Zig:12   | Identified the +6 long sword of Umiegaus {vorpal, rPois
                  | rC++}
162216 | Zig:13   | Entered Level 13 of a ziggurat
162228 | Zig:13   | Reached skill level 15 in Invocations
162245 | Zig:13   | Reached skill level 10 in Polearms
162261 | Zig:13   | Noticed Daqeguff the pandemonium lord
162262 | Zig:13   | HP: 7/199 [Brimstone Fiend/damnation (23)]
162270 | Zig:13   | Killed Daqeguff the pandemonium lord
162761 | Zig:13   | Identified the ring of Tayfein {AC+4 Str+6}
162789 | Zig:14   | Entered Level 14 of a ziggurat
162829 | Zig:14   | Identified the +1 cloak of Claustrophobia {Harm Str+2 Dex+4
                  | Stlth-}
162833 | Zig:14   | Identified the ring "Wiwkat" {rF++ rC+ MP+9 Int-2 Dex+6}
162848 | Zig:14   | Identified the +1 plate armour of Space {Will++ Regen+
                  | Int+4}
162853 | Zig:15   | Entered Level 15 of a ziggurat
162863 | Zig:15   | Noticed a dread lich
162867 | Zig:15   | Killed a dread lich
162870 | Zig:15   | Paralysed by a wendigo for 1 turns
162878 | Zig:15   | Reached skill level 15 in Polearms
162904 | Zig:15   | Identified the ring of the Tuna {EV+4 Int+3}
162908 | Zig:15   | Identified the ring "Ateq" {Fly rF+ rN+ Str+4 Int-2}
162959 | Zig:16   | Entered Level 16 of a ziggurat
162972 | Zig:16   | Noticed Unuchuin's ghost (legendary GnFi)
162973 | Zig:16   | Noticed Piginabag's ghost (legendary DsSk)
162974 | Zig:16   | Noticed Zeph's ghost (adept NaFi)
162975 | Zig:16   | Noticed Oreexun's ghost (legendary DECj)
162975 | Zig:16   | Noticed swap's ghost (legendary DEFE)
162976 | Zig:16   | Noticed stevelinton's ghost (legendary KoBe)
162976 | Zig:16   | Noticed Kufiz's ghost (master GrCK)
162978 | Zig:16   | Killed Oreexun's ghost
162978 | Zig:16   | Noticed Fusentrap's ghost (legendary MiBe)
162979 | Zig:16   | Killed Unuchuin's ghost
162980 | Zig:16   | Noticed sleeves's ghost (legendary DsFi)
162980 | Zig:16   | Killed stevelinton's ghost
162980 | Zig:16   | Noticed Teaz Xo Upt's ghost (legendary GnFE)
162981 | Zig:16   | Noticed Hacvoq's ghost (legendary HOFi)
162982 | Zig:16   | Noticed Pohawk's ghost (adept MiGl)
162982 | Zig:16   | Killed swap's ghost
162982 | Zig:16   | Noticed Hacvoq's ghost (legendary HOFi)
162983 | Zig:16   | Killed Piginabag's ghost
162983 | Zig:16   | Killed Teaz Xo Upt's ghost
162984 | Zig:16   | Noticed Xaowkis's ghost (legendary GnWr)
162985 | Zig:16   | Killed sleeves's ghost
162985 | Zig:16   | Noticed Shayle's ghost (legendary GnWz)
162986 | Zig:16   | Killed Kufiz's ghost
162986 | Zig:16   | Noticed Dameikh's ghost (veteran FoFi)
162987 | Zig:16   | Noticed Haitsiopt's ghost (legendary DsGl)
162988 | Zig:16   | Killed Xaowkis's ghost
162988 | Zig:16   | Noticed Pusocauss's ghost (legendary VSBe)
162989 | Zig:16   | Killed Dameikh's ghost
162989 | Zig:16   | Killed Fusentrap's ghost
162990 | Zig:16   | Killed Hacvoq's ghost
162990 | Zig:16   | Killed Shayle's ghost
162990 | Zig:16   | Noticed deprived's ghost (legendary HOFi)
162990 | Zig:16   | Killed Pohawk's ghost
162991 | Zig:16   | Noticed Ubraesch's ghost (adept TrMo)
162992 | Zig:16   | Noticed Piginabag's ghost (legendary DsSk)
162995 | Zig:16   | Killed Ubraesch's ghost
162995 | Zig:16   | Killed Haitsiopt's ghost
162995 | Zig:16   | Killed Pusocauss's ghost
162995 | Zig:16   | Noticed thechecker02's ghost (master DDFi)
162996 | Zig:16   | Noticed Boduf's ghost (legendary FoHu)
162998 | Zig:16   | Killed Piginabag's ghost
162998 | Zig:16   | Killed deprived's ghost
162999 | Zig:16   | Killed thechecker02's ghost
163000 | Zig:16   | Killed Boduf's ghost
163003 | Zig:16   | Killed Zeph's ghost
163017 | Zig:16   | Killed Hacvoq's ghost
163023 | Zig:16   | Found the +14 obsidian axe {vorpal, Mesm Drain Fly SInv}
163042 | Zig:16   | Identified the +3 robe of Pebbozat {Str+4}
163048 | Zig:16   | Identified the +8 morningstar of Beogh's Condemnation
                  | {speed, Will+}
163049 | Zig:16   | Identified the +8 scimitar "Kaedom" {vorpal, Dex+2}
163106 | Zig:17   | Entered Level 17 of a ziggurat
163126 | Zig:17   | Gained mutation: Your movements are slightly less
                  | encumbered by armour. (ER -2) [a cacodemon]
163144 | Zig:17   | Noticed Lolepuon the pandemonium lord
163152 | Zig:17   | Killed Lolepuon the pandemonium lord
163200 | Zig:17   | Identified the +3 great sword of an ossuary {drain, Will+
                  | Stlth+}
163201 | Zig:17   | Identified the +4 shortbow of Havoc {freeze, rCorr Dex+4}
163203 | Zig:17   | Identified the +1 leather armour of Jeajeas {rF+ Stlth+}
163205 | Zig:17   | Identified the +6 hunting sling of a bailey {venom, rN+}
163207 | Zig:17   | Identified the +1 leather armour of Miracles {Str+4}
163208 | Zig:17   | Identified the +0 ring mail of Hepliaklqana's Delight
                  | {Will+}
163294 | Zig:18   | Entered Level 18 of a ziggurat
163337 | Zig:18   | Found the +3 salamander hide armour {Flames rF++ rC--}
163724 | Zig:18   | Identified the ring of the Invisible Hand {Drain rPois rF++
                  | Will+}
163727 | Zig:18   | Identified the +7 falchion of the Lesser Evil {venom, MP+9}
163734 | Zig:18   | Identified the amulet "Olinip" {Spirit rN+ Str+6 Dex+2}
163740 | Zig:18   | Identified the +1 chain mail "Pereix" {Str+5}
163753 | Zig:18   | Identified the +2 robe of Mumblety Peg {+Blink Str-5 Int+4}
163771 | Zig:18   | Identified the +1 scale mail of Starshine {Will- Dex+6
                  | Stlth+}
163776 | Zig:18   | Identified the +4 short sword "Kycewipn" {pain, Str+8 Int-4
                  | SInv Stlth+}
163778 | Zig:18   | Identified the +3 dagger of Brutal Revenge {protect, Fly
                  | Stlth+}
163785 | Zig:19   | Entered Level 19 of a ziggurat
163792 | Zig:19   | Noticed a royal mummy
163794 | Zig:19   | Noticed a royal mummy
163795 | Zig:19   | Noticed a royal mummy
163795 | Zig:19   | Noticed a royal mummy
163797 | Zig:19   | Killed a royal mummy
163798 | Zig:19   | Killed a royal mummy
163798 | Zig:19   | Killed a royal mummy
163798 | Zig:19   | Noticed a royal mummy
163799 | Zig:19   | Killed a royal mummy
163799 | Zig:19   | Noticed a royal mummy
163799 | Zig:19   | Noticed a royal mummy
163801 | Zig:19   | Killed a royal mummy
163801 | Zig:19   | Noticed a royal mummy
163802 | Zig:19   | Killed a royal mummy
163803 | Zig:19   | Killed a royal mummy
163804 | Zig:19   | Reached skill level 27 in Unarmed Combat
163805 | Zig:19   | Killed a royal mummy
163807 | Zig:19   | Noticed a royal mummy
163808 | Zig:19   | Killed a royal mummy
163808 | Zig:19   | Noticed a royal mummy
163808 | Zig:19   | Noticed a royal mummy
163810 | Zig:19   | Killed a royal mummy
163812 | Zig:19   | Killed a royal mummy
163812 | Zig:19   | Noticed a royal mummy
163813 | Zig:19   | Killed a royal mummy
163814 | Zig:19   | Noticed a royal mummy
163816 | Zig:19   | Killed a royal mummy
163817 | Zig:19   | Reached skill level 27 in Invocations
163817 | Zig:19   | Reached skill level 1 in Hexes
163817 | Zig:19   | Reached skill level 1 in Air Magic
163817 | Zig:19   | Reached skill level 1 in Poison Magic
163824 | Zig:19   | Noticed a royal mummy
163826 | Zig:19   | Killed a royal mummy
163827 | Zig:19   | Reached skill level 5 in Throwing
164070 | Zig:19   | Identified the ring of Adeaxer {rElec Will+ AC+4}
164078 | Zig:19   | Identified the amulet "Umuthror" {Spirit Harm rF+}
164141 | Zig:19   | Acquired 1031 gold pieces
164145 | Zig:20   | Entered Level 20 of a ziggurat
164159 | Zig:20   | Reached skill level 10 in Throwing
164169 | Zig:20   | Reached skill level 15 in Throwing
164456 | Zig:21   | Entered Level 21 of a ziggurat
164701 | Zig:21   | Identified the +10 flail "Oxaaxar" {antimagic, Str+2}
164702 | Zig:21   | Identified the ring "Maeklun" {Fly rElec Dex+4}
164770 | Zig:21   | Identified the +7 long sword of the Valley of Death
                  | {antimagic, Will+ rCorr Int+4}
164771 | Zig:21   | Identified the +0 pair of gloves of Peqonk {Fly Str+2}
164775 | Zig:21   | Identified the +0 plate armour of Experimentation {rElec
                  | Dex+2}
164776 | Zig:21   | Identified the +6 falchion "Gaf Qyn" {elec, Int+3}
164779 | Zig:21   | Identified the +4 rapier of the Hungering Traitor {protect,
                  | *Corrode Fly rElec Dex+4}
164786 | Zig:21   | Lost mutation: You have an increased reservoir of magic.
                  | (+10% MP) [potion of mutation]
164786 | Zig:21   | Lost mutation: You have sharp toenails. [potion of
                  | mutation]
164786 | Zig:21   | Lost mutation: Your movements are slightly less encumbered
                  | by armour. (ER -2) [potion of mutation]
164786 | Zig:21   | Lost mutation: You passively dampen the noise of your
                  | surroundings. [potion of mutation]
164786 | Zig:21   | Gained mutation: Your spells are a little easier to cast,
                  | but a little less powerful. [potion of mutation]
164786 | Zig:21   | Lost mutation: Your spells are a little easier to cast, but
                  | a little less powerful. [potion of mutation]
164787 | Zig:21   | Lost mutation: You have a somewhat thin skeletal structure.
                  | (Dex +2, Stealth+) [potion of mutation]
164787 | Zig:21   | Lost mutation: You passively map a small area around you.
                  | [potion of mutation]
164787 | Zig:21   | Gained mutation: Your natural rate of healing is unusually
                  | fast. [potion of mutation]
164787 | Zig:21   | Lost mutation: Your natural rate of healing is unusually
                  | fast. [potion of mutation]
164788 | Zig:21   | Gained mutation: You are occasionally teleported next to
                  | monsters. [potion of mutation]
164789 | Zig:21   | Lost mutation: You are occasionally teleported next to
                  | monsters. [potion of mutation]
164789 | Zig:21   | Gained mutation: You tend to lose your temper in combat.
                  | [potion of mutation]
164789 | Zig:21   | Gained mutation: You have an increased reservoir of magic.
                  | (+10% MP) [potion of mutation]
164789 | Zig:21   | Gained mutation: You have a pair of small horns on your
                  | head. [potion of mutation]
164790 | Zig:21   | Lost mutation: You have an increased reservoir of magic.
                  | (+10% MP) [potion of mutation]
164790 | Zig:21   | Lost mutation: You tend to lose your temper in combat.
                  | [potion of mutation]
164790 | Zig:21   | Lost mutation: You have a pair of small horns on your head.
                  | [potion of mutation]
164790 | Zig:21   | Gained mutation: You have sharp toenails. [potion of
                  | mutation]
164790 | Zig:21   | Gained mutation: You expend magic power (3 MP) to
                  | strengthen your wands. [potion of mutation]
164791 | Zig:21   | Lost mutation: You expend magic power (3 MP) to strengthen
                  | your wands. [potion of mutation]
164791 | Zig:21   | Lost mutation: You have sharp toenails. [potion of
                  | mutation]
164791 | Zig:21   | Gained mutation: You are weak. (Str -2) [potion of
                  | mutation]
164791 | Zig:21   | Gained mutation: You are somewhat resistant to further
                  | mutation. [potion of mutation]
164792 | Zig:21   | Lost mutation: You are weak. (Str -2) [potion of mutation]
164792 | Zig:21   | Lost mutation: You are somewhat resistant to further
                  | mutation. [potion of mutation]
164792 | Zig:21   | Gained mutation: You are agile. (Dex +2) [potion of
                  | mutation]
164792 | Zig:21   | Gained mutation: You are somewhat resistant to further
                  | mutation. [potion of mutation]
164793 | Zig:21   | Lost mutation: You are agile. (Dex +2) [potion of mutation]
164793 | Zig:21   | Lost mutation: You are somewhat resistant to further
                  | mutation. [potion of mutation]
164793 | Zig:21   | Gained mutation: You have an increased reservoir of magic.
                  | (+10% MP) [potion of mutation]
164793 | Zig:21   | Gained mutation: You are occasionally teleported next to
                  | monsters. [potion of mutation]
164794 | Zig:21   | Lost mutation: You are occasionally teleported next to
                  | monsters. [potion of mutation]
164794 | Zig:21   | Lost mutation: You have an increased reservoir of magic.
                  | (+10% MP) [potion of mutation]
164794 | Zig:21   | Gained mutation: You have an increased reservoir of magic.
                  | (+10% MP) [potion of mutation]
164794 | Zig:21   | Gained mutation: You are agile. (Dex +2) [potion of
                  | mutation]
164794 | Zig:21   | Gained mutation: Your muscles are strong. (Str +2) [potion
                  | of mutation]
164795 | Zig:21   | Lost mutation: Your muscles are strong. (Str +2) [potion of
                  | mutation]
164795 | Zig:21   | Lost mutation: You are agile. (Dex +2) [potion of mutation]
164795 | Zig:21   | Lost mutation: You have an increased reservoir of magic.
                  | (+10% MP) [potion of mutation]
164795 | Zig:21   | Gained mutation: You have large cloven feet. [potion of
                  | mutation]
164795 | Zig:21   | Gained mutation: You possess an exceptional clarity of
                  | mind. [potion of mutation]
164795 | Zig:21   | Lost mutation: You possess an exceptional clarity of mind.
                  | [potion of mutation]
164795 | Zig:21   | Gained mutation: You have hidden genetic potential. [potion
                  | of mutation]
164796 | Zig:21   | Lost mutation: You have large cloven feet. [potion of
                  | mutation]
164796 | Zig:21   | Lost mutation: You have hidden genetic potential. [potion
                  | of mutation]
164796 | Zig:21   | Gained mutation: You are weak. (Str -2) [potion of
                  | mutation]
164796 | Zig:21   | Gained mutation: You are agile. (Dex +2) [potion of
                  | mutation]
164796 | Zig:21   | Gained mutation: You have hidden genetic defects. [potion
                  | of mutation]
164796 | Zig:21   | Gained mutation: Your mind is acute. (Int +2) [potion of
                  | mutation]
164797 | Zig:21   | Lost mutation: You are weak. (Str -2) [potion of mutation]
164797 | Zig:21   | Lost mutation: You have hidden genetic defects. [potion of
                  | mutation]
164797 | Zig:21   | Lost mutation: You are agile. (Dex +2) [potion of mutation]
164797 | Zig:21   | Gained mutation: Your muscles are strong. (Str +2) [potion
                  | of mutation]
164798 | Zig:21   | Lost mutation: Your muscles are strong. (Str +2) [potion of
                  | mutation]
164798 | Zig:21   | Lost mutation: Your mind is acute. (Int +2) [potion of
                  | mutation]
164798 | Zig:21   | Gained mutation: You have sharp toenails. [potion of
                  | mutation]
164798 | Zig:21   | Gained mutation: You have razor-sharp toenails. [potion of
                  | mutation]
164798 | Zig:21   | Gained mutation: You are dopey. (Int -2) [potion of
                  | mutation]
164799 | Zig:21   | Lost mutation: You have razor-sharp toenails. [potion of
                  | mutation]
164799 | Zig:21   | Lost mutation: You are dopey. (Int -2) [potion of mutation]
164799 | Zig:21   | Gained mutation: You tend to lose your temper in combat.
                  | [potion of mutation]
164799 | Zig:21   | Gained mutation: You are clumsy. (Dex -2) [potion of
                  | mutation]
164800 | Zig:21   | Lost mutation: You tend to lose your temper in combat.
                  | [potion of mutation]
164800 | Zig:21   | Lost mutation: You have sharp toenails. [potion of
                  | mutation]
164800 | Zig:21   | Lost mutation: You are clumsy. (Dex -2) [potion of
                  | mutation]
164800 | Zig:21   | Gained mutation: You are strong-willed. (Will+) [potion of
                  | mutation]
164800 | Zig:21   | Gained mutation: You expend magic power (3 MP) to
                  | strengthen your wands. [potion of mutation]
164801 | Zig:21   | Lost mutation: You are strong-willed. (Will+) [potion of
                  | mutation]
164801 | Zig:21   | Lost mutation: You expend magic power (3 MP) to strengthen
                  | your wands. [potion of mutation]
164801 | Zig:21   | Gained mutation: You are dopey. (Int -2) [potion of
                  | mutation]
164801 | Zig:21   | Gained mutation: You possess an exceptional clarity of
                  | mind. [potion of mutation]
164801 | Zig:21   | Lost mutation: You are dopey. (Int -2) [potion of mutation]
164802 | Zig:21   | Lost mutation: You possess an exceptional clarity of mind.
                  | [potion of mutation]
164802 | Zig:21   | Gained mutation: You are partially covered in iridescent
                  | scales. (AC +2) [potion of mutation]
164802 | Zig:21   | Gained mutation: You are agile. (Dex +2) [potion of
                  | mutation]
164802 | Zig:21   | Gained mutation: You have sharp fingernails. [potion of
                  | mutation]
164802 | Zig:21   | Gained mutation: Your natural rate of healing is unusually
                  | fast. [potion of mutation]
164803 | Zig:21   | Lost mutation: You are partially covered in iridescent
                  | scales. (AC +2) [potion of mutation]
164803 | Zig:21   | Lost mutation: Your natural rate of healing is unusually
                  | fast. [potion of mutation]
164803 | Zig:21   | Gained mutation: Your spells are a little harder to cast,
                  | but a little more powerful. [potion of mutation]
164803 | Zig:21   | Gained mutation: You are covered in fur. (AC +1) [potion of
                  | mutation]
164803 | Zig:21   | Gained mutation: You are partially covered in iridescent
                  | scales. (AC +2) [potion of mutation]
164804 | Zig:21   | Lost mutation: You have sharp fingernails. [potion of
                  | mutation]
164804 | Zig:21   | Lost mutation: Your spells are a little harder to cast, but
                  | a little more powerful. [potion of mutation]
164804 | Zig:21   | Lost mutation: You are agile. (Dex +2) [potion of mutation]
164804 | Zig:21   | Gained mutation: You are mostly covered in iridescent
                  | scales. (AC +4) [potion of mutation]
164804 | Zig:21   | Gained mutation: You passively dampen the noise of your
                  | surroundings. [potion of mutation]
164805 | Zig:21   | Lost mutation: You are mostly covered in iridescent scales.
                  | (AC +4) [potion of mutation]
164805 | Zig:21   | Lost mutation: You are covered in fur. (AC +1) [potion of
                  | mutation]
164805 | Zig:21   | Lost mutation: You are partially covered in iridescent
                  | scales. (AC +2) [potion of mutation]
164805 | Zig:21   | Gained mutation: You are partially covered in iridescent
                  | scales. (AC +2) [potion of mutation]
164805 | Zig:21   | Gained mutation: Your spells are a little harder to cast,
                  | but a little more powerful. [potion of mutation]
164805 | Zig:21   | Gained mutation: You have sharp toenails. [potion of
                  | mutation]
164806 | Zig:21   | Lost mutation: You passively dampen the noise of your
                  | surroundings. [potion of mutation]
164806 | Zig:21   | Lost mutation: Your spells are a little harder to cast, but
                  | a little more powerful. [potion of mutation]
164806 | Zig:21   | Lost mutation: You are partially covered in iridescent
                  | scales. (AC +2) [potion of mutation]
164806 | Zig:21   | Gained mutation: You have an increased reservoir of magic.
                  | (+10% MP) [potion of mutation]
164806 | Zig:21   | Lost mutation: You have an increased reservoir of magic.
                  | (+10% MP) [potion of mutation]
164806 | Zig:21   | Gained mutation: You have very sharp teeth. [potion of
                  | mutation]
164807 | Zig:21   | Lost mutation: You have sharp toenails. [potion of
                  | mutation]
164807 | Zig:21   | Lost mutation: You have very sharp teeth. [potion of
                  | mutation]
164807 | Zig:21   | Gained mutation: You have a pair of small horns on your
                  | head. [potion of mutation]
164807 | Zig:21   | Gained mutation: You expend magic power (3 MP) to
                  | strengthen your wands. [potion of mutation]
164808 | Zig:21   | Lost mutation: You have a pair of small horns on your head.
                  | [potion of mutation]
164808 | Zig:21   | Lost mutation: You expend magic power (3 MP) to strengthen
                  | your wands. [potion of mutation]
164808 | Zig:21   | Gained mutation: You are robust. (+10% HP) [potion of
                  | mutation]
164808 | Zig:21   | Gained mutation: Potions are less effective at restoring
                  | your health. [potion of mutation]
164808 | Zig:21   | Gained mutation: You are partially covered in large bone
                  | plates. (SH +4) [potion of mutation]
164809 | Zig:21   | Lost mutation: You are partially covered in large bone
                  | plates. (SH +4) [potion of mutation]
164809 | Zig:21   | Lost mutation: You are robust. (+10% HP) [potion of
                  | mutation]
164809 | Zig:21   | Gained mutation: You are frail. (-10% HP) [potion of
                  | mutation]
164809 | Zig:21   | Gained mutation: Your flesh is cold resistant. (rC+)
                  | [potion of mutation]
164809 | Zig:21   | Gained mutation: You have sharp toenails. [potion of
                  | mutation]
164810 | Zig:21   | Lost mutation: Potions are less effective at restoring your
                  | health. [potion of mutation]
164810 | Zig:21   | Lost mutation: You have sharp toenails. [potion of
                  | mutation]
164810 | Zig:21   | Lost mutation: Your flesh is cold resistant. (rC+) [potion
                  | of mutation]
164810 | Zig:21   | Gained mutation: Armour fits poorly on your strangely
                  | shaped body. [potion of mutation]
164810 | Zig:21   | Lost mutation: Armour fits poorly on your strangely shaped
                  | body. [potion of mutation]
164811 | Zig:21   | Lost mutation: You are frail. (-10% HP) [potion of
                  | mutation]
164811 | Zig:21   | Gained mutation: You have hidden genetic potential. [potion
                  | of mutation]
164811 | Zig:21   | Gained mutation: You have an increased reservoir of magic.
                  | (+10% MP) [potion of mutation]
164812 | Zig:21   | Lost mutation: You have hidden genetic potential. [potion
                  | of mutation]
164812 | Zig:21   | Lost mutation: You have an increased reservoir of magic.
                  | (+10% MP) [potion of mutation]
164812 | Zig:21   | Gained mutation: Your magical capacity is low. (-10% MP)
                  | [potion of mutation]
164812 | Zig:21   | Gained mutation: Your body sometimes deteriorates upon
                  | taking damage. [potion of mutation]
164812 | Zig:21   | Gained mutation: You have hidden genetic potential. [potion
                  | of mutation]
164812 | Zig:21   | Gained mutation: You possess an exceptional clarity of
                  | mind. [potion of mutation]
164813 | Zig:21   | Lost mutation: Your body sometimes deteriorates upon taking
                  | damage. [potion of mutation]
164813 | Zig:21   | Lost mutation: You possess an exceptional clarity of mind.
                  | [potion of mutation]
164813 | Zig:21   | Lost mutation: You have hidden genetic potential. [potion
                  | of mutation]
164813 | Zig:21   | Gained mutation: Your flesh is heat resistant. (rF+)
                  | [potion of mutation]
164813 | Zig:21   | Gained mutation: You do not regenerate when monsters are
                  | visible. [potion of mutation]
164813 | Zig:21   | Lost mutation: You do not regenerate when monsters are
                  | visible. [potion of mutation]
164814 | Zig:21   | Lost mutation: Your flesh is heat resistant. (rF+) [potion
                  | of mutation]
164814 | Zig:21   | Lost mutation: Your magical capacity is low. (-10% MP)
                  | [potion of mutation]
164814 | Zig:21   | Gained mutation: You are strong-willed. (Will+) [potion of
                  | mutation]
164814 | Zig:21   | Gained mutation: Your spells are a little harder to cast,
                  | but a little more powerful. [potion of mutation]
164814 | Zig:21   | Gained mutation: You are partially covered in iridescent
                  | scales. (AC +2) [potion of mutation]
164814 | Zig:21   | Gained mutation: You expend magic power (3 MP) to
                  | strengthen your wands. [potion of mutation]
164815 | Zig:21   | Lost mutation: You expend magic power (3 MP) to strengthen
                  | your wands. [potion of mutation]
164815 | Zig:21   | Lost mutation: You are strong-willed. (Will+) [potion of
                  | mutation]
164815 | Zig:21   | Lost mutation: You are partially covered in iridescent
                  | scales. (AC +2) [potion of mutation]
164815 | Zig:21   | Gained mutation: You are clumsy. (Dex -2) [potion of
                  | mutation]
164815 | Zig:21   | Gained mutation: You are covered in fur. (AC +1) [potion of
                  | mutation]
164815 | Zig:21   | Gained mutation: You have hidden genetic potential. [potion
                  | of mutation]
164816 | Zig:21   | Lost mutation: Your spells are a little harder to cast, but
                  | a little more powerful. [potion of mutation]
164816 | Zig:21   | Lost mutation: You are clumsy. (Dex -2) [potion of
                  | mutation]
164816 | Zig:21   | Lost mutation: You have hidden genetic potential. [potion
                  | of mutation]
164816 | Zig:21   | Gained mutation: Your mind is acute. (Int +2) [potion of
                  | mutation]
164817 | Zig:21   | Lost mutation: Your mind is acute. (Int +2) [potion of
                  | mutation]
164817 | Zig:21   | Lost mutation: You are covered in fur. (AC +1) [potion of
                  | mutation]
164817 | Zig:21   | Gained mutation: Your spells are a little easier to cast,
                  | but a little less powerful. [potion of mutation]
164817 | Zig:21   | Gained mutation: Your body sometimes deteriorates upon
                  | taking damage. [potion of mutation]
164817 | Zig:21   | Gained mutation: You have large cloven feet. [potion of
                  | mutation]
164818 | Zig:21   | Lost mutation: Your body sometimes deteriorates upon taking
                  | damage. [potion of mutation]
164818 | Zig:21   | Lost mutation: Your spells are a little easier to cast, but
                  | a little less powerful. [potion of mutation]
164818 | Zig:21   | Gained mutation: You are partially covered in iridescent
                  | scales. (AC +2) [potion of mutation]
164818 | Zig:21   | Gained mutation: You are mostly covered in iridescent
                  | scales. (AC +4) [potion of mutation]
164818 | Zig:21   | Gained mutation: You have sharp fingernails. [potion of
                  | mutation]
164819 | Zig:21   | Lost mutation: You are mostly covered in iridescent scales.
                  | (AC +4) [potion of mutation]
164819 | Zig:21   | Lost mutation: You are partially covered in iridescent
                  | scales. (AC +2) [potion of mutation]
164819 | Zig:21   | Gained mutation: You have a pair of small horns on your
                  | head. [potion of mutation]
164819 | Zig:21   | Gained mutation: Your natural rate of healing is unusually
                  | fast. [potion of mutation]
164819 | Zig:21   | Gained mutation: Your flesh is heat resistant. (rF+)
                  | [potion of mutation]
164819 | Zig:21   | Gained mutation: You are agile. (Dex +2) [potion of
                  | mutation]
164820 | Zig:21   | Lost mutation: Your natural rate of healing is unusually
                  | fast. [potion of mutation]
164820 | Zig:21   | Lost mutation: You have large cloven feet. [potion of
                  | mutation]
164820 | Zig:21   | Lost mutation: You have a pair of small horns on your head.
                  | [potion of mutation]
164820 | Zig:21   | Gained mutation: Your body sometimes deteriorates upon
                  | taking damage. [potion of mutation]
164820 | Zig:21   | Gained mutation: You possess an exceptional clarity of
                  | mind. [potion of mutation]
164820 | Zig:21   | Gained mutation: You are robust. (+10% HP) [potion of
                  | mutation]
164821 | Zig:21   | Lost mutation: You possess an exceptional clarity of mind.
                  | [potion of mutation]
164821 | Zig:21   | Lost mutation: You are agile. (Dex +2) [potion of mutation]
164821 | Zig:21   | Lost mutation: Your flesh is heat resistant. (rF+) [potion
                  | of mutation]
164821 | Zig:21   | Gained mutation: You sometimes lose the ability to read
                  | scrolls when taking damage. [potion of mutation]
164821 | Zig:21   | Gained mutation: You are partially covered in iridescent
                  | scales. (AC +2) [potion of mutation]
164822 | Zig:21   | Lost mutation: You sometimes lose the ability to read
                  | scrolls when taking damage. [potion of mutation]
164822 | Zig:21   | Lost mutation: You have sharp fingernails. [potion of
                  | mutation]
164822 | Zig:21   | Lost mutation: Your body sometimes deteriorates upon taking
                  | damage. [potion of mutation]
164822 | Zig:21   | Gained mutation: Armour fits poorly on your strangely
                  | shaped body. [potion of mutation]
164822 | Zig:21   | Gained mutation: Your flesh is heat resistant. (rF+)
                  | [potion of mutation]
164822 | Zig:21   | Gained mutation: Your mind is acute. (Int +2) [potion of
                  | mutation]
164823 | Zig:21   | Lost mutation: Your flesh is heat resistant. (rF+) [potion
                  | of mutation]
164823 | Zig:21   | Lost mutation: You are robust. (+10% HP) [potion of
                  | mutation]
164823 | Zig:21   | Lost mutation: You are partially covered in iridescent
                  | scales. (AC +2) [potion of mutation]
164823 | Zig:21   | Gained mutation: You are occasionally teleported next to
                  | monsters. [potion of mutation]
164823 | Zig:21   | Gained mutation: You are partially covered in iridescent
                  | scales. (AC +2) [potion of mutation]
164823 | Zig:21   | Gained mutation: You have hidden genetic potential. [potion
                  | of mutation]
164824 | Zig:21   | Lost mutation: You are occasionally teleported next to
                  | monsters. [potion of mutation]
164824 | Zig:21   | Lost mutation: You have hidden genetic potential. [potion
                  | of mutation]
164824 | Zig:21   | Gained mutation: You are mostly covered in iridescent
                  | scales. (AC +4) [potion of mutation]
164824 | Zig:21   | Gained mutation: Your mind is very acute. (Int +4) [potion
                  | of mutation]
164824 | Zig:21   | Gained mutation: You are weak. (Str -2) [potion of
                  | mutation]
164825 | Zig:21   | Lost mutation: Armour fits poorly on your strangely shaped
                  | body. [potion of mutation]
164825 | Zig:21   | Lost mutation: Your mind is very acute. (Int +4) [potion of
                  | mutation]
164825 | Zig:21   | Lost mutation: Your mind is acute. (Int +2) [potion of
                  | mutation]
164825 | Zig:21   | Lost mutation: You are weak. (Str -2) [potion of mutation]
164825 | Zig:21   | Gained mutation: You have large cloven feet. [potion of
                  | mutation]
164825 | Zig:21   | Gained mutation: You have hidden genetic defects. [potion
                  | of mutation]
164826 | Zig:21   | Lost mutation: You are mostly covered in iridescent scales.
                  | (AC +4) [potion of mutation]
164826 | Zig:21   | Lost mutation: You have large cloven feet. [potion of
                  | mutation]
164826 | Zig:21   | Gained mutation: You are mostly covered in iridescent
                  | scales. (AC +4) [potion of mutation]
164826 | Zig:21   | Gained mutation: Your muscles are strong. (Str +2) [potion
                  | of mutation]
164827 | Zig:21   | Lost mutation: Your muscles are strong. (Str +2) [potion of
                  | mutation]
164827 | Zig:21   | Lost mutation: You are mostly covered in iridescent scales.
                  | (AC +4) [potion of mutation]
164827 | Zig:21   | Gained mutation: You have a pair of small horns on your
                  | head. [potion of mutation]
164828 | Zig:21   | Lost mutation: You have hidden genetic defects. [potion of
                  | mutation]
164828 | Zig:21   | Lost mutation: You have a pair of small horns on your head.
                  | [potion of mutation]
164828 | Zig:21   | Gained mutation: You are somewhat resistant to further
                  | mutation. [potion of mutation]
164829 | Zig:21   | Lost mutation: You are partially covered in iridescent
                  | scales. (AC +2) [potion of mutation]
164829 | Zig:21   | Lost mutation: You are somewhat resistant to further
                  | mutation. [potion of mutation]
164829 | Zig:21   | Gained mutation: You are frail. (-10% HP) [potion of
                  | mutation]
164829 | Zig:21   | Gained mutation: Your magical capacity is low. (-10% MP)
                  | [potion of mutation]
164829 | Zig:21   | Gained mutation: You are clumsy. (Dex -2) [potion of
                  | mutation]
164829 | Zig:21   | Gained mutation: You have sharp fingernails. [potion of
                  | mutation]
164830 | Zig:21   | Lost mutation: You are frail. (-10% HP) [potion of
                  | mutation]
164830 | Zig:21   | Lost mutation: Your magical capacity is low. (-10% MP)
                  | [potion of mutation]
164830 | Zig:21   | Lost mutation: You have sharp fingernails. [potion of
                  | mutation]
164830 | Zig:21   | Gained mutation: You are occasionally teleported next to
                  | monsters. [potion of mutation]
164831 | Zig:21   | Lost mutation: You are occasionally teleported next to
                  | monsters. [potion of mutation]
164831 | Zig:21   | Lost mutation: You are clumsy. (Dex -2) [potion of
                  | mutation]
164831 | Zig:21   | Gained mutation: You have hidden genetic potential. [potion
                  | of mutation]
164831 | Zig:21   | Gained mutation: Potions are less effective at restoring
                  | your health. [potion of mutation]
164832 | Zig:21   | Lost mutation: You have hidden genetic potential. [potion
                  | of mutation]
164832 | Zig:21   | Lost mutation: Potions are less effective at restoring your
                  | health. [potion of mutation]
164832 | Zig:21   | Gained mutation: You tend to lose your temper in combat.
                  | [potion of mutation]
164832 | Zig:21   | Gained mutation: You are agile. (Dex +2) [potion of
                  | mutation]
164833 | Zig:21   | Lost mutation: You are agile. (Dex +2) [potion of mutation]
164833 | Zig:21   | Lost mutation: You tend to lose your temper in combat.
                  | [potion of mutation]
164833 | Zig:21   | Gained mutation: Your mind is acute. (Int +2) [potion of
                  | mutation]
164833 | Zig:21   | Gained mutation: Your movements are slightly less
                  | encumbered by armour. (ER -2) [potion of mutation]
164834 | Zig:21   | Lost mutation: Your movements are slightly less encumbered
                  | by armour. (ER -2) [potion of mutation]
164834 | Zig:21   | Lost mutation: Your mind is acute. (Int +2) [potion of
                  | mutation]
164834 | Zig:21   | Gained mutation: You sometimes lose the ability to read
                  | scrolls when taking damage. [potion of mutation]
164834 | Zig:21   | Gained mutation: You are robust. (+10% HP) [potion of
                  | mutation]
164835 | Zig:21   | Lost mutation: You sometimes lose the ability to read
                  | scrolls when taking damage. [potion of mutation]
164835 | Zig:21   | Lost mutation: You are robust. (+10% HP) [potion of
                  | mutation]
164835 | Zig:21   | Gained mutation: Your flesh is heat resistant. (rF+)
                  | [potion of mutation]
164836 | Zig:21   | Lost mutation: Your flesh is heat resistant. (rF+) [potion
                  | of mutation]
164836 | Zig:21   | Gained mutation: Your body sometimes deteriorates upon
                  | taking damage. [potion of mutation]
164836 | Zig:21   | Gained mutation: You have a somewhat thin skeletal
                  | structure. (Dex +2, Stealth+) [potion of mutation]
164836 | Zig:21   | Gained mutation: You are robust. (+10% HP) [potion of
                  | mutation]
164837 | Zig:21   | Lost mutation: You are robust. (+10% HP) [potion of
                  | mutation]
164837 | Zig:21   | Lost mutation: Your body sometimes deteriorates upon taking
                  | damage. [potion of mutation]
164837 | Zig:21   | Lost mutation: You have a somewhat thin skeletal structure.
                  | (Dex +2, Stealth+) [potion of mutation]
164837 | Zig:21   | Gained mutation: You possess an exceptional clarity of
                  | mind. [potion of mutation]
164837 | Zig:21   | Gained mutation: You are agile. (Dex +2) [potion of
                  | mutation]
164838 | Zig:21   | Lost mutation: You are agile. (Dex +2) [potion of mutation]
164838 | Zig:21   | Lost mutation: You possess an exceptional clarity of mind.
                  | [potion of mutation]
164838 | Zig:21   | Gained mutation: You are weak. (Str -2) [potion of
                  | mutation]
164838 | Zig:21   | Gained mutation: Your spells are a little easier to cast,
                  | but a little less powerful. [potion of mutation]
164838 | Zig:21   | Gained mutation: Your skin changes colour to match your
                  | surroundings (Stealth+). [potion of mutation]
164838 | Zig:21   | Gained mutation: You passively map a small area around you.
                  | [potion of mutation]
164839 | Zig:21   | Lost mutation: Your skin changes colour to match your
                  | surroundings (Stealth+). [potion of mutation]
164839 | Zig:21   | Lost mutation: You passively map a small area around you.
                  | [potion of mutation]
164839 | Zig:21   | Lost mutation: Your spells are a little easier to cast, but
                  | a little less powerful. [potion of mutation]
164839 | Zig:21   | Gained mutation: You are dopey. (Int -2) [potion of
                  | mutation]
164839 | Zig:21   | Gained mutation: You occasionally shout uncontrollably at
                  | your foes. [potion of mutation]
164839 | Zig:21   | Gained mutation: Your spells are a little harder to cast,
                  | but a little more powerful. [potion of mutation]
164840 | Zig:21   | Lost mutation: You occasionally shout uncontrollably at
                  | your foes. [potion of mutation]
164840 | Zig:21   | Lost mutation: You are weak. (Str -2) [potion of mutation]
164840 | Zig:21   | Gained mutation: You have hidden genetic defects. [potion
                  | of mutation]
164840 | Zig:21   | Gained mutation: Your muscles are strong. (Str +2) [potion
                  | of mutation]
164841 | Zig:21   | Lost mutation: Your muscles are strong. (Str +2) [potion of
                  | mutation]
164841 | Zig:21   | Lost mutation: You have hidden genetic defects. [potion of
                  | mutation]
164841 | Zig:21   | Lost mutation: Your spells are a little harder to cast, but
                  | a little more powerful. [potion of mutation]
164841 | Zig:21   | Gained mutation: Your spells are a little harder to cast,
                  | but a little more powerful. [potion of mutation]
164841 | Zig:21   | Gained mutation: You are agile. (Dex +2) [potion of
                  | mutation]
164841 | Zig:21   | Gained mutation: You are robust. (+10% HP) [potion of
                  | mutation]
164842 | Zig:21   | Lost mutation: You are agile. (Dex +2) [potion of mutation]
164842 | Zig:21   | Lost mutation: You are dopey. (Int -2) [potion of mutation]
164842 | Zig:21   | Gained mutation: You are clumsy. (Dex -2) [potion of
                  | mutation]
164842 | Zig:21   | Lost mutation: You are robust. (+10% HP) [potion of
                  | mutation]
164842 | Zig:21   | Lost mutation: You are clumsy. (Dex -2) [potion of
                  | mutation]
164843 | Zig:21   | Lost mutation: Your spells are a little harder to cast, but
                  | a little more powerful. [potion of mutation]
164843 | Zig:21   | Gained mutation: You do not regenerate when monsters are
                  | visible. [potion of mutation]
164843 | Zig:21   | Gained mutation: You are strong-willed. (Will+) [potion of
                  | mutation]
164843 | Zig:21   | Gained mutation: You are clumsy. (Dex -2) [potion of
                  | mutation]
164844 | Zig:21   | Lost mutation: You are strong-willed. (Will+) [potion of
                  | mutation]
164844 | Zig:21   | Lost mutation: You are clumsy. (Dex -2) [potion of
                  | mutation]
164844 | Zig:21   | Lost mutation: You do not regenerate when monsters are
                  | visible. [potion of mutation]
164844 | Zig:21   | Gained mutation: You are covered in fur. (AC +1) [potion of
                  | mutation]
164845 | Zig:21   | Lost mutation: You are covered in fur. (AC +1) [potion of
                  | mutation]
164845 | Zig:21   | Gained mutation: You are strong-willed. (Will+) [potion of
                  | mutation]
164845 | Zig:21   | Gained mutation: You expend magic power (3 MP) to
                  | strengthen your wands. [potion of mutation]
164846 | Zig:21   | Lost mutation: You expend magic power (3 MP) to strengthen
                  | your wands. [potion of mutation]
164846 | Zig:21   | Lost mutation: You are strong-willed. (Will+) [potion of
                  | mutation]
164846 | Zig:21   | Gained mutation: You have large cloven feet. [potion of
                  | mutation]
164846 | Zig:21   | Gained mutation: You are frail. (-10% HP) [potion of
                  | mutation]
164846 | Zig:21   | Gained mutation: Your muscles are strong. (Str +2) [potion
                  | of mutation]
164847 | Zig:21   | Lost mutation: You are frail. (-10% HP) [potion of
                  | mutation]
164847 | Zig:21   | Lost mutation: Your muscles are strong. (Str +2) [potion of
                  | mutation]
164847 | Zig:21   | Lost mutation: You have large cloven feet. [potion of
                  | mutation]
164847 | Zig:21   | Gained mutation: You possess an exceptional clarity of
                  | mind. [potion of mutation]
164847 | Zig:21   | Gained mutation: Your mind is acute. (Int +2) [potion of
                  | mutation]
164848 | Zig:21   | Lost mutation: Your mind is acute. (Int +2) [potion of
                  | mutation]
164848 | Zig:21   | Lost mutation: You possess an exceptional clarity of mind.
                  | [potion of mutation]
164848 | Zig:21   | Gained mutation: You have hidden genetic potential. [potion
                  | of mutation]
164849 | Zig:21   | Lost mutation: You have hidden genetic potential. [potion
                  | of mutation]
164849 | Zig:21   | Gained mutation: Your natural rate of healing is unusually
                  | fast. [potion of mutation]
164849 | Zig:21   | Gained mutation: You have a pair of small horns on your
                  | head. [potion of mutation]
164849 | Zig:21   | Gained mutation: You are agile. (Dex +2) [potion of
                  | mutation]
164850 | Zig:21   | Lost mutation: Your natural rate of healing is unusually
                  | fast. [potion of mutation]
164850 | Zig:21   | Lost mutation: You are agile. (Dex +2) [potion of mutation]
164850 | Zig:21   | Gained mutation: You sometimes lose the ability to read
                  | scrolls when taking damage. [potion of mutation]
164850 | Zig:21   | Gained mutation: You are strong-willed. (Will+) [potion of
                  | mutation]
164851 | Zig:21   | Lost mutation: You sometimes lose the ability to read
                  | scrolls when taking damage. [potion of mutation]
164851 | Zig:21   | Lost mutation: You are strong-willed. (Will+) [potion of
                  | mutation]
164851 | Zig:21   | Gained mutation: You are partially covered in iridescent
                  | scales. (AC +2) [potion of mutation]
164851 | Zig:21   | Gained mutation: You are weak. (Str -2) [potion of
                  | mutation]
164852 | Zig:21   | Lost mutation: You are partially covered in iridescent
                  | scales. (AC +2) [potion of mutation]
164852 | Zig:21   | Lost mutation: You have a pair of small horns on your head.
                  | [potion of mutation]
164852 | Zig:21   | Lost mutation: You are weak. (Str -2) [potion of mutation]
164852 | Zig:21   | Gained mutation: You are dopey. (Int -2) [potion of
                  | mutation]
164853 | Zig:21   | Lost mutation: You are dopey. (Int -2) [potion of mutation]
164853 | Zig:21   | Gained mutation: Your magical capacity is low. (-10% MP)
                  | [potion of mutation]
164853 | Zig:21   | Gained mutation: You have a pair of small antennae on your
                  | head. [potion of mutation]
164853 | Zig:21   | Gained mutation: You are frail. (-10% HP) [potion of
                  | mutation]
164854 | Zig:21   | Lost mutation: You are frail. (-10% HP) [potion of
                  | mutation]
164854 | Zig:21   | Lost mutation: Your magical capacity is low. (-10% MP)
                  | [potion of mutation]
164854 | Zig:21   | Lost mutation: You have a pair of small antennae on your
                  | head. [potion of mutation]
164854 | Zig:21   | Gained mutation: Potions are less effective at restoring
                  | your health. [potion of mutation]
164854 | Zig:21   | Gained mutation: You possess an exceptional clarity of
                  | mind. [potion of mutation]
164855 | Zig:21   | Lost mutation: Potions are less effective at restoring your
                  | health. [potion of mutation]
164855 | Zig:21   | Lost mutation: You possess an exceptional clarity of mind.
                  | [potion of mutation]
164855 | Zig:21   | Gained mutation: You are partially covered in iridescent
                  | scales. (AC +2) [potion of mutation]
164855 | Zig:21   | Gained mutation: You tend to lose your temper in combat.
                  | [potion of mutation]
164856 | Zig:21   | Lost mutation: You tend to lose your temper in combat.
                  | [potion of mutation]
164856 | Zig:21   | Lost mutation: You are partially covered in iridescent
                  | scales. (AC +2) [potion of mutation]
164856 | Zig:21   | Gained mutation: You expend magic power (3 MP) to
                  | strengthen your wands. [potion of mutation]
164856 | Zig:21   | Gained mutation: You are strong-willed. (Will+) [potion of
                  | mutation]
164856 | Zig:21   | Gained mutation: Your spells are a little harder to cast,
                  | but a little more powerful. [potion of mutation]
164857 | Zig:21   | Lost mutation: You expend magic power (3 MP) to strengthen
                  | your wands. [potion of mutation]
164857 | Zig:21   | Lost mutation: You are strong-willed. (Will+) [potion of
                  | mutation]
164857 | Zig:21   | Gained mutation: Your mind is acute. (Int +2) [potion of
                  | mutation]
164857 | Zig:21   | Gained mutation: Your flesh is heat resistant. (rF+)
                  | [potion of mutation]
164857 | Zig:21   | Gained mutation: You passively map a small area around you.
                  | [potion of mutation]
164857 | Zig:21   | Gained mutation: You passively map the area around you.
                  | [potion of mutation]
164858 | Zig:21   | Lost mutation: Your mind is acute. (Int +2) [potion of
                  | mutation]
164858 | Zig:21   | Lost mutation: Your spells are a little harder to cast, but
                  | a little more powerful. [potion of mutation]
164858 | Zig:21   | Lost mutation: Your flesh is heat resistant. (rF+) [potion
                  | of mutation]
164858 | Zig:21   | Gained mutation: You are frail. (-10% HP) [potion of
                  | mutation]
164858 | Zig:21   | Gained mutation: You passively dampen the noise of your
                  | surroundings. [potion of mutation]
164859 | Zig:21   | Lost mutation: You passively dampen the noise of your
                  | surroundings. [potion of mutation]
164859 | Zig:21   | Lost mutation: You passively map the area around you.
                  | [potion of mutation]
164859 | Zig:21   | Lost mutation: You passively map a small area around you.
                  | [potion of mutation]
164859 | Zig:21   | Gained mutation: You possess an exceptional clarity of
                  | mind. [potion of mutation]
164859 | Zig:21   | Gained mutation: Your flesh is heat resistant. (rF+)
                  | [potion of mutation]
164859 | Zig:21   | Gained mutation: You have large cloven feet. [potion of
                  | mutation]
164860 | Zig:21   | Lost mutation: You possess an exceptional clarity of mind.
                  | [potion of mutation]
164860 | Zig:21   | Lost mutation: Your flesh is heat resistant. (rF+) [potion
                  | of mutation]
164860 | Zig:21   | Gained mutation: Your spells are a little easier to cast,
                  | but a little less powerful. [potion of mutation]
164860 | Zig:21   | Gained mutation: You are weak. (Str -2) [potion of
                  | mutation]
164861 | Zig:21   | Lost mutation: You are weak. (Str -2) [potion of mutation]
164861 | Zig:21   | Lost mutation: Your spells are a little easier to cast, but
                  | a little less powerful. [potion of mutation]
164861 | Zig:21   | Lost mutation: You are frail. (-10% HP) [potion of
                  | mutation]
164861 | Zig:21   | Gained mutation: You are somewhat resistant to further
                  | mutation. [potion of mutation]
164862 | Zig:21   | Lost mutation: You are somewhat resistant to further
                  | mutation. [potion of mutation]
164862 | Zig:21   | Lost mutation: You have large cloven feet. [potion of
                  | mutation]
164862 | Zig:21   | Gained mutation: Your mind is acute. (Int +2) [potion of
                  | mutation]
164862 | Zig:21   | Gained mutation: You expend magic power (3 MP) to
                  | strengthen your wands. [potion of mutation]
164863 | Zig:21   | Lost mutation: Your mind is acute. (Int +2) [potion of
                  | mutation]
164863 | Zig:21   | Lost mutation: You expend magic power (3 MP) to strengthen
                  | your wands. [potion of mutation]
164863 | Zig:21   | Gained mutation: You are strong-willed. (Will+) [potion of
                  | mutation]
164863 | Zig:21   | Gained mutation: You have hidden genetic potential. [potion
                  | of mutation]
164863 | Zig:21   | Gained mutation: You expend magic power (3 MP) to
                  | strengthen your wands. [potion of mutation]
164864 | Zig:21   | Lost mutation: You expend magic power (3 MP) to strengthen
                  | your wands. [potion of mutation]
164864 | Zig:21   | Lost mutation: You have hidden genetic potential. [potion
                  | of mutation]
164864 | Zig:21   | Gained mutation: You are dopey. (Int -2) [potion of
                  | mutation]
164865 | Zig:21   | Lost mutation: You are strong-willed. (Will+) [potion of
                  | mutation]
164865 | Zig:21   | Lost mutation: You are dopey. (Int -2) [potion of mutation]
164865 | Zig:21   | Gained mutation: You are strong-willed. (Will+) [potion of
                  | mutation]
164865 | Zig:21   | Lost mutation: You are strong-willed. (Will+) [potion of
                  | mutation]
164865 | Zig:21   | Gained mutation: You have hidden genetic potential. [potion
                  | of mutation]
164866 | Zig:21   | Lost mutation: You have hidden genetic potential. [potion
                  | of mutation]
164866 | Zig:21   | Gained mutation: Your flesh is cold resistant. (rC+)
                  | [potion of mutation]
164866 | Zig:21   | Gained mutation: You are frail. (-10% HP) [potion of
                  | mutation]
164866 | Zig:21   | Gained mutation: Your flesh is very cold resistant. (rC++)
                  | [potion of mutation]
164867 | Zig:21   | Lost mutation: You are frail. (-10% HP) [potion of
                  | mutation]
164867 | Zig:21   | Lost mutation: Your flesh is very cold resistant. (rC++)
                  | [potion of mutation]
164867 | Zig:21   | Lost mutation: Your flesh is cold resistant. (rC+) [potion
                  | of mutation]
164867 | Zig:21   | Gained mutation: Your mind is acute. (Int +2) [potion of
                  | mutation]
164867 | Zig:21   | Gained mutation: You are partially covered in iridescent
                  | scales. (AC +2) [potion of mutation]
164868 | Zig:21   | Lost mutation: You are partially covered in iridescent
                  | scales. (AC +2) [potion of mutation]
164868 | Zig:21   | Lost mutation: Your mind is acute. (Int +2) [potion of
                  | mutation]
164868 | Zig:21   | Gained mutation: You are robust. (+10% HP) [potion of
                  | mutation]
164868 | Zig:21   | Gained mutation: You occasionally shout uncontrollably at
                  | your foes. [potion of mutation]
164869 | Zig:21   | Lost mutation: You occasionally shout uncontrollably at
                  | your foes. [potion of mutation]
164869 | Zig:21   | Lost mutation: You are robust. (+10% HP) [potion of
                  | mutation]
164869 | Zig:21   | Gained mutation: You are weak. (Str -2) [potion of
                  | mutation]
164869 | Zig:21   | Gained mutation: You are frail. (-10% HP) [potion of
                  | mutation]
164869 | Zig:21   | Gained mutation: You are partially covered in iridescent
                  | scales. (AC +2) [potion of mutation]
164870 | Zig:21   | Lost mutation: You are partially covered in iridescent
                  | scales. (AC +2) [potion of mutation]
164870 | Zig:21   | Lost mutation: You are weak. (Str -2) [potion of mutation]
164870 | Zig:21   | Lost mutation: You are frail. (-10% HP) [potion of
                  | mutation]
164870 | Zig:21   | Gained mutation: Your body sometimes deteriorates upon
                  | taking damage. [potion of mutation]
164871 | Zig:21   | Lost mutation: Your body sometimes deteriorates upon taking
                  | damage. [potion of mutation]
164871 | Zig:21   | Gained mutation: You are dopey. (Int -2) [potion of
                  | mutation]
164871 | Zig:21   | Gained mutation: Your muscles are strong. (Str +2) [potion
                  | of mutation]
164872 | Zig:21   | Lost mutation: Your muscles are strong. (Str +2) [potion of
                  | mutation]
164872 | Zig:21   | Lost mutation: You are dopey. (Int -2) [potion of mutation]
164872 | Zig:21   | Gained mutation: Your muscles are strong. (Str +2) [potion
                  | of mutation]
164873 | Zig:21   | Lost mutation: Your muscles are strong. (Str +2) [potion of
                  | mutation]
164873 | Zig:21   | Gained mutation: Your spells are a little harder to cast,
                  | but a little more powerful. [potion of mutation]
164873 | Zig:21   | Gained mutation: You have a somewhat thin skeletal
                  | structure. (Dex +2, Stealth+) [potion of mutation]
164874 | Zig:21   | Lost mutation: You have a somewhat thin skeletal structure.
                  | (Dex +2, Stealth+) [potion of mutation]
164874 | Zig:21   | Lost mutation: Your spells are a little harder to cast, but
                  | a little more powerful. [potion of mutation]
164874 | Zig:21   | Gained mutation: A frigid envelope surrounds you and
                  | freezes all who hurt you. [potion of mutation]
164874 | Zig:21   | Gained mutation: Your spells are a little easier to cast,
                  | but a little less powerful. [potion of mutation]
164875 | Zig:21   | Lost mutation: Your spells are a little easier to cast, but
                  | a little less powerful. [potion of mutation]
164875 | Zig:21   | Lost mutation: A frigid envelope surrounds you and freezes
                  | all who hurt you. [potion of mutation]
164875 | Zig:21   | Gained mutation: Armour fits poorly on your strangely
                  | shaped body. [potion of mutation]
164876 | Zig:21   | Lost mutation: Armour fits poorly on your strangely shaped
                  | body. [potion of mutation]
164876 | Zig:21   | Gained mutation: Your mind is acute. (Int +2) [potion of
                  | mutation]
164876 | Zig:21   | Gained mutation: Your muscles are strong. (Str +2) [potion
                  | of mutation]
164877 | Zig:21   | Lost mutation: Your mind is acute. (Int +2) [potion of
                  | mutation]
164877 | Zig:21   | Lost mutation: Your muscles are strong. (Str +2) [potion of
                  | mutation]
164877 | Zig:21   | Gained mutation: Your flesh is cold resistant. (rC+)
                  | [potion of mutation]
164877 | Zig:21   | Gained mutation: You are robust. (+10% HP) [potion of
                  | mutation]
164956 | Zig:22   | Entered Level 22 of a ziggurat
165020 | Zig:22   | Found the +8 demon blade "Leech" {vamp, Harm Drain rN+}
165069 | Zig:22   | Identified the +7 hand axe of the Evil Eye {speed, Dex+3
                  | Stlth+}
165083 | Zig:22   | Identified the +2 ring mail of Servitude {rN+ Int+4}
165093 | Zig:23   | Entered Level 23 of a ziggurat
165284 | Zig:23   | Found the +1 robe of Vines {NoPotionHeal Regen++++}
165384 | Zig:23   | Identified the ring "Xesypaf" {rN+++ rCorr MP-9 Dex-4
                  | Stlth+}
165386 | Zig:23   | Identified the +4 rapier "Qotuduw" {protect, *Noise rElec
                  | rPois Stlth+}
165387 | Zig:23   | Identified the amulet "Ywarchus" {Faith Str+4 Dex+6}
165389 | Zig:23   | Identified the +1 leather armour of Zetaelen {Rampage
                  | *Corrode rElec MP+9}
165398 | Zig:23   | Identified the ring "Lesuynox" {rElec rCorr Str-5 Dex+3
                  | SInv}
165400 | Zig:23   | Reached skill level 27 in Throwing
165406 | Zig:23   | Identified the +6 halberd of the Eternal Warrior {holy, Fly
                  | rC- Will- Str+9}
165437 | Zig:23   | Identified the +4 flail "Vetotuh" {speed, rPois Dex+3}
165440 | Zig:23   | Identified the +2 helmet "Duodwaing" {Dex+4}
165446 | Zig:24   | Entered Level 24 of a ziggurat
165465 | Zig:24   | Reached skill level 5 in Hexes
165467 | Zig:24   | Reached skill level 5 in Air Magic
165467 | Zig:24   | Noticed an ancient lich
165468 | Zig:24   | Noticed an ancient lich
165469 | Zig:24   | Killed an ancient lich
165469 | Zig:24   | Killed an ancient lich
165473 | Zig:24   | Noticed an ancient lich
165475 | Zig:24   | Noticed an ancient lich
165476 | Zig:24   | Killed an ancient lich
165476 | Zig:24   | Noticed an ancient lich
165476 | Zig:24   | Noticed an ancient lich
165477 | Zig:24   | Reached skill level 10 in Hexes
165477 | Zig:24   | Killed an ancient lich
165477 | Zig:24   | Killed an ancient lich
165477 | Zig:24   | Noticed an ancient lich
165478 | Zig:24   | Reached skill level 10 in Air Magic
165478 | Zig:24   | Killed an ancient lich
165478 | Zig:24   | Killed an ancient lich
165478 | Zig:24   | Noticed an ancient lich
165480 | Zig:24   | Killed an ancient lich
165482 | Zig:24   | Noticed an ancient lich
165483 | Zig:24   | Killed an ancient lich
165483 | Zig:24   | Noticed an ancient lich
165484 | Zig:24   | Killed an ancient lich
165620 | Zig:24   | Identified the amulet "Buykhly" {Regen+ Int+3}
165689 | Zig:24   | Identified the +6 great mace of Negyninio {vorpal, rN+}
165692 | Zig:25   | Entered Level 25 of a ziggurat
165713 | Zig:25   | Noticed an ancient lich
165713 | Zig:25   | Killed an ancient lich
165714 | Zig:25   | Reached skill level 15 in Hexes
165717 | Zig:25   | Noticed a dread lich
165717 | Zig:25   | Killed a dread lich
165718 | Zig:25   | Noticed an ancient lich
165719 | Zig:25   | Killed an ancient lich
165720 | Zig:25   | Reached skill level 15 in Air Magic
165721 | Zig:25   | Noticed a dread lich
165723 | Zig:25   | Killed a dread lich
165725 | Zig:25   | Noticed a dread lich
165726 | Zig:25   | Killed a dread lich
165728 | Zig:25   | Noticed a dread lich
165728 | Zig:25   | Noticed a dread lich
165729 | Zig:25   | Killed a dread lich
165730 | Zig:25   | Killed a dread lich
165731 | Zig:25   | Noticed an ancient lich
165731 | Zig:25   | Noticed an ancient lich
165733 | Zig:25   | Killed an ancient lich
165734 | Zig:25   | Noticed a dread lich
165736 | Zig:25   | Killed an ancient lich
165737 | Zig:25   | Killed a dread lich
165739 | Zig:25   | Noticed a dread lich
165742 | Zig:25   | Killed a dread lich
165856 | Zig:25   | Found the +10 dark maul {vorpal}
165865 | Zig:25   | Identified the amulet of Coffoqyth {Faith Int+3}
165873 | Zig:25   | Identified the +4 rapier of the Wasp {freeze, Will+ Str+2
                  | Dex+2}
165922 | Zig:25   | Identified the +7 mace of Income {pain, +Blink rN+ Will++
                  | Int+2}
165928 | Zig:26   | Entered Level 26 of a ziggurat
166274 | Zig:26   | Found the ring of the Octopus King
166325 | Zig:26   | Identified the +3 lajatang "Afarchulu" {vamp, rElec rPois
                  | Stlth-}
166339 | Zig:26   | Identified the +4 ring mail of the Meadowlark {rPois}
166342 | Zig:26   | Identified a ring of the Octopus King {AC+1 EV+1 Str+1
                  | Int+1 Dex+1 SInv}
166512 | Zig:26   | Identified the +8 fustibalus of Vyptij {freeze, *Corrode
                  | rPois rF++ SInv}
166525 | Zig:27   | Entered Level 27 of a ziggurat
166685 | Zig:27   | Identified the +2 robe of Qivakhlo {rN+}
166690 | Zig:27   | Identified the +7 long sword "Leish" {vorpal, rC+ Int+5}
166868 | Zig:27   | Identified the +0 scale mail "Beidwogh" {Dex+7}
166871 | Zig:27   | Identified the +6 great sword of the Howling Butterfly
                  | {holy, rCorr Int-3 Dex+7}
166873 | Zig:27   | Identified the +4 ring mail of Distant Worlds {rElec Regen+
                  | Int+4 Dex+3}
166879 | Zig:27   | Identified the +5 bardiche of Absolution {protect, rElec
                  | Str+6}
166884 | Zig:27   | Identified the +8 war axe "Death Rattle" {vamp, *Noise
                  | rElec Will++ Int-2}
166922 | Zig:1    | Entered Level 1 of a ziggurat
166922 | Zig:1    | Noticed a juggernaut
166924 | Zig:1    | Killed a juggernaut
166950 | Zig:2    | Entered Level 2 of a ziggurat
166986 | Zig:2    | Identified the ring of Descent {Wiz rC+}
167038 | Zig:3    | Entered Level 3 of a ziggurat
167041 | Zig:3    | Noticed an ancient lich
167041 | Zig:3    | Noticed a dread lich
167043 | Zig:3    | Killed a dread lich
167043 | Zig:3    | Killed an ancient lich
167083 | Zig:3    | Identified the +8 eveningstar "Sarcophage" {antimagic,
                  | Str+4}
167092 | Zig:4    | Entered Level 4 of a ziggurat
167129 | Zig:4    | Identified the +2 spear "Vurch" {vamp, rF+ rCorr Int+3}
167140 | Zig:5    | Entered Level 5 of a ziggurat
167157 | Zig:5    | Identified the +5 chain mail of the Game of Life {Rampage
                  | rElec Slay+6 Stlth-}
167159 | Zig:5    | Identified the +4 glaive of the Hero {freeze, Str+3}
167196 | Zig:6    | Entered Level 6 of a ziggurat
167196 | Zig:6    | Noticed a juggernaut
167196 | Zig:6    | Noticed a juggernaut
167200 | Zig:6    | Killed a juggernaut
167201 | Zig:6    | Noticed a juggernaut
167201 | Zig:6    | Killed a juggernaut
167205 | Zig:6    | Killed a juggernaut
167253 | Zig:6    | Identified the ring "Kinoudgh" {Str+4 Int+6}
167279 | Zig:6    | Identified the +9 flail of Fortitude {drain, rC- Int+4}
167288 | Zig:7    | Entered Level 7 of a ziggurat
167345 | Zig:7    | Identified the ring "Ytzimol" {rF+ AC+4 Int+3}
167634 | Zig:8    | Entered Level 8 of a ziggurat
167653 | Zig:8    | Identified the +12 falchion of Pabluget {chaos, *Noise rF+
                  | SInv}
167655 | Zig:8    | Identified the ring "Ucvop" {rC+ Str+4 SInv}
167694 | Zig:9    | Entered Level 9 of a ziggurat
167706 | Zig:9    | Noticed an ancient lich
167709 | Zig:9    | Noticed an ancient lich
167710 | Zig:9    | Killed an ancient lich
167711 | Zig:9    | Killed an ancient lich
167730 | Zig:9    | Identified the +3 quarterstaff "Cinoumne" {flame, rElec
                  | rPois rF++ Dex-4}
167731 | Zig:9    | Identified the +9 whip "Nyr Enud" {elec, rF+}
167732 | Zig:9    | Identified the +6 war axe of Tartarus {venom, rPois Stlth+}
167737 | Zig:9    | Identified the +5 ring mail "Tamyadiu" {*Corrode Fly rPois
                  | Slay+5}
167854 | Zig:10   | Entered Level 10 of a ziggurat
167876 | Zig:10   | Found the ring of the Tortoise {AC+8}
167922 | Zig:10   | Identified the ring "Pul Jor" {rF+ Str+6}
167932 | Zig:10   | Identified the +6 chain mail of the Dragon {*Corrode rPois
                  | rC+++ Dex-2}
167958 | Zig:10   | Identified the +0 robe of Impatience {rElec rC- Will-
                  | Int+7}
167962 | Zig:10   | Identified the +4 tower shield of Elyvilon's Inspiration
                  | {Str+3}
167980 | Zig:10   | Acquired a manual of Poison Magic
167983 | Zig:10   | Acquired a manual of Poison Magic
167988 | Zig:11   | Entered Level 11 of a ziggurat
167999 | Zig:11   | Reached skill level 5 in Poison Magic
168023 | Zig:11   | Identified the +0 mace of the Fray {drain, rElec rF+ rN+}
168029 | Zig:11   | Identified the ring "Keoxudath" {Ice rPois Str+3 Dex+4}
168045 | Zig:12   | Entered Level 12 of a ziggurat
168052 | Zig:12   | Reached skill level 10 in Poison Magic
168057 | Zig:12   | Reached skill level 27 in Hexes
168079 | Zig:12   | Identified the +5 ring mail "Voocat" {Fly rPois rF- Str-4}
168105 | Zig:13   | Entered Level 13 of a ziggurat
168115 | Zig:13   | Noticed a dread lich
168116 | Zig:13   | Reached skill level 15 in Poison Magic
168116 | Zig:13   | Killed a dread lich
168146 | Zig:13   | Identified the +2 glaive of Sonkecku {holy, *Rage Fragile
                  | rElec Will+++}
168150 | Zig:13   | Identified the +10 battleaxe "Roiwion" {vorpal, rN+ Str+2}
168153 | Zig:13   | Identified the ring "Fimiffar" {rN+ rCorr MP+9}
168168 | Zig:14   | Entered Level 14 of a ziggurat
168178 | Zig:14   | Noticed a dread lich
168180 | Zig:14   | Noticed an ancient lich
168181 | Zig:14   | Noticed an ancient lich
168182 | Zig:14   | Killed a dread lich
168182 | Zig:14   | Killed an ancient lich
168183 | Zig:14   | Killed an ancient lich
168183 | Zig:14   | Noticed an ancient lich
168183 | Zig:14   | Noticed a dread lich
168183 | Zig:14   | Noticed a dread lich
168184 | Zig:14   | Killed a dread lich
168184 | Zig:14   | Killed a dread lich
168185 | Zig:14   | Killed an ancient lich
168186 | Zig:14   | Noticed a dread lich
168186 | Zig:14   | Killed a dread lich
168187 | Zig:14   | Noticed an ancient lich
168190 | Zig:14   | Killed an ancient lich
168193 | Zig:14   | Noticed an ancient lich
168196 | Zig:14   | Killed an ancient lich
168205 | Zig:14   | Found the +8 demon trident "Rift" {distort, reach+}
168213 | Zig:14   | Identified the +3 scimitar of Ufakok {flame, rElec Will-
                  | Dex+3}
168214 | Zig:14   | Identified the +1 leather armour of the Battered Mouths
                  | {rCorr}
168215 | Zig:14   | Identified the amulet of Yzio {Faith rN+}
168230 | Zig:14   | Identified the ring of Toptibot {Fly rPois rC+ Int+6
                  | Stlth+}
168235 | Zig:14   | Identified the ring "Azamm" {AC+4 Str+4}
168273 | Zig:15   | Entered Level 15 of a ziggurat
168307 | Zig:15   | Found the +9 sword of Zonguldrok {reap}
168384 | Zig:15   | Identified the amulet of Zigg {Reflect +Blink Regen+ SH+5}
168398 | Zig:15   | Identified the +5 spear "Xegga" {drain, Int+3 Dex+2}
168415 | Zig:15   | Identified the +1 robe of Makhleb's Inspiration {Stlth+}
168427 | Zig:16   | Entered Level 16 of a ziggurat
168440 | Zig:16   | Reached skill level 27 in Air Magic
168677 | Zig:16   | Identified the amulet of Piyc {RegenMP MP+9 Slay+6 Stlth-}
168683 | Zig:16   | Identified the +7 hand crossbow "Zueggoz" {venom, rF+ Str-5
                  | Int+5 SInv}
168694 | Zig:16   | Identified the +8 demon whip of the Wizarding Traitor
                  | {protect, Will+ Int+3}
168704 | Zig:16   | Identified the +0 dagger of Verdant Defence {vamp, +Blink
                  | Str+3}
168719 | Zig:17   | Entered Level 17 of a ziggurat
168733 | Zig:17   | Reached skill level 27 in Poison Magic
168733 | Zig:17   | Reached skill level 1 in Slings
168733 | Zig:17   | Reached skill level 1 in Bows
168733 | Zig:17   | Reached skill level 1 in Crossbows
168735 | Zig:17   | Reached skill level 5 in Bows
168735 | Zig:17   | Reached skill level 5 in Crossbows
168736 | Zig:17   | Reached skill level 5 in Slings
168740 | Zig:17   | Found the +7 staff of the Meek {protect, meekguard}
168740 | Zig:17   | Found the +5 sword of Power {vorpal}
168854 | Zig:17   | Identified the ring of Joy {Fly rC+ Will+ Int-3}
168860 | Zig:17   | Identified the +3 robe "Esuoq" {Int+3}
168861 | Zig:17   | Identified the +6 scale mail of the Pear {+Blink Will+
                  | SInv}
168863 | Zig:17   | Identified the +0 pair of gloves "Soggeam" {rCorr Str+2
                  | Stlth+}
168868 | Zig:17   | Identified the amulet of the Voivode {rF+ rC+ Regen+}
168885 | Zig:17   | Identified the +1 ring mail of the Cartwright {rF++ Dex+4}
168893 | Zig:17   | Identified the +1 chain mail of Defiance {rElec MP-9 Str+6
                  | SInv}
168909 | Zig:18   | Entered Level 18 of a ziggurat
168939 | Zig:18   | Reached skill level 10 in Bows
168940 | Zig:18   | Reached skill level 10 in Crossbows
169244 | Zig:19   | Entered Level 19 of a ziggurat
169259 | Zig:19   | Reached skill level 10 in Slings
169380 | Zig:19   | Identified the +5 dagger of Upam {vorpal, Contam rElec
                  | Int+3 Dex+3}
169384 | Zig:19   | Identified the +1 scale mail of Gituashre {Int+3}
169387 | Zig:19   | Identified the +2 hand axe "Wiurexem" {drain, rF+}
169389 | Zig:19   | Identified the +6 morningstar of Rotation {antimagic, rF++}
169399 | Zig:19   | Identified the +1 falchion of Integrity {protect, rF+
                  | Int+6}
169406 | Zig:19   | Identified the +6 morningstar of Upheaval {antimagic,
                  | Fragile rElec Dex+4}
169416 | Zig:19   | Identified the +7 morningstar of a Gauntlet {venom, rC+
                  | Will++ Int-3}
169419 | Zig:20   | Entered Level 20 of a ziggurat
169424 | Zig:20   | Noticed a dread lich
169433 | Zig:20   | Killed a dread lich
169469 | Zig:20   | Reached skill level 15 in Bows
169469 | Zig:20   | Reached skill level 15 in Crossbows
169473 | Zig:20   | Noticed Soudwoedd the pandemonium lord
169478 | Zig:20   | Killed Soudwoedd the pandemonium lord
170053 | Zig:20   | Identified the +2 robe of the Spheres {-Tele rPois Will+
                  | Str+3 Stlth+}
170059 | Zig:20   | Identified the +6 scimitar "Tianoymn" {drain, Str+3 Int+6}
170073 | Zig:21   | Entered Level 21 of a ziggurat
170103 | Zig:21   | Reached skill level 15 in Slings
170109 | Zig:21   | Noticed a dread lich
170113 | Zig:21   | Killed a dread lich
170218 | Zig:21   | Found the +8 whip "Snakebite" {venom, curare, rPois}
170221 | Zig:21   | Found the +9 heavy crossbow "Sniper" {vorpal, Acc+∞ SInv}
170226 | Zig:21   | Identified the ring "Ekimmets" {Will+ Str-3 Dex+6 SInv}
170255 | Zig:21   | Identified the +3 scimitar of the Dungeon {flame, rF+ rN+
                  | Int+2}
170256 | Zig:21   | Identified the ring "Opsetun" {rElec Will+ Str+5 Dex+2}
170286 | Zig:21   | Identified the +7 spear of the Shining Light {venom, rCorr
                  | Int+3}
170374 | Zig:21   | Identified the +12 falchion "Vynyb" {vorpal, *Corrode rElec
                  | rC++ rN+}
170394 | Zig:21   | Acquired 535 gold pieces
170409 | Zig:22   | Entered Level 22 of a ziggurat
170480 | Zig:22   | Identified the +2 ring mail of the Lost Path {rF+++ Str+5
                  | Dex-4}
170481 | Zig:22   | Identified the +1 ring mail "Jeogunki" {SInv}
170492 | Zig:22   | Identified the +9 hunting sling "Heituih" {freeze, Str+4}
170660 | Zig:22   | Identified the +8 hunting sling of Dividends {speed, rC++}
170664 | Zig:23   | Entered Level 23 of a ziggurat
170680 | Zig:23   | Identified the +0 tower shield of Ignis's Displeasure {Harm
                  | rF+ rC+++ rN+}
170682 | Zig:23   | Reached skill level 27 in Maces & Flails
170714 | Zig:23   | Identified the +0 tower shield of Kaerghax {rF+ rC+}
170715 | Zig:23   | Identified the +2 tower shield "Oguupp" {rPois}
171151 | Zig:23   | Found the +8 storm bow {elec, penet}
171182 | Zig:23   | Identified the +1 short sword of Ismub {vorpal, Dex+3}
171215 | Zig:23   | Identified the +2 robe of Pessimism {rPois}
171218 | Zig:23   | Identified the +0 plate armour of Fortification {rCorr}
171242 | Zig:24   | Entered Level 24 of a ziggurat
171513 | Zig:24   | Identified the ring of Life {rPois MP+9 Str+2}
171527 | Zig:24   | Identified the amulet "Ruimeatt" {Faith Dex+6}
171544 | Zig:24   | Identified the ring of Siluz {Will+ Str+4 Dex+3 Slay+4}
171567 | Zig:24   | Identified the +8 battleaxe of Mourning {venom, Str+6 Dex+3
                  | SInv}
171568 | Zig:24   | Identified the +2 robe "Idoin" {rF+}
171572 | Zig:24   | Identified the +10 dagger of the Eggplant {flame, SInv}
171574 | Zig:24   | Identified the +2 quarterstaff "Qaegoix" {speed, rPois
                  | rCorr Str-5 Dex+3}
171581 | Zig:24   | Identified the +7 triple crossbow "Zuax" {venom, Str+5
                  | Dex+2}
171584 | Zig:24   | Identified the +0 falchion of Sloth {speed, Fragile Will+
                  | Int+7}
171609 | Zig:25   | Entered Level 25 of a ziggurat
171615 | Zig:25   | Paralysed by an air elemental for 1 turns
171620 | Zig:25   | Paralysed by an air elemental for 1 turns
171647 | Zig:25   | Reached skill level 27 in Long Blades
171655 | Zig:25   | Found the ring of the Mage {Wiz Archmagi}
172033 | Zig:25   | Identified the ring "Yrphif Vile" {rC+ rN+}
172050 | Zig:25   | Identified the ring of Dop Mora {rF+ rCorr Dex-5 SInv
                  | Stlth+}
172192 | Zig:25   | Identified the +1 robe of Ennui {rF+ rC+}
172193 | Zig:25   | Identified the +7 glaive "Maep" {antimagic, Str+4 Int+4}
172212 | Zig:26   | Entered Level 26 of a ziggurat
172224 | Zig:26   | Noticed a royal mummy
172224 | Zig:26   | Noticed a royal mummy
172226 | Zig:26   | Killed a royal mummy
172226 | Zig:26   | Killed a royal mummy
172226 | Zig:26   | Noticed a royal mummy
172228 | Zig:26   | Noticed a royal mummy
172229 | Zig:26   | Noticed a royal mummy
172229 | Zig:26   | Noticed a royal mummy
172230 | Zig:26   | Killed a royal mummy
172230 | Zig:26   | Noticed a royal mummy
172231 | Zig:26   | Killed a royal mummy
172231 | Zig:26   | Killed a royal mummy
172232 | Zig:26   | Noticed a royal mummy
172235 | Zig:26   | Killed a royal mummy
172235 | Zig:26   | Killed a royal mummy
172235 | Zig:26   | Lost dexterity.
172239 | Zig:26   | Killed a royal mummy
172240 | Zig:26   | Noticed a royal mummy
172242 | Zig:26   | Killed a royal mummy
172242 | Zig:26   | Noticed a royal mummy
172244 | Zig:26   | Killed a royal mummy
172248 | Zig:26   | Noticed a royal mummy
172248 | Zig:26   | Noticed a royal mummy
172248 | Zig:26   | Noticed a royal mummy
172248 | Zig:26   | Noticed a royal mummy
172250 | Zig:26   | Killed a royal mummy
172251 | Zig:26   | Killed a royal mummy
172251 | Zig:26   | Killed a royal mummy
172251 | Zig:26   | Killed a royal mummy
172252 | Zig:26   | Noticed a royal mummy
172255 | Zig:26   | Noticed a royal mummy
172257 | Zig:26   | Killed a royal mummy
172258 | Zig:26   | Noticed a royal mummy
172258 | Zig:26   | Noticed a royal mummy
172260 | Zig:26   | Killed a royal mummy
172260 | Zig:26   | Noticed a royal mummy
172260 | Zig:26   | Killed a royal mummy
172260 | Zig:26   | Lost dexterity.
172261 | Zig:26   | Killed a royal mummy
172263 | Zig:26   | Noticed a royal mummy
172269 | Zig:26   | Noticed a royal mummy
172269 | Zig:26   | Noticed a royal mummy
172269 | Zig:26   | Noticed a royal mummy
172270 | Zig:26   | Noticed a royal mummy
172270 | Zig:26   | Killed a royal mummy
172270 | Zig:26   | Killed a royal mummy
172270 | Zig:26   | Killed a royal mummy
172270 | Zig:26   | Killed a royal mummy
172270 | Zig:26   | Killed a royal mummy
172271 | Zig:26   | Noticed a royal mummy
172271 | Zig:26   | Killed a royal mummy
172271 | Zig:26   | Killed a royal mummy
172271 | Zig:26   | Killed a royal mummy
172273 | Zig:26   | Noticed a royal mummy
172273 | Zig:26   | Noticed a royal mummy
172273 | Zig:26   | Noticed a royal mummy
172273 | Zig:26   | Noticed a royal mummy
172273 | Zig:26   | Noticed a royal mummy
172275 | Zig:26   | Killed a royal mummy
172275 | Zig:26   | Killed a royal mummy
172275 | Zig:26   | Killed a royal mummy
172275 | Zig:26   | Killed a royal mummy
172275 | Zig:26   | Killed a royal mummy
172276 | Zig:26   | Noticed a royal mummy
172276 | Zig:26   | Noticed a royal mummy
172279 | Zig:26   | Killed a royal mummy
172280 | Zig:26   | Killed a royal mummy
172283 | Zig:26   | Noticed a royal mummy
172284 | Zig:26   | Noticed a royal mummy
172293 | Zig:26   | Noticed a royal mummy
172293 | Zig:26   | Noticed a royal mummy
172293 | Zig:26   | Killed a royal mummy
172293 | Zig:26   | Killed a royal mummy
172293 | Zig:26   | Killed a royal mummy
172294 | Zig:26   | Killed a royal mummy
172296 | Zig:26   | Killed a royal mummy
172297 | Zig:26   | Noticed a royal mummy
172298 | Zig:26   | Noticed a royal mummy
172299 | Zig:26   | Noticed a royal mummy
172299 | Zig:26   | Noticed a royal mummy
172300 | Zig:26   | Killed a royal mummy
172300 | Zig:26   | Killed a royal mummy
172300 | Zig:26   | Noticed a royal mummy
172301 | Zig:26   | Killed a royal mummy
172302 | Zig:26   | Killed a royal mummy
172302 | Zig:26   | Killed a royal mummy
172381 | Zig:26   | Identified the +1 helmet of the Amoeba {rElec Stlth+}
172383 | Zig:26   | Identified the +12 great sword "Conservator" {vorpal,
                  | Fragile +Blink rC++ Int+2}
172387 | Zig:26   | Identified the +9 lajatang "Yczor" {venom, *Noise rPois
                  | rCorr SInv}
172393 | Zig:26   | Identified the +11 dagger of the Lamprey {vorpal, rElec rF+
                  | rN+ SInv}
172574 | Zig:27   | Entered Level 27 of a ziggurat
172583 | Zig:27   | Noticed Disifu the pandemonium lord
172584 | Zig:27   | Noticed Jotuem the pandemonium lord
172587 | Zig:27   | Noticed Muis the pandemonium lord
172588 | Zig:27   | Killed Jotuem the pandemonium lord
172588 | Zig:27   | Noticed Silatok the pandemonium lord
172589 | Zig:27   | Killed Disifu the pandemonium lord
172590 | Zig:27   | Noticed Mizir the pandemonium lord
172590 | Zig:27   | Noticed Dylal the pandemonium lord
172590 | Zig:27   | Killed Muis the pandemonium lord
172590 | Zig:27   | Killed Silatok the pandemonium lord
172590 | Zig:27   | Killed Dylal the pandemonium lord
172591 | Zig:27   | Noticed Venoocero the pandemonium lord
172591 | Zig:27   | Noticed Durhi Hea the pandemonium lord
172591 | Zig:27   | Noticed Tuirolal the pandemonium lord
172591 | Zig:27   | Noticed Onoxoos the pandemonium lord
172591 | Zig:27   | Noticed Gamutz the pandemonium lord
172592 | Zig:27   | Killed Mizir the pandemonium lord
172592 | Zig:27   | Noticed Poh Ocinn the pandemonium lord
172594 | Zig:27   | Killed Durhi Hea the pandemonium lord
172594 | Zig:27   | Noticed Xoerrim the pandemonium lord
172594 | Zig:27   | Noticed Orraoxa the pandemonium lord
172595 | Zig:27   | Killed Gamutz the pandemonium lord
172597 | Zig:27   | Killed Onoxoos the pandemonium lord
172597 | Zig:27   | Killed Venoocero the pandemonium lord
172598 | Zig:27   | Killed Xoerrim the pandemonium lord
172598 | Zig:27   | Killed Orraoxa the pandemonium lord
172600 | Zig:27   | Noticed Unokleor the pandemonium lord
172601 | Zig:27   | Killed Poh Ocinn the pandemonium lord
172601 | Zig:27   | Noticed Fori the pandemonium lord
172602 | Zig:27   | Killed Tuirolal the pandemonium lord
172604 | Zig:27   | Killed Fori the pandemonium lord
172604 | Zig:27   | Noticed Quac the pandemonium lord
172606 | Zig:27   | Noticed Ocovabik the pandemonium lord
172607 | Zig:27   | Killed Unokleor the pandemonium lord
172607 | Zig:27   | Killed Quac the pandemonium lord
172608 | Zig:27   | Killed Ocovabik the pandemonium lord
172609 | Zig:27   | Noticed Gyrewucw the pandemonium lord
172609 | Zig:27   | Noticed Zuaf the pandemonium lord
172609 | Zig:27   | Noticed Deuclon the pandemonium lord
172609 | Zig:27   | Noticed Kufaxo the pandemonium lord
172612 | Zig:27   | Killed Kufaxo the pandemonium lord
172612 | Zig:27   | Killed Vothrio the pandemonium lord
172612 | Zig:27   | Noticed Ellyarph Modo the pandemonium lord
172613 | Zig:27   | Noticed Wiedurcha the pandemonium lord
172614 | Zig:27   | Killed Deuclon the pandemonium lord
172614 | Zig:27   | Killed Wiedurcha the pandemonium lord
172614 | Zig:27   | Noticed Osinueti the pandemonium lord
172614 | Zig:27   | Noticed Lappaegi the pandemonium lord
172615 | Zig:27   | Killed Zuaf the pandemonium lord
172615 | Zig:27   | Killed Ellyarph Modo the pandemonium lord
172615 | Zig:27   | Noticed Tatwian the pandemonium lord
172618 | Zig:27   | Noticed Kolueker the pandemonium lord
172618 | Zig:27   | Killed Gyrewucw the pandemonium lord
172618 | Zig:27   | Killed Tatwian the pandemonium lord
172618 | Zig:27   | Noticed Ataddos the pandemonium lord
172619 | Zig:27   | Noticed Lataxtim the pandemonium lord
172619 | Zig:27   | Noticed Ziceazuk the pandemonium lord
172620 | Zig:27   | Killed Osinueti the pandemonium lord
172624 | Zig:27   | Noticed Puosheg the pandemonium lord
172624 | Zig:27   | Noticed Ipnyats the pandemonium lord
172624 | Zig:27   | Noticed Rion the pandemonium lord
172624 | Zig:27   | Noticed Nyreumm the pandemonium lord
172625 | Zig:27   | Killed Ziceazuk the pandemonium lord
172625 | Zig:27   | Killed Puosheg the pandemonium lord
172625 | Zig:27   | Killed Rion the pandemonium lord
172626 | Zig:27   | Killed Lataxtim the pandemonium lord
172626 | Zig:27   | Noticed Homnitu the pandemonium lord
172626 | Zig:27   | Noticed Astuimm the pandemonium lord
172627 | Zig:27   | Killed Ataddos the pandemonium lord
172627 | Zig:27   | Killed Nyreumm the pandemonium lord
172627 | Zig:27   | Noticed Istramot the pandemonium lord
172628 | Zig:27   | Killed Ipnyats the pandemonium lord
172628 | Zig:27   | Killed Lappaegi the pandemonium lord
172628 | Zig:27   | Noticed Likeome the pandemonium lord
172628 | Zig:27   | Noticed Tip Noble the pandemonium lord
172628 | Zig:27   | Noticed Lolur the pandemonium lord
172629 | Zig:27   | Noticed Elygrehi the pandemonium lord
172629 | Zig:27   | Noticed Hobrid the pandemonium lord
172630 | Zig:27   | Killed Lolur the pandemonium lord
172630 | Zig:27   | Killed Tip Noble the pandemonium lord
172630 | Zig:27   | Noticed Vusah the pandemonium lord
172631 | Zig:27   | Killed Istramot the pandemonium lord
172631 | Zig:27   | Noticed Ydodun Xahuq the pandemonium lord
172631 | Zig:27   | Noticed Syegolae the pandemonium lord
172632 | Zig:27   | Noticed Qenit the pandemonium lord
172632 | Zig:27   | Noticed Toeludu the pandemonium lord
172632 | Zig:27   | Noticed Abeymasch the pandemonium lord
172633 | Zig:27   | Killed Kolueker the pandemonium lord
172633 | Zig:27   | Noticed Sets the pandemonium lord
172637 | Zig:27   | Noticed Tucaadajy the pandemonium lord
172637 | Zig:27   | Killed Vusah the pandemonium lord
172639 | Zig:27   | Killed Likeome the pandemonium lord
172639 | Zig:27   | HP: 4/218 [Hobrid the pandemonium lord/lance of force (38)]
172639 | Zig:27   | Killed Homnitu the pandemonium lord
172639 | Zig:27   | Collided with Homnitu

Illustrated notes

Levels and vault maps discovered:
D:1:      dpeg_arrival_court, layout_basic,
          chequers_ecumenical_altar_simple_redux
D:2:      layout_basic, basic_altar
D:3:      layout_rooms, corexii_leaking_fountain, uniq_grinder, uniq_jessica
D:4:      layout_cave_pools, chequers_serial_rivers_large_a
D:5:      layout_layer_cave, gammafunk_temple_overflow_forgotten,
          lemuel_coloured_pillars_altar,
          mainiacjoe_overflow_concentric_impassable, temple_pool_b,
          st_stairs_11, minmay_bent
D:6:      layout_basic, lemuel_zombie_altar_yredelemnul, uniq_duvessa
D:7:      cheibrodos_two_vegetables, layout_basic, enter_bailey_5,
          dk_noncrumbling_4, uniq_crazy_yiuf_cottage
D:8:      layout_gridville
D:9:      dragon1_lemuel, layout_cave_pools, lair_entry_dummy, zombieorc1_lemuel
D:10:     layout_basic, bloody_trog, eino_tiny_chamber,
          kennysheep_big_empty_room, hangedman_decor_growths, uniq_grum
D:11:     layout_rooms, gammafunk_ghost_wrathful_warriors,
          kennysheep_generic_room_8
D:12:     layout_small_grid, wad_mini_maze, uniq_kirke
D:13:     kennysheep_windowed_halls, layout_irregular_city,
          ximxim_vaults_locker_room, minmay_misc_feat_four_crosses,
          chequers_serial_rivers_large_b, laboratory, uniq_josephine
D:14:     layout_rooms, gauntlet_entry_generic, hangedman_decor_riveting
D:15:     gammafunk_depths_entry_grave, layout_rooms, serial_shops, shop,
          nicolae_shop_bloodbath_and_beyond, nicolae_shop_statue_plus,
          nicolae_shop_hallway_plus, uniq_rupert
Temple:   eino_wide_crystal_templ
Lair:1:   layout_loops_ring, lemuel_fruit_tree, serial_bayou_shore_a,
          grunt_megastairs_5
Lair:2:   layout_gridlike, guppyfry_snake_entry_garden, uniq_urug, uniq_nergalle
Lair:3:   cheibrodos_lair_overgrown_chateau, layout_cellular_growth,
          infiniplex_staircase_pool_2, grunt_megastairs_2
Lair:4:   layout_gridlike, minmay_shoals_entry_beasts, uniq_sonja
Lair:5:   layout_loops_ring
Lair:6:   hellmonk_lair_end_abyssal_woods, layout_regular_city, slime_altar_2
Shoals:1: layout_shoals, uniq_nikola
Shoals:2: layout_shoals, gammafunk_ghost_tricky_traps,
          nicolae_shoals_dead_sea_scrolls, uniq_roxanne
Shoals:3: layout_shoals, st_shoals_ruin
Shoals:4: shoals_end_hellmonk_storm_palace [storm_palace_center_square,
          storm_palace_corner_grid, storm_palace_corner_reverse_hut,
          storm_palace_corner_grid, storm_palace_corner_reverse_hut]
Snake:1:  kennysheep_six_static_rooms, layout_layer_cave, special_room
Snake:2:  layout_onion
Snake:3:  layout_misc_corridors, uniq_jorgrun, uniq_mara
Snake:4:  grunt_snake_rune_pools, layout_grid_maze,
          nicolae_snake_dead_anacondas, uniq_aizul
Slime:1:  cheibrodos_slime_lost_civilization_2, layout_caves,
          cheibrodos_slime_lost_civilization_7
Slime:2:  layout_caves
Slime:3:  layout_caves
Slime:4:  layout_caves
Slime:5:  uniq_dissolution
Orc:1:    layout_caves, ebering_ghost_xom
Orc:2:    grunt_orc_cross, layout_caves, basic_altar,
          nicolae_shop_overcharged_wands, uniq_azrael, uniq_maurice
Elf:1:    layout_loops_corners, serial_shops, shop, nicolae_shop_trees,
          minmay_elf_demonology
Elf:2:    elven_hall_of_blades_hangedman_original
          [nicolae_blade_entry_floor_patterns], layout_onion_city, serial_shops,
          nicolae_shop_behind_doors, shop_coins, nicolae_shop_statue_plus
Elf:3:    minmay_elf_hall_curves, layout_geoelf_octagon, serial_shops,
          nicolae_diamond_shop, uniq_bai_suzhen
Vaults:1: hangedman_vaults_cutoff, v_misc_3, nicolae_vaults_little_squares_4,
          vaults_room_grunt_arrival_checkpoint, v_alt_pattern_6,
          grunt_vaults_twisty, serial_ice_h, nicolae_vaults_little_squares_4,
          v_misc_30, vaults_mumra_chevron, layout_vaults_omnigrid, serial_shops,
          shop
Vaults:2: nicolae_vaults_circle_grid_a, st_cross,
          nicolae_vaults_big_angled_halls, ontoclasm_vaults_fault,
          ontoclasm_vaults_chip, nicolae_vaults_network_square,
          nicolae_vaults_little_squares_5, ontoclasm_vaults_tryst,
          layout_vaults_chaotic_city, serial_shops,
          nicolae_shop_overgrown_old_shop, uniq_jory
Vaults:3: portal_desolation_entry_twin_temple, vaults_dpeg_hooks, v_misc_31,
          v_misc_1, ontoclasm_vaults_gateway, nicolae_vaults_back_hallway,
          nicolae_vaults_little_ls, nicolae_vaults_little_squares_2,
          vaults_room_pools, minmay_crypt_entry_simple_round,
          ontoclasm_vaults_ring_large, nicolae_vaults_diagonal_hallway_6,
          special_room_vaults [special_room_orc], layout_vaults_ring,
          serial_shops, nicolae_square_shop
Vaults:4: v_misc_5, hangedman_vaults_pinch, hangedman_vaults_river_flow,
          hangedman_vaults_locks, nicolae_vaults_little_squares_1, v_misc_2,
          v_alt_pattern_1, grunt_vaults_funnel, v_misc_16,
          nicolae_vaults_circle_grid_b, v_misc_8,
          nicolae_vaults_little_squares_2, layout_vaults_omnibox
Vaults:5: uniq_mennas, uniq_saint_roka
Crypt:1:  layout_gridlike, minicrypt_bobbens, grunt_crypt_arrival_webbed,
          grunt_megastairs_4
Crypt:2:  layout_chaotic_city, uniq_margery, uniq_frederick
Crypt:3:  grunt_crypt_end_deaths_head
Tomb:1
Tomb:2
Tomb:3
Depths:1: layout_cave_pools, serial_shops, shop, hell_entry,
          nrook_kobold_shadow_demons, serial_bayou_shore_b
Depths:2: regret_index_qazlal_generations, layout_honeycomb,
          rand_demon_pan_entry_9, minmay_misc_feat_square,
          grunt_hell_entry_dis_grunt, uniq_enchantress
Depths:3: minmay_ambush_box, layout_gridlike, enter_ziggurat_c,
          grunt_pan_entry_sceptre, abyss_entry, serial_shops,
          nicolae_take_the_stairs, minmay_staircase_windowed_large, hell_entry,
          grunt_potential
Depths:4: grunt_zot_entry_bicorn, layout_honeycomb, pan_entry,
          pf_hell_entry_tar_spiral, abyss_entry_flame_altar,
          infiniplex_staircase_pool_lava, minmay_shop_star
Hell
Dis:1:    layout_gridville
Dis:2:    layout_subdivisions
Dis:3:    layout_gridville
Dis:4:    hangedman_dis_decor_blocks_crown, layout_jigsaw,
          nicolae_hells_seeping_fissure
Dis:5:    layout_subdivisions, hangedman_dis_chains
Dis:6:    layout_jigsaw
Dis:7:    dis_hangedman
Geh:1:    layout_gehenna_pools_box, nicolae_geh_sunburst
Geh:2:    layout_gehenna_lava_caves
Geh:3:    layout_gehenna_lava_caves, nicolae_geh_lava_in_the_way
Geh:4:    layout_gehenna_lava_caves
Geh:5:    layout_gehenna_pools_box, nicolae_geh_lava_lounge
Geh:6:    layout_gehenna_pools_basic
Geh:7:    evilmike_geh
Coc:1:    layout_cocytus_delve
Coc:2:    layout_ice_bergs
Coc:3:    layout_ice_bergs
Coc:4:    layout_ice_bergs
Coc:5:    layout_ice_bergs
Coc:6:    layout_ice_bergs, nicolae_coc_melting_block
Coc:7:    coc_hangedman
Tar:1:    layout_grid_maze
Tar:2:    layout_grid_maze
Tar:3:    layout_honeycomb
Tar:4:    hangedman_tartarus_temple_path, layout_cathedral_of_symmetry
Tar:5:    layout_grid_maze
Tar:6:    layout_grid_maze
Tar:7:    tar_grunt_cathedral
Zot:1:    layout_misc_corridors
Zot:2:    layout_cathedral_of_symmetry, skrybe_zot_glass_1, grunt_megastairs_3
Zot:3:    layout_gridlike
Zot:4:    layout_gridlike, door_vault
Zot:5:    layout_cathedral_of_symmetry, grunt_ministairs_12
Zig:27:   ziggurat_pillar_centre_dead_trees, ziggurat_pillar_centre_dead_trees,
          ziggurat_pillar_centre_dead_trees, ziggurat_pillar_centre_dead_trees

Skill      XL: |  1  2  3  4  5  6  7  8  9 10 11 12 13 14 15 16 17 18 19 20 21 22 23 24 25 26 27 |
---------------+----------------------------------------------------------------------------------+-----
Transmutations | 1 2 3 27 | 27.0
Fighting       | 1 2 3 5 6 8 9 10 11 12 13 14 15 16 17 18 19 20 27 | 27.0
Earth Magic    | 4 5 6 7 8 9 10 11 12 13 14 15 16 17 18 19 21 27 | 27.0
Armour         | 1 2 3 5 6 7 8 9 10 11 12 13 14 15 27 | 27.0
Conjurations   | 1 2 3 4 5 6 7 8 9 10 11 12 14 15 17 18 27 | 27.0
Spellcasting   | 3 4 5 7 8 9 10 11 13 14 15 16 18 19 20 21 22 27 | 27.0
Shields        | 4 7 9 10 12 13 14 15 16 17 18 27 | 27.0
Fire Magic     | 2 4 6 7 8 10 13 15 17 27 | 27.0
Necromancy     | 3 5 6 27 | 27.0
Dodging        | 3 27 | 27.0
Stealth        | 3 27 | 27.0
Ice Magic      | 27 | 27.0
Short Blades   | 27 | 27.0
Axes           | 27 | 27.0
Evocations     | 27 | 27.0
Staves         | 27 | 27.0
Long Blades    | 27 | 27.0
Maces & Flails | 27 | 27.0
Unarmed Combat | 27 | 27.0
Polearms       | 26 | 26.5
Invocations    | 27 | 27.0
Hexes          | 27 | 27.0
Air Magic      | 27 | 27.0
Poison Magic   | 27 | 27.0
Throwing       | 27 | 27.0
Slings         | 24 | 24.1
Bows           | 24 | 24.6
Crossbows      | 24 | 24.9

Action                   |  1- 3 |  4- 6 |  7- 9 | 10-12 | 13-15 | 16-18 | 19-21 | 22-24 | 25-27 || total
-------------------------+-------+-------+-------+-------+-------+-------+-------+-------+-------++-------
Melee: Unarmed           |     3 |       |     2 |       |       |       |       |       |       ||     5
       Dagger            |    54 |    94 |   107 |    91 |       |       |       |       |       ||   346
       Punch             |     1 |     1 |     1 |     1 |       |       |       |       |       ||     4
       Whip              |     1 |       |       |       |       |       |       |       |       ||     1
       Rapier            |       |    47 |    61 |       |       |       |       |       |       ||   108
       Hand axe          |       |       |       |   198 |    47 |       |       |       |       ||   245
       Short sword       |       |       |       |    84 |   128 |       |       |     4 |  1482 ||  1698
       Scimitar          |       |       |       |       |     9 |       |       |       |       ||     9
       Long sword        |       |       |       |       |   237 |   211 |   184 |       |       ||   632
       Falchion          |       |       |       |       |       |       |    15 |   123 |       ||   138
       Broad axe         |       |       |       |       |       |       |       |       |    21 ||    21
Throw: Throwing net      |       |       |       |       |       |       |       |       |     1 ||     1
 Cast: Sandblast         |    30 |    36 |    60 |    26 |    28 |    20 |       |     5 |       ||   205
       Stone Arrow       |     1 |       |    58 |   134 |   117 |    13 |       |       |     1 ||   324
       Passwall          |       |     2 |     1 |     1 |       |       |     2 |       |    10 ||    16
       Mephitic Cloud    |       |       |       |    39 |    74 |    32 |     3 |       |       ||   148
       Freezing Cloud    |       |       |       |     4 |    14 |    78 |    97 |    26 |    57 ||   276
       Iron Shot         |       |       |       |       |   111 |   249 |   259 |   223 |   949 ||  1791
       Olgreb's Toxic Ra |       |       |       |       |    35 |    69 |    22 |       |       ||   126
       Borgnjor's Vile C |       |       |       |       |       |   126 |   325 |   174 |  1136 ||  1761
       Swiftness         |       |       |       |       |       |     2 |     1 |     4 |     8 ||    15
       Starburst         |       |       |       |       |       |    13 |     5 |       |       ||    18
       Lehudib's Crystal |       |       |       |       |       |       |    19 |    18 |   225 ||   262
       Ignition          |       |       |       |       |       |       |       |    52 |   725 ||   777
       Shatter           |       |       |       |       |       |       |       |    43 |  1119 ||  1162
       Fire Storm        |       |       |       |       |       |       |       |       |  1354 ||  1354
       Necromutation     |       |       |       |       |       |       |       |       |   371 ||   371
       Ozocubu's Refrige |       |       |       |       |       |       |       |       |   159 ||   159
       Polar Vortex      |       |       |       |       |       |       |       |       |    24 ||    24
       Death's Door      |       |       |       |       |       |       |       |       |     5 ||     5
 Abil: End Transformatio |       |       |       |       |       |       |       |       |   126 ||   126
Evoke: Wand              |       |       |     2 |     3 |       |       |       |       |    13 ||    18
       Figurine of a zig |       |       |       |       |       |       |       |       |     5 ||     5
       Condenser vane    |       |       |       |       |       |       |       |       |     5 ||     5
       Phantom mirror    |       |       |       |       |       |       |       |       |     1 ||     1
  Use: Scroll            |       |       |     5 |    10 |    15 |    11 |     1 |     4 |    82 ||   128
       Potion            |       |       |       |     3 |     3 |     1 |     1 |     2 |   262 ||   272
 Stab: Sleeping          |     2 |     2 |     7 |    11 |     3 |     1 |     4 |       |     1 ||    31
       Confused          |       |       |       |    16 |    33 |     9 |       |       |       ||    58
       Distracted        |       |       |       |       |       |       |       |       |     2 ||     2
       Held in net/web   |       |       |       |       |       |       |       |       |     2 ||     2
       Paralysed         |       |       |       |       |       |       |       |       |     2 ||     2
Armor: Robe              |    29 |    76 |    47 |       |     1 |   193 |   214 |   155 |  1854 ||  2569
       Ring mail         |       |       |    78 |   275 |   360 |    90 |       |       |       ||   803
       Skin              |       |       |     1 |       |       |       |       |       |       ||     1
       Crystal plate arm |       |       |       |       |       |       |       |       |   755 ||   755
Dodge: Dodged            |    56 |   123 |   136 |   217 |   319 |   230 |   130 |   107 |  1116 ||  2434
Block: Buckler           |       |       |       |   106 |   278 |   151 |       |       |       ||   535
       Kite shield       |       |       |       |       |       |   192 |   191 |   345 |       ||   728
       Tower shield      |       |       |       |       |       |       |   252 |    28 |  5328 ||  5608
       Reflection        |       |       |       |       |       |       |       |    11 |   329 ||   340
